Workbook
Name ______xlnm._FilterDatabase: "#REF!"
Name ____xlnm._FilterDatabase: "#REF!"
Name ___INDEX_SHEET___ASAP_Utilities: #REF!
Name ___xlnm._FilterDatabase: #N/A
Name __xlnm._FilterDatabase_1: #REF!
Name _1__123Graph_Aｸﾞﾗﾌ_7_1: #REF!
Name _112233_1: #REF!
Name _112277_1: #REF!
Name _12__123Graph_BCHART_5_1: "[.#REF!1]mex95ib!#ref!"
Name _1222_1: #REF!
Name _13__123Graph_Bｸﾞﾗﾌ_7_1: #REF!
Name _14__123Graph_Cｸﾞﾗﾌ_7_1: #REF!
Name _15__123Graph_Dｸﾞﾗﾌ_7_1: #REF!
Name _16__123Graph_Eｸﾞﾗﾌ_7_1: #REF!
Name _17__123Graph_Fｸﾞﾗﾌ_7_1: #REF!
Name _21_1: #REF!
Name _25_1: #REF!
Name _29_1: #REF!
Name _456_1: "{0;#n/a,FALSE,0;0,#n/a,FALSE,0;0,#n/a,FALSE,0;0,#n/a,FALSE,0;0,#n/a,FALSE,0;0,#n/a,FALSE,0}"
Name _AMAZONAS: #REF!
Name _amazonas_: #REF!
Name _ANTIOQUIA: #REF!
Name _ARAUCA: #REF!
Name _ATLANTICO: #REF!
Name _BOGOTADC: #REF!
Name _BOLIVAR: #REF!
Name _BOYACA: #REF!
Name _CALDAS: #REF!
Name _CAQUETA: #REF!
Name _CASANARE: #REF!
Name _CAUCA: #REF!
Name _CESAR: #REF!
Name _CHOCO: #REF!
Name _CORDOBA: #REF!
Name _CUNDINAMARCA: #REF!
Name _Fill_1: #REF!
Name _FilterDatabase_1: "'info experiencia'!#ref!"
Name _FilterDatabase_3: #REF!
Name _ftn1: "'formato cotización'!#ref!"
Name _ftn2: "'formato cotización'!#ref!"
Name _ftn3: "'formato cotización'!#ref!"
Name _ftnref1: "'formato cotización'!#ref!"
Name _ftnref2: "'formato cotización'!#ref!"
Name _ftnref3: "'formato cotización'!#ref!"
Name _GUAINIA: #REF!
Name _GUAVIARE: #REF!
Name _HUILA: #REF!
Name _LAGUAJIRA: #REF!
Name _MAGDALENA: #REF!
Name _META: #REF!
Name _NARIÑO: #REF!
Name _NORTEDESANTANDER: #REF!
Name _PUTUMAYO: #REF!
Name _QUINDIO: #REF!
Name _RISARALDA: #REF!
Name _SANANDRES: #REF!
Name _SANTANDER: #REF!
Name _SUCRE: #REF!
Name _TOLIMA: #REF!
Name _UDS3: #REF!

Sheet 02. ANÁLISIS FINAL
M1: =+I8/5 -> 14284383
W2: PERT SIN PROMEDIO PERO CON ARMONICA | AC2: PERT CON PROMEDIO
AF3: =5/30 -> 0.16666667 | AG3: =AF3+5 -> 5.1666667 | AH3: =AG3*30 -> 155 | AI3: DÍAS
A4: DOCUMENTO DE VALIDACIÓN DE PRECIOS DE REFERENCIA | L4: VALORES UNITARIOS | P4: VALORES TOTALES
A5: CONSOLIDADO DE COTIZACIONES | D5: 1. JFS CONSULTORES SAS 25/04/2025 | E5: 2. 3B PROYECTOS S A S 24/04/2025 | F5: 3. VCO S.A.S 25/04/2025 | G5: 4. INCOLTA INTERVENTORÍAS Y CONSULTORÍAS S.A.S. 25/04/2025 | H5: 5. OLI CONSULTING 24/04/2025 | I5: 6. No. SED-CM-A-DSA-063-2024 ALIANZA INTEGRAL DE PROYECTOS SAS + INDEXACIÓN 5,20% 2024 | K5: PROMEDIO | L5: MEDIANA | M5: MEDIA GEOMETRICA | N5: MEDIA ARMONICA | O5: PROMEDIO | P5: MEDIANA | Q5: MEDIA GEOMETRICA | R5: MEDIA ARMONICA | X5: ESTIMACIÓN DEL PRESUPUESTO MEDIANTE METODOLOGÍA PERT 2025 5 meses 5 dias | AC5: ESTIMACIÓN DEL PRESUPUESTO MEDIANTE METODOLOGÍA PERT | AF5: ESTIMACIÓN DEL PRESUPUESTO MEDIANTE METODOLOGÍA PERT 2026 (12 meses) | AK5: ESTIMACIÓN DEL PRESUPUESTO MEDIANTE METODOLOGÍA PERT 2027 (12 meses)
A6: N° | B6: Descripción Personal Requerido (Ver Anexo Técnico Numeral 13 y 14) | C6: Personal Requerido | D6: Valor total | E6: Valor total | F6: Valor total | G6: Valor total | H6: Valor total | I6: Valor total | K6: VALOR UNITARIO ANTES DE IVA | L6: VALOR UNITARIO ANTES DE IVA | M6: VALOR UNITARIO ANTES DE IVA | N6: VALOR UNITARIO ANTES DE IVA | O6: VALOR TOTAL | P6: VALOR TOTAL | Q6: VALOR TOTAL | R6: VALOR TOTAL | V6: MENOR | X6: Valor total | Y6: Valor total | AA6: MENOR | AC6: VALOR UNITARIO INCUIDO IVA | AD6: VALOR TOTAL INCUIDO IVA | AF6: vr. Mes | AG6: incremento 3% | AH6: Vr. Mes con incremento | AI6: VALOR TOTAL * 12 meses | AK6: vr. Mes | AL6: incremento 3% | AM6: Vr. Mes con incremento | AN6: VALOR TOTAL * 12 meses
A7: 1. COSTOS DIRECTOS DE RECURSO HUMANO MÍNIMO REQUERIDO
A8: 1.1. | B8: DIRECTOR DE INTERVENTORIA | C8: 1 | D8: 89958000 | E8: 96638535 | F8: 67721716 | G8: 86856000 | H8: 76177365 | I8: =67891554.5*5.2%+67891554.5 -> 71421915 | K8: =AVERAGE(#REF!,#REF!,#REF!,#REF!,#REF!,#REF!) -> #REF! | L8: =+MEDIAN(#REF!,#REF!,#REF!,#REF!,#REF!,#REF!) -> #REF! | M8: =GEOMEAN(#REF!,#REF!,#REF!,#REF!,#REF!,#REF!) -> #REF! | N8: =HARMEAN(#REF!,#REF!,#REF!,#REF!,#REF!,#REF!) -> #REF! | O8: =AVERAGE(D8,E8,F8,G8,H8,I8) -> 81462255 | P8: =MEDIAN(D8,E8,F8,G8,H8,I8) -> 81516682 | Q8: =GEOMEAN(D8,E8,F8,G8,H8,I8) -> 80797122 | R8: =HARMEAN(D8,E8,F8,G8,H8,I8) -> 80136421 | V8: =MIN(P8:R8) -> 80136421 | X8: =+((MIN(P8:R8)*3)+SMALL(P8:R8,2)+SMALL(P8:R8,3))/5 -> 80544614 | Y8: =ROUND((X8*C8),0) -> 80544614 | AA8: =MIN(O8:Q8) -> 80797122 | AC8: =+((MIN(O8:Q8)*3)+SMALL(O8:Q8,2)+SMALL(O8:Q8,3))/5 -> 81074061 | AD8: =ROUND((AC8*C8),0) -> 81074061 | AF8: =ROUND((+Y8/155)*30,0) -> 15589280 | AG8: =ROUND((+AF8*3%),0) -> 467678 | AH8: =ROUND((+AF8+AG8),0) -> 16056958 | AI8: =ROUNDUP((+AH8*12),0) -> 192683496 | AK8: =(+AI8/360)*30 -> 16056958 | AL8: =ROUND((+AK8*3%),0) -> 481709 | AM8: =ROUND((+AK8+AL8),0) -> 16538667 | AN8: =ROUND((+AM8*12),0) -> 198464004
A9: 1.2. | B9: COORDINADOR ADMINISTRATIVO Y FINANCIERO | C9: 1 | D9: 44462000 | E9: 75700179 | F9: 56434764 | G9: 70570500 | H9: 48112020 | I9: =59250053.5*5.2%+59250053.5 -> 62331056 | K9: =AVERAGE(#REF!,#REF!,#REF!,#REF!,#REF!,#REF!) -> #REF! | L9: =+MEDIAN(#REF!,#REF!,#REF!,#REF!,#REF!,#REF!) -> #REF! | M9: =GEOMEAN(#REF!,#REF!,#REF!,#REF!,#REF!,#REF!) -> #REF! | N9: =HARMEAN(#REF!,#REF!,#REF!,#REF!,#REF!,#REF!) -> #REF! | O9: =AVERAGE(D9,E9,F9,G9,H9,I9) -> 59601753 | P9: =MEDIAN(D9,E9,F9,G9,H9,I9) -> 59382910 | Q9: =GEOMEAN(D9,E9,F9,G9,H9,I9) -> 58528714 | R9: =HARMEAN(D9,E9,F9,G9,H9,I9) -> 57460741 | V9: =MIN(P9:R9) -> 57460741 | X9: =+((MIN(P9:R9)*3)+SMALL(P9:R9,2)+SMALL(P9:R9,3))/5 -> 58058770 | Y9: =ROUND((X9*C9),0) -> 58058770 | AA9: =MIN(O9:Q9) -> 58528714 | AC9: =+((MIN(O9:Q9)*3)+SMALL(O9:Q9,2)+SMALL(O9:Q9,3))/5 -> 58914161 | AD9: =ROUND((AC9*C9),0) -> 58914161 | AF9: =ROUND((+Y9/155)*30,0) -> 11237181 | AG9: =ROUND((+AF9*3%),0) -> 337115 | AH9: =ROUND((+AF9+AG9),0) -> 11574296 | AI9: =ROUNDUP((+AH9*12),0) -> 138891552 | AK9: =(+AI9/360)*30 -> 11574296 | AL9: =ROUND((+AK9*3%),0) -> 347229 | AM9: =ROUND((+AK9+AL9),0) -> 11921525 | AN9: =ROUND((+AM9*12),0) -> 143058300
A10: 1.3. | B10: COORDINADOR OPERATIVO | C10: 1 | D10: 54285000 | E10: 94218857 | F10: 52672446 | G10: 70570500 | H10: 48112020 | I10: =57981847*5.2%+57981847 -> 60996903 | K10: =AVERAGE(#REF!,#REF!,#REF!,#REF!,#REF!,#REF!) -> #REF! | L10: =+MEDIAN(#REF!,#REF!,#REF!,#REF!,#REF!,#REF!) -> #REF! | M10: =GEOMEAN(#REF!,#REF!,#REF!,#REF!,#REF!,#REF!) -> #REF! | N10: =HARMEAN(#REF!,#REF!,#REF!,#REF!,#REF!,#REF!) -> #REF! | O10: =AVERAGE(D10,E10,F10,G10,H10,I10) -> 63475954 | P10: =MEDIAN(D10,E10,F10,G10,H10,I10) -> 57640952 | Q10: =GEOMEAN(D10,E10,F10,G10,H10,I10) -> 61815534 | R10: =HARMEAN(D10,E10,F10,G10,H10,I10) -> 60380719 | V10: =MIN(P10:R10) -> 57640952 | X10: =+((MIN(P10:R10)*3)+SMALL(P10:R10,2)+SMALL(P10:R10,3))/5 -> 59023821 | Y10: =ROUND((X10*C10),0) -> 59023821 | AA10: =MIN(O10:Q10) -> 57640952 | AC10: =+((MIN(O10:Q10)*3)+SMALL(O10:Q10,2)+SMALL(O10:Q10,3))/5 -> 59642868 | AD10: =ROUND((AC10*C10),0) -> 59642868 | AF10: =ROUND((+Y10/155)*30,0) -> 11423965 | AG10: =ROUND((+AF10*3%),0) -> 342719 | AH10: =ROUND((+AF10+AG10),0) -> 11766684 | AI10: =ROUNDUP((+AH10*12),0) -> 141200208 | AK10: =(+AI10/360)*30 -> 11766684 | AL10: =ROUND((+AK10*3%),0) -> 353001 | AM10: =ROUND((+AK10+AL10),0) -> 12119685 | AN10: =ROUND((+AM10*12),0) -> 145436220
A11: 1.4. | B11: COORDINADOR TÉCNICO | C11: 1 | D11: 37224000 | E11: 79978427 | F11: 52672446 | G11: 70570500 | H11: 48112020 | I11: =57981847*5.2%+57981847 -> 60996903 | K11: =AVERAGE(#REF!,#REF!,#REF!,#REF!,#REF!,#REF!) -> #REF! | L11: =+MEDIAN(#REF!,#REF!,#REF!,#REF!,#REF!,#REF!) -> #REF! | M11: =GEOMEAN(#REF!,#REF!,#REF!,#REF!,#REF!,#REF!) -> #REF! | N11: =HARMEAN(#REF!,#REF!,#REF!,#REF!,#REF!,#REF!) -> #REF! | O11: =AVERAGE(D11,E11,F11,G11,H11,I11) -> 58259049 | P11: =MEDIAN(D11,E11,F11,G11,H11,I11) -> 56834675 | Q11: =GEOMEAN(D11,E11,F11,G11,H11,I11) -> 56484245 | R11: =HARMEAN(D11,E11,F11,G11,H11,I11) -> 54693451 | V11: =MIN(P11:R11) -> 54693451 | X11: =+((MIN(P11:R11)*3)+SMALL(P11:R11,2)+SMALL(P11:R11,3))/5 -> 55479855 | Y11: =ROUND((X11*C11),0) -> 55479855 | AA11: =MIN(O11:Q11) -> 56484245 | AC11: =+((MIN(O11:Q11)*3)+SMALL(O11:Q11,2)+SMALL(O11:Q11,3))/5 -> 56909292 | AD11: =ROUND((AC11*C11),0) -> 56909292 | AF11: =ROUND((+Y11/155)*30,0) -> 10738036 | AG11: =ROUND((+AF11*3%),0) -> 322141 | AH11: =ROUND((+AF11+AG11),0) -> 11060177 | AI11: =ROUNDUP((+AH11*12),0) -> 132722124 | AK11: =(+AI11/360)*30 -> 11060177 | AL11: =ROUND((+AK11*3%),0) -> 331805 | AM11: =ROUND((+AK11+AL11),0) -> 11391982 | AN11: =ROUND((+AM11*12),0) -> 136703784
A12: 1.5. | B12: ANALISTA DE SEGURIDAD | C12: 1 | D12: 44462000 | E12: 89309986 | F12: 33860858 | G12: 65142000 | H12: 40093350 | I12: =45456713.5*5.2%+45456713.5 -> 47820463 | K12: =AVERAGE(#REF!,#REF!,#REF!,#REF!,#REF!,#REF!) -> #REF! | L12: =+MEDIAN(#REF!,#REF!,#REF!,#REF!,#REF!,#REF!) -> #REF! | M12: =GEOMEAN(#REF!,#REF!,#REF!,#REF!,#REF!,#REF!) -> #REF! | N12: =HARMEAN(#REF!,#REF!,#REF!,#REF!,#REF!,#REF!) -> #REF! | O12: =AVERAGE(D12,E12,F12,G12,H12,I12) -> 53448109 | P12: =MEDIAN(D12,E12,F12,G12,H12,I12) -> 46141231 | Q12: =GEOMEAN(D12,E12,F12,G12,H12,I12) -> 50604487 | R12: =HARMEAN(D12,E12,F12,G12,H12,I12) -> 48221775 | V12: =MIN(P12:R12) -> 46141231 | X12: =+((MIN(P12:R12)*3)+SMALL(P12:R12,2)+SMALL(P12:R12,3))/5 -> 47449991 | Y12: =ROUND((X12*C12),0) -> 47449991 | AA12: =MIN(O12:Q12) -> 46141231 | AC12: =+((MIN(O12:Q12)*3)+SMALL(O12:Q12,2)+SMALL(O12:Q12,3))/5 -> 48495258 | AD12: =ROUND((AC12*C12),0) -> 48495258 | AF12: =ROUND((+Y12/155)*30,0) -> 9183869 | AG12: =ROUND((+AF12*3%),0) -> 275516 | AH12: =ROUND((+AF12+AG12),0) -> 9459385 | AI12: =ROUNDUP((+AH12*12),0) -> 113512620 | AK12: =(+AI12/360)*30 -> 9459385 | AL12: =ROUND((+AK12*3%),0) -> 283782 | AM12: =ROUND((+AK12+AL12),0) -> 9743167 | AN12: =ROUND((+AM12*12),0) -> 116918004
A13: 1.6. | B13: ABOGADO | C13: 0.5 | D13: 22231000 | E13: 39057431 | F13: 20692747 | G13: 37999500 | H13: 12028005 | I13: =38077677*5.2%+38077677 -> 40057716 | K13: =AVERAGE(#REF!,#REF!,#REF!,#REF!,#REF!,#REF!) -> #REF! | L13: =+MEDIAN(#REF!,#REF!,#REF!,#REF!,#REF!,#REF!) -> #REF! | M13: =GEOMEAN(#REF!,#REF!,#REF!,#REF!,#REF!,#REF!) -> #REF! | N13: =HARMEAN(#REF!,#REF!,#REF!,#REF!,#REF!,#REF!) -> #REF! | O13: =AVERAGE(D13,E13,F13,G13,H13,I13) -> 28677733 | P13: =MEDIAN(D13,E13,F13,G13,H13,I13) -> 30115250 | Q13: =GEOMEAN(D13,E13,F13,G13,H13,I13) -> 26273812 | R13: =HARMEAN(D13,E13,F13,G13,H13,I13) -> 23684420 | V13: =MIN(P13:R13) -> 23684420 | X13: =+((MIN(P13:R13)*3)+SMALL(P13:R13,2)+SMALL(P13:R13,3))/5 -> 25488465 | Y13: =ROUND((X13*C13),0) -> 12744232 | AA13: =MIN(O13:Q13) -> 26273812 | AC13: =+((MIN(O13:Q13)*3)+SMALL(O13:Q13,2)+SMALL(O13:Q13,3))/5 -> 27522884 | AD13: =ROUND((AC13*C13),0) -> 13761442 | AF13: =ROUND((+Y13/155)*30,0) -> 2466626 | AG13: =ROUND((+AF13*3%),0) -> 73999 | AH13: =ROUND((+AF13+AG13),0) -> 2540625 | AI13: =ROUNDUP((+AH13*12),0) -> 30487500 | AK13: =(+AI13/360)*30 -> 2540625 | AL13: =ROUND((+AK13*3%),0) -> 76219 | AM13: =ROUND((+AK13+AL13),0) -> 2616844 | AN13: =ROUND((+AM13*12),0) -> 31402128
A14: 1.7. | B14: SUPERVISORES OPERATIVOS (13) | C14: 1 | D14: 295724000 | E14: 663927214 | F14: 256004839 | G14: 635134500 | H14: 338788808 | I14: =291617612*5.2%+291617612 -> 3.0678173e+08 | K14: =AVERAGE(#REF!,#REF!,#REF!,#REF!,#REF!,#REF!) -> #REF! | L14: =+MEDIAN(#REF!,#REF!,#REF!,#REF!,#REF!,#REF!) -> #REF! | M14: =GEOMEAN(#REF!,#REF!,#REF!,#REF!,#REF!,#REF!) -> #REF! | N14: =HARMEAN(#REF!,#REF!,#REF!,#REF!,#REF!,#REF!) -> #REF! | O14: =AVERAGE(D14,E14,F14,G14,H14,I14) -> 4.1606018e+08 | P14: =MEDIAN(D14,E14,F14,G14,H14,I14) -> 3.2278527e+08 | Q14: =GEOMEAN(D14,E14,F14,G14,H14,I14) -> 3.8620087e+08 | R14: =HARMEAN(D14,E14,F14,G14,H14,I14) -> 3.6188824e+08 | V14: =MIN(P14:R14) -> 3.2278527e+08 | X14: =+((MIN(P14:R14)*3)+SMALL(P14:R14,2)+SMALL(P14:R14,3))/5 -> 3.4328898e+08 | Y14: =ROUND((X14*C14),0) -> 343288982 | AA14: =MIN(O14:Q14) -> 3.2278527e+08 | AC14: =+((MIN(O14:Q14)*3)+SMALL(O14:Q14,2)+SMALL(O14:Q14,3))/5 -> 3.5412337e+08 | AD14: =ROUND((AC14*C14),0) -> 354123370 | AF14: =ROUND((+Y14/155)*30,0) -> 66443029 | AG14: =ROUND((+AF14*3%),0) -> 1993291 | AH14: =ROUND((+AF14+AG14),0) -> 68436320 | AI14: =ROUNDUP((+AH14*12),0) -> 821235840 | AK14: =(+AI14/360)*30 -> 68436320 | AL14: =ROUND((+AK14*3%),0) -> 2053090 | AM14: =ROUND((+AK14+AL14),0) -> 70489410 | AN14: =ROUND((+AM14*12),0) -> 845872920
A15: 1.8. | B15: SUPERVISORES TÉCNICOS(13) | C15: 1 | D15: 282282000 | E15: 621205092 | F15: 264114693 | G15: 635134500 | H15: 342437302 | I15: =296377438.5*5.2%+296377438.5 -> 3.1178907e+08 | K15: =AVERAGE(#REF!,#REF!,#REF!,#REF!,#REF!,#REF!) -> #REF! | L15: =+MEDIAN(#REF!,#REF!,#REF!,#REF!,#REF!,#REF!) -> #REF! | M15: =GEOMEAN(#REF!,#REF!,#REF!,#REF!,#REF!,#REF!) -> #REF! | N15: =HARMEAN(#REF!,#REF!,#REF!,#REF!,#REF!,#REF!) -> #REF! | O15: =AVERAGE(D15,E15,F15,G15,H15,I15) -> 4.0949378e+08 | P15: =MEDIAN(D15,E15,F15,G15,H15,I15) -> 3.2711318e+08 | Q15: =GEOMEAN(D15,E15,F15,G15,H15,I15) -> 3.8268056e+08 | R15: =HARMEAN(D15,E15,F15,G15,H15,I15) -> 3.6056449e+08 | V15: =MIN(P15:R15) -> 3.2711318e+08 | X15: =+((MIN(P15:R15)*3)+SMALL(P15:R15,2)+SMALL(P15:R15,3))/5 -> 3.4491692e+08 | Y15: =ROUND((X15*C15),0) -> 344916920 | AA15: =MIN(O15:Q15) -> 3.2711318e+08 | AC15: =+((MIN(O15:Q15)*3)+SMALL(O15:Q15,2)+SMALL(O15:Q15,3))/5 -> 3.5470278e+08 | AD15: =ROUND((AC15*C15),0) -> 354702777 | AF15: =ROUND((+Y15/155)*30,0) -> 66758114 | AG15: =ROUND((+AF15*3%),0) -> 2002743 | AH15: =ROUND((+AF15+AG15),0) -> 68760857 | AI15: =ROUNDUP((+AH15*12),0) -> 825130284 | AK15: =(+AI15/360)*30 -> 68760857 | AL15: =ROUND((+AK15*3%),0) -> 2062826 | AM15: =ROUND((+AK15+AL15),0) -> 70823683 | AN15: =ROUND((+AM15*12),0) -> 849884196
A16: 1.9. | B16: ANALISTA DE DATOS | C16: 1 | D16: 10081500 | E16: 21099238 | F16: 26336223 | G16: 24428250 | H16: 14032673 | I16: =19294368.5*5.2%+19294368.5 -> 20297676 | K16: =AVERAGE(#REF!,#REF!,#REF!,#REF!,#REF!,#REF!) -> #REF! | L16: =+MEDIAN(#REF!,#REF!,#REF!,#REF!,#REF!,#REF!) -> #REF! | M16: =GEOMEAN(#REF!,#REF!,#REF!,#REF!,#REF!,#REF!) -> #REF! | N16: =HARMEAN(#REF!,#REF!,#REF!,#REF!,#REF!,#REF!) -> #REF! | O16: =AVERAGE(D16,E16,F16,G16,H16,I16) -> 19379260 | P16: =MEDIAN(D16,E16,F16,G16,H16,I16) -> 20698457 | Q16: =GEOMEAN(D16,E16,F16,G16,H16,I16) -> 18413545 | R16: =HARMEAN(D16,E16,F16,G16,H16,I16) -> 17339919 | V16: =MIN(P16:R16) -> 17339919 | X16: =+((MIN(P16:R16)*3)+SMALL(P16:R16,2)+SMALL(P16:R16,3))/5 -> 18226352 | Y16: =ROUND((X16*C16),0) -> 18226352 | AA16: =MIN(O16:Q16) -> 18413545 | AC16: =+((MIN(O16:Q16)*3)+SMALL(O16:Q16,2)+SMALL(O16:Q16,3))/5 -> 19063671 | AD16: =ROUND((AC16*C16),0) -> 19063671 | AF16: =ROUND((+Y16/155)*30,0) -> 3527681 | AG16: =ROUND((+AF16*3%),0) -> 105830 | AH16: =ROUND((+AF16+AG16),0) -> 3633511 | AI16: =ROUNDUP((+AH16*12),0) -> 43602132 | AK16: =(+AI16/360)*30 -> 3633511 | AL16: =ROUND((+AK16*3%),0) -> 109005 | AM16: =ROUND((+AK16+AL16),0) -> 3742516 | AN16: =ROUND((+AM16*12),0) -> 44910192
A17: 2. OTROS COSTOS DIRECTOS ASOCIADOS A LA OPERACIÓN | AK17: =(+AI17/360)*30 -> 0
A18: 2.1. | B18: Movilización para realización de las visitas a los Colegios Distritales, Sedes Administrativas de la Secretaría de Educación del Distrito -SED y Empresas ejecutoras del contrato de vigilancia ( ANEXO TÉCNICO Numeral 5) | C18: 1 | D18: 140000000 | E18: 104826920 | F18: 82056000 | G18: 125941200 | H18: 31020000 | I18: =108372917*5.2%+108372917 -> 1.1400831e+08 | K18: =AVERAGE(#REF!,#REF!,#REF!,#REF!,#REF!,#REF!) -> #REF! | L18: =+MEDIAN(#REF!,#REF!,#REF!,#REF!,#REF!,#REF!) -> #REF! | M18: =GEOMEAN(#REF!,#REF!,#REF!,#REF!,#REF!,#REF!) -> #REF! | N18: =HARMEAN(#REF!,#REF!,#REF!,#REF!,#REF!,#REF!) -> #REF! | O18: =AVERAGE(D18,E18,F18,G18,H18,I18) -> 99642071 | P18: =MEDIAN(D18,E18,F18,G18,H18,I18) -> 1.0941761e+08 | Q18: =GEOMEAN(D18,E18,F18,G18,H18,I18) -> 90138340 | R18: =HARMEAN(D18,E18,F18,G18,H18,I18) -> 77103023 | V18: =MIN(P18:R18) -> 77103023 | X18: =+((MIN(P18:R18)*3)+SMALL(P18:R18,2)+SMALL(P18:R18,3))/5 -> 86173004 | Y18: =ROUND((X18*C18),0) -> 86173004 | AA18: =MIN(O18:Q18) -> 90138340 | AC18: =+((MIN(O18:Q18)*3)+SMALL(O18:Q18,2)+SMALL(O18:Q18,3))/5 -> 95894941 | AD18: =ROUND((AC18*C18),0) -> 95894941 | AF18: =ROUND((+Y18/155)*30,0) -> 16678646 | AG18: =ROUND((+AF18*3%),0) -> 500359 | AH18: =ROUND((+AF18+AG18),0) -> 17179005 | AI18: =ROUNDUP((+AH18*12),0) -> 206148060 | AK18: =(+AI18/360)*30 -> 17179005 | AL18: =ROUND((+AK18*3%),0) -> 515370 | AM18: =ROUND((+AK18+AL18),0) -> 17694375 | AN18: =ROUND((+AM18*12),0) -> 212332500
A19: 2.2. | B19: Asignar al personal mínimo requerido equipos de comunicación idóneos durante la ejecución el contrato (ver ANEXO TÉCNICO Numerales 8,9,10 y 13.) | C19: 1 | D19: 50000000 | E19: 148969644 | F19: 112248400 | G19: 25850000 | H19: 186120000 | I19: =36109065*5.2%+36109065 -> 37986736 | K19: =AVERAGE(#REF!,#REF!,#REF!,#REF!,#REF!,#REF!) -> #REF! | L19: =+MEDIAN(#REF!,#REF!,#REF!,#REF!,#REF!,#REF!) -> #REF! | M19: =GEOMEAN(#REF!,#REF!,#REF!,#REF!,#REF!,#REF!) -> #REF! | N19: =HARMEAN(#REF!,#REF!,#REF!,#REF!,#REF!,#REF!) -> #REF! | O19: =AVERAGE(D19,E19,F19,G19,H19,I19) -> 93529130 | P19: =MEDIAN(D19,E19,F19,G19,H19,I19) -> 81124200 | Q19: =GEOMEAN(D19,E19,F19,G19,H19,I19) -> 73117655 | R19: =HARMEAN(D19,E19,F19,G19,H19,I19) -> 56601549 | V19: =MIN(P19:R19) -> 56601549 | X19: =+((MIN(P19:R19)*3)+SMALL(P19:R19,2)+SMALL(P19:R19,3))/5 -> 64809301 | Y19: =ROUND((X19*C19),0) -> 64809301 | AA19: =MIN(O19:Q19) -> 73117655 | AC19: =+((MIN(O19:Q19)*3)+SMALL(O19:Q19,2)+SMALL(O19:Q19,3))/5 -> 78801259 | AD19: =ROUND((AC19*C19),0) -> 78801259 | AF19: =ROUND((+Y19/155)*30,0) -> 12543736 | AG19: =ROUND((+AF19*3%),0) -> 376312 | AH19: =ROUND((+AF19+AG19),0) -> 12920048 | AI19: =ROUNDUP((+AH19*12),0) -> 155040576 | AK19: =(+AI19/360)*30 -> 12920048 | AL19: =ROUND((+AK19*3%),0) -> 387601 | AM19: =ROUND((+AK19+AL19),0) -> 13307649 | AN19: =ROUND((+AM19*12),0) -> 159691788
A20: 3. GASTOS ADMINISTRATIVOS | AK20: =(+AI20/360)*30 -> 0
A21: 3 | B21: Gastos Administrativos | C21: 1 | D21: 107070950 | E21: 2.0349315e+08 | F21: 500000000 | G21: 184819745 | H21: 51700000 | I21: =103281457*5.2%+103281457 -> 1.0865209e+08 | K21: =AVERAGE(#REF!,#REF!,#REF!,#REF!,#REF!,#REF!) -> #REF! | L21: =+MEDIAN(#REF!,#REF!,#REF!,#REF!,#REF!,#REF!) -> #REF! | M21: =GEOMEAN(#REF!,#REF!,#REF!,#REF!,#REF!,#REF!) -> #REF! | N21: =HARMEAN(#REF!,#REF!,#REF!,#REF!,#REF!,#REF!) -> #REF! | O21: =AVERAGE(D21,E21,F21,G21,H21,I21) -> 1.9262266e+08 | P21: =MEDIAN(D21,E21,F21,G21,H21,I21) -> 1.4673592e+08 | Q21: =GEOMEAN(D21,E21,F21,G21,H21,I21) -> 1.4982286e+08 | R21: =HARMEAN(D21,E21,F21,G21,H21,I21) -> 1.1949692e+08 | V21: =MIN(P21:R21) -> 1.1949692e+08 | X21: =+((MIN(P21:R21)*3)+SMALL(P21:R21,2)+SMALL(P21:R21,3))/5 -> 1.3100991e+08 | Y21: =ROUND((X21*C21),0) -> 131009910 | AA21: =MIN(O21:Q21) -> 1.4673592e+08 | AC21: =+((MIN(O21:Q21)*3)+SMALL(O21:Q21,2)+SMALL(O21:Q21,3))/5 -> 1.5653065e+08 | AD21: =ROUND((AC21*C21),0) -> 156530654 | AF21: =ROUND((+Y21/155)*30,0) -> 25356757 | AG21: =ROUND((+AF21*3%),0) -> 760703 | AH21: =ROUND((+AF21+AG21),0) -> 26117460 | AI21: =ROUNDUP((+AH21*12),0) -> 313409520 | AK21: =(+AI21/360)*30 -> 26117460 | AL21: =ROUND((+AK21*3%),0) -> 783524 | AM21: =ROUND((+AK21+AL21),0) -> 26900984 | AN21: =ROUND((+AM21*12),0) -> 322811808
Y22: =ROUND((SUM(Y8:Y21)),0) -> 1301725752 | AF22: =SUM(AF8:AF21) -> 251946920 | AG22: =SUM(AG7:AG21) -> 7558406 | AH22: =SUM(AH7:AH21) -> 259505326 | AI22: =SUM(AI8:AI21) -> 3114063912 | AK22: =SUM(AK8:AK21) -> 259505326 | AL22: =SUM(AL8:AL21) -> 7785161 | AM22: =SUM(AM8:AM21) -> 267290487 | AN22: =SUM(AN8:AN21) -> 3207485844
K23: =SUM(K8:K21) -> #REF! | AA23: =MIN(O22:Q22) -> 0
A24: RESUMEN 2025 | D24: 1. JFS CONSULTORES SAS 25/04/2025 | E24: 2. 3B PROYECTOS S A S 24/04/2025 | F24: 3. VCO S.A.S 25/04/2025 | G24: 4. INCOLTA INTERVENTORÍAS Y CONSULTORÍAS S.A.S. 25/04/2025 | H24: 5. OLI CONSULTING 24/04/2025 | I24: 6. No. SED-CM-A-DSA-063-2024 ALIANZA INTEGRAL DE PROYECTOS SAS + INDEXACIÓN 5,20% 2024 | X24: ESTIMACIÓN DEL PRESUPUESTO MEDIANTE METODOLOGÍA PERT 2025 | AC24: ESTIMACIÓN DEL PRESUPUESTO MEDIANTE METODOLOGÍA PERT | AH24: ESTIMACIÓN DEL PRESUPUESTO MEDIANTE METODOLOGÍA PERT 2026 | AM24: ESTIMACIÓN DEL PRESUPUESTO MEDIANTE METODOLOGÍA PERT 2027 | AO24: ESTIMACIÓN DEL PRESUPUESTO MEDIANTE METODOLOGÍA PERT 2027
A25: SUBTOTAL COSTO DIRECTOS (Sumatoria N°1 y 2) | D25: =+D8+D9+D10+D11+D12+D13+D14+D15+D16+D18+D19 -> 1070709500 | E25: =+E8+E9+E10+E11+E12+E13+E14+E15+E16+E18+E19 -> 2034931523 | F25: =+F8+F9+F10+F11+F12+F13+F14+F15+F16+F18+F19 -> 1024815132 | G25: =+G8+G9+G10+G11+G12+G13+G14+G15+G16+G18+G19 -> 1848197450 | H25: =+H8+H9+H10+H11+H12+H13+H14+H15+H16+H18+H19 -> 1185033563 | I25: =+I8+I9+I10+I11+I12+I13+I14+I15+I16+I18+I19 -> 1.1344885e+09 | X25: =+Y25/1.19 -> 9.8379483e+08 | Y25: =+Y8+Y9+Y10+Y11+Y12+Y13+Y14+Y15+Y16+Y18+Y19 -> 1170715842 | AC25: =+AD25/1.19 -> 1.0263724e+09 | AD25: =+AD8+AD9+AD10+AD11+AD12+AD13+AD14+AD15+AD16+AD18+AD19 -> 1221383100 | AH25: =+AI25/1.19 -> 2.3534911e+09 | AI25: =+AI8+AI9+AI10+AI11+AI12+AI13+AI14+AI15+AI16+AI18+AI19 -> 2800654392 | AM25: =+AN25/1.19 -> 2.4240958e+09 | AN25: =+AN8+AN9+AN10+AN11+AN12+AN13+AN14+AN15+AN16+AN18+AN19 -> 2884674036 | AO25: =+Y29+AI29+AN29 -> 9071697854
A26: GASTOS ADMINISTRATIVOS (N° 3) | D26: =+D21 -> 107070950 | E26: =+E21 -> 2.0349315e+08 | F26: =+F21 -> 500000000 | G26: =+G21 -> 184819745 | H26: =+H21 -> 51700000 | I26: =+I21 -> 1.0865209e+08 | X26: =+Y26/1.19 -> 1.1009236e+08 | Y26: =+Y21 -> 131009910 | AC26: =+AD26/1.19 -> 1.3153836e+08 | AD26: =+AD21 -> 156530654 | AH26: =+AI26/1.19 -> 2.6336934e+08 | AI26: =+AI21 -> 313409520 | AM26: =+AN26/1.19 -> 2.7127043e+08 | AN26: =+AN21 -> 322811808
A27: SUBTOTAL COTIZACIÓN | D27: =SUM(D25:D26) -> 1177780450 | E27: =SUM(E25:E26) -> 2.2384247e+09 | F27: =SUM(F25:F26) -> 1524815132 | G27: =SUM(G25:G26) -> 2033017195 | H27: =SUM(H25:H26) -> 1236733563 | I27: =SUM(I25:I26) -> 1.2431406e+09 | X27: =+Y27/1.19 -> 1.0938872e+09 | Y27: =SUM(Y25:Y26) -> 1301725752 | AC27: =+AD27/1.19 -> 1.1579107e+09 | AD27: =SUM(AD25:AD26) -> 1377913754 | AH27: =+AI27/1.19 -> 2.6168604e+09 | AI27: =SUM(AI25:AI26) -> 3114063912 | AM27: =+AN27/1.19 -> 2.6953663e+09 | AN27: =SUM(AN25:AN26) -> 3207485844
A28: IVA | D28: =+D27*19% -> 2.2377829e+08 | E28: =+E27*19% -> 4.2530069e+08 | F28: =+F27*19% -> 2.8971488e+08 | G28: =+G27*19% -> 3.8627327e+08 | H28: =+H27*19% -> 2.3497938e+08 | I28: =+I27*19% -> 2.3619671e+08 | X28: =+X27*19% -> 2.0783857e+08 | Y28: =ROUND((+Y27*19%),0) -> 247327893 | AC28: =+AC27*19% -> 2.2000304e+08 | AH28: =+AH27*19% -> 4.9720348e+08 | AI28: =ROUND((+AI27*19%),0) -> 591672143 | AM28: =+AM27*19% -> 5.1211959e+08 | AN28: =ROUND((+AN27*19%),0) -> 609422310
A29: TOTAL COTIZACIÓN | D29: =SUM(D27:D28) -> 1.4015587e+09 | E29: =SUM(E27:E28) -> 2.6637254e+09 | F29: =SUM(F27:F28) -> 1.81453e+09 | G29: =SUM(G27:G28) -> 2.4192905e+09 | H29: =SUM(H27:H28) -> 1.4717129e+09 | I29: =SUM(I27:I28) -> 1.4793373e+09 | X29: =+X27+X28 -> 1301725752 | Y29: =ROUND((+Y27+Y28),0) -> 1549053645 | AC29: =+AC27+AC28 -> 1.3779138e+09 | AD29: =+AD27+AD28 -> 1377913754 | AH29: =ROUND((+AH27+AH28),0) -> 3114063912 | AI29: =ROUND((+AI27+AI28),0) -> 3705736055 | AM29: =ROUND((+AM27+AM28),0) -> 3207485844 | AN29: =ROUND((+AN27+AN28),0) -> 3816908154
R30: vr. Mes 2025 | V30: =+Y29/155*30 -> 2.9981683e+08 | X30: vr. 5 meses 5 dias2025 | Y30: =ROUND((+V30/30*155),0) -> 1549053645 | AF30: 1386161735 | AG30: VF APROBADAS
R31: incremento 3% | V31: =ROUND((+V30*3%),0) -> 8994505 | AF31: =+AF30-Y30 -> -162891910 | AG31: DIFERENCIA
D32: =+D26/D29 -> 0.076394194 | E32: =+E26/E29 -> 0.076394194 | F32: =+F26/F29 -> 0.27555345 | G32: =+G26/G29 -> 0.076394194 | H32: =+H26/H29 -> 0.035129133 | I32: =+I26/I29 -> 0.073446465 | R32: vr. Mes 2026 | V32: =+AK22 -> 259505326 | X32: vr. 12 meses | Y32: =+AI29 -> 3705736055 | AF32: 3316056552 | AG32: VF APROBADAS
R33: incremento 3% | V33: =ROUND((+V32*3%),0) -> 7785160 | AF33: =+AF32-Y32 -> -389679503 | AG33: DIFERENCIA
R34: vr. Mes 2027 | V34: =+AM22 -> 267290487 | X34: vr. 12 meses | Y34: =+AN29 -> 3816908154 | AF34: 3415538196 | AG34: VF APROBADAS
AF35: =+AF34-Y34 -> -401369958 | AG35: DIFERENCIA
R36: VALOR TOTAL CONTRATO DESDE 25/07/2025 HASTA 31/12/2027 | Y36: =+Y30+Y32+Y34 -> 9071697854 | AF36: =+AF30+AF32+AF34 -> 8117756483 | AG36: VF APROBADAS
AF37: =+AF36-Y36 -> -953941371 | AG37: DIFERENCIA
V43: 2024
R44: 5 meses 14 dias | V44: vr. 14 dias | X44: vr. Mes | Y44: valor cto
R45: actual | V45: =(+Y45/164)*14 -> 1.1541073e+08 | X45: =+Y45/164*30 -> 2.4730871e+08 | Y45: 1.3519543e+09

Sheet 02. ANÁLISIS FINAL (2)
O2: PERT SIN PROMEDIO PERO CON ARMONICA
A4: DOCUMENTO DE VALIDACIÓN DE PRECIOS DE REFERENCIA | H4: VALORES TOTALES | P4: =5*30 -> 150 | Q4: =P4+5 -> 155
A5: CONSOLIDADO DE COTIZACIONES | D5: 1. JFS CONSULTORES SAS 25/04/2025 | E5: 2. VCO S.A.S 25/04/2025 | F5: 3. OLI CONSULTING 24/04/2025 | G5: 4. No. SED-CM-A-DSA-063-2024 ALIANZA INTEGRAL DE PROYECTOS SAS + INDEXACIÓN 5,20% 2024 | H5: MEDIANA | I5: MEDIA GEOMETRICA | J5: MEDIA ARMONICA | P5: ESTIMACIÓN DEL PRESUPUESTO MEDIANTE METODOLOGÍA PERT 2025 5 meses 5 dias | S5: ESTIMACIÓN DEL PRESUPUESTO MEDIANTE METODOLOGÍA PERT 2026 (12 meses) | W5: ESTIMACIÓN DEL PRESUPUESTO MEDIANTE METODOLOGÍA PERT 2027 (12 meses)
A6: N° | B6: Descripción Personal Requerido (Ver Anexo Técnico Numeral 13 y 14) | C6: Personal Requerido | D6: Valor total | E6: Valor total | F6: Valor total | G6: Valor total | H6: VALOR TOTAL | I6: VALOR TOTAL | J6: VALOR TOTAL | N6: MENOR | P6: VALOR TOTAL | Q6: vr. Mes | S6: incremento 3,23% | T6: Vr. Mes con incremento | U6: VALOR TOTAL * 12 meses | W6: incremento 3% | X6: Vr. Mes con incremento | Y6: VALOR TOTAL * 12 meses
A7: 1. COSTOS DIRECTOS DE RECURSO HUMANO MÍNIMO REQUERIDO
A8: 1.1. | B8: DIRECTOR DE INTERVENTORIA | C8: 1 | D8: 89958000 | E8: 67721716 | F8: 76177365 | G8: =67891554.5*5.2%+67891554.5 -> 71421915 | H8: =MEDIAN(D8,E8,F8,G8) -> 73799640 | I8: =GEOMEAN(D8,E8,F8,G8) -> 75876326 | J8: =HARMEAN(D8,E8,F8,G8) -> 75455789 | N8: =MIN(H8:J8) -> 73799640 | P8: =+((MIN(H8:J8)*3)+SMALL(H8:J8,2)+SMALL(H8:J8,3))/5 -> 74546207 | Q8: =ROUND((+P8/155)*30,0) -> 14428298 | S8: =ROUND((+Q8*3.23%),0) -> 466034 | T8: =ROUND((+Q8+S8),0) -> 14894332 | U8: =ROUNDUP((+T8*12),0) -> 178731984 | W8: =+T8*3% -> 446829.96 | X8: =ROUND((+T8+W8),0) -> 15341162 | Y8: =ROUND((+X8*12),0) -> 184093944
A9: 1.2. | B9: COORDINADOR ADMINISTRATIVO Y FINANCIERO | C9: 1 | D9: 44462000 | E9: 56434764 | F9: 48112020 | G9: =59250053.5*5.2%+59250053.5 -> 62331056 | H9: =MEDIAN(D9,E9,F9,G9) -> 52273392 | I9: =GEOMEAN(D9,E9,F9,G9) -> 52374929 | J9: =HARMEAN(D9,E9,F9,G9) -> 51921832 | N9: =MIN(H9:J9) -> 51921832 | P9: =+((MIN(H9:J9)*3)+SMALL(H9:J9,2)+SMALL(H9:J9,3))/5 -> 52082763 | Q9: =ROUND((+P9/155)*30,0) -> 10080535 | S9: =ROUND((+Q9*3.23%),0) -> 325601 | T9: =ROUND((+Q9+S9),0) -> 10406136 | U9: =ROUNDUP((+T9*12),0) -> 124873632 | W9: =+T9*3% -> 312184.08 | X9: =ROUND((+T9+W9),0) -> 10718320 | Y9: =ROUND((+X9*12),0) -> 128619840
A10: 1.3. | B10: COORDINADOR OPERATIVO | C10: 1 | D10: 54285000 | E10: 52672446 | F10: 48112020 | G10: =57981847*5.2%+57981847 -> 60996903 | H10: =MEDIAN(D10,E10,F10,G10) -> 53478723 | I10: =GEOMEAN(D10,E10,F10,G10) -> 53821547 | J10: =HARMEAN(D10,E10,F10,G10) -> 53629615 | N10: =MIN(H10:J10) -> 53478723 | P10: =+((MIN(H10:J10)*3)+SMALL(H10:J10,2)+SMALL(H10:J10,3))/5 -> 53577466 | Q10: =ROUND((+P10/155)*30,0) -> 10369832 | S10: =ROUND((+Q10*3.23%),0) -> 334946 | T10: =ROUND((+Q10+S10),0) -> 10704778 | U10: =ROUNDUP((+T10*12),0) -> 128457336 | W10: =+T10*3% -> 321143.34 | X10: =ROUND((+T10+W10),0) -> 11025921 | Y10: =ROUND((+X10*12),0) -> 132311052
A11: 1.4. | B11: COORDINADOR TÉCNICO | C11: 1 | D11: 37224000 | E11: 52672446 | F11: 48112020 | G11: =57981847*5.2%+57981847 -> 60996903 | H11: =MEDIAN(D11,E11,F11,G11) -> 50392233 | I11: =GEOMEAN(D11,E11,F11,G11) -> 48976977 | J11: =HARMEAN(D11,E11,F11,G11) -> 48176084 | N11: =MIN(H11:J11) -> 48176084 | P11: =+((MIN(H11:J11)*3)+SMALL(H11:J11,2)+SMALL(H11:J11,3))/5 -> 48779493 | Q11: =ROUND((+P11/155)*30,0) -> 9441192 | S11: =ROUND((+Q11*3.23%),0) -> 304951 | T11: =ROUND((+Q11+S11),0) -> 9746143 | U11: =ROUNDUP((+T11*12),0) -> 116953716 | W11: =+T11*3% -> 292384.29 | X11: =ROUND((+T11+W11),0) -> 10038527 | Y11: =ROUND((+X11*12),0) -> 120462324
A12: 1.5. | B12: ANALISTA DE SEGURIDAD | C12: 1 | D12: 44462000 | E12: 33860858 | F12: 40093350 | G12: =45456713.5*5.2%+45456713.5 -> 47820463 | H12: =MEDIAN(D12,E12,F12,G12) -> 42277675 | I12: =GEOMEAN(D12,E12,F12,G12) -> 41218603 | J12: =HARMEAN(D12,E12,F12,G12) -> 40867585 | N12: =MIN(H12:J12) -> 40867585 | P12: =+((MIN(H12:J12)*3)+SMALL(H12:J12,2)+SMALL(H12:J12,3))/5 -> 41219807 | Q12: =ROUND((+P12/155)*30,0) -> 7978027 | S12: =ROUND((+Q12*3.23%),0) -> 257690 | T12: =ROUND((+Q12+S12),0) -> 8235717 | U12: =ROUNDUP((+T12*12),0) -> 98828604 | W12: =+T12*3% -> 247071.51 | X12: =ROUND((+T12+W12),0) -> 8482789 | Y12: =ROUND((+X12*12),0) -> 101793468
A13: 1.6. | B13: ABOGADO | C13: 0.5 | D13: 22231000 | E13: 20692747 | F13: 12028005 | G13: =38077677*5.2%+38077677 -> 40057716 | H13: =MEDIAN(D13,E13,F13,G13) -> 21461874 | I13: =GEOMEAN(D13,E13,F13,G13) -> 21697727 | J13: =HARMEAN(D13,E13,F13,G13) -> 19859826 | N13: =MIN(H13:J13) -> 19859826 | P13: =+((MIN(H13:J13)*3)+SMALL(H13:J13,2)+SMALL(H13:J13,3))/5 -> 20547816 | Q13: =ROUND((+P13/155)*30,0) -> 3976997 | S13: =ROUND((+Q13*3.23%),0) -> 128457 | T13: =ROUND((+Q13+S13),0) -> 4105454 | U13: =ROUNDUP((+T13*12),0) -> 49265448 | W13: =+T13*3% -> 123163.62 | X13: =ROUND((+T13+W13),0) -> 4228618 | Y13: =ROUND((+X13*12),0) -> 50743416
A14: 1.7. | B14: SUPERVISORES OPERATIVOS (13) | C14: 1 | D14: 295724000 | E14: 256004839 | F14: 338788808 | G14: =291617612*5.2%+291617612 -> 3.0678173e+08 | H14: =MEDIAN(D14,E14,F14,G14) -> 3.0125286e+08 | I14: =GEOMEAN(D14,E14,F14,G14) -> 2.9783335e+08 | J14: =HARMEAN(D14,E14,F14,G14) -> 2.9631725e+08 | N14: =MIN(H14:J14) -> 2.9631725e+08 | P14: =+((MIN(H14:J14)*3)+SMALL(H14:J14,2)+SMALL(H14:J14,3))/5 -> 2.9760759e+08 | Q14: =ROUND((+P14/155)*30,0) -> 57601469 | S14: =ROUND((+Q14*3.23%),0) -> 1860527 | T14: =ROUND((+Q14+S14),0) -> 59461996 | U14: =ROUNDUP((+T14*12),0) -> 713543952 | W14: =+T14*3% -> 1783859.9 | X14: =ROUND((+T14+W14),0) -> 61245856 | Y14: =ROUND((+X14*12),0) -> 734950272
A15: 1.8. | B15: SUPERVISORES TÉCNICOS(13) | C15: 1 | D15: 282282000 | E15: 264114693 | F15: 342437302 | G15: =296377438.5*5.2%+296377438.5 -> 3.1178907e+08 | H15: =MEDIAN(D15,E15,F15,G15) -> 2.9703553e+08 | I15: =GEOMEAN(D15,E15,F15,G15) -> 2.9869601e+08 | J15: =HARMEAN(D15,E15,F15,G15) -> 2.9725787e+08 | N15: =MIN(H15:J15) -> 2.9703553e+08 | P15: =+((MIN(H15:J15)*3)+SMALL(H15:J15,2)+SMALL(H15:J15,3))/5 -> 2.974121e+08 | Q15: =ROUND((+P15/155)*30,0) -> 57563632 | S15: =ROUND((+Q15*3.23%),0) -> 1859305 | T15: =ROUND((+Q15+S15),0) -> 59422937 | U15: =ROUNDUP((+T15*12),0) -> 713075244 | W15: =+T15*3% -> 1782688.1 | X15: =ROUND((+T15+W15),0) -> 61205625 | Y15: =ROUND((+X15*12),0) -> 734467500
A16: 1.9. | B16: ANALISTA DE DATOS | C16: 1 | D16: 10081500 | E16: 26336223 | F16: 14032673 | G16: =19294368.5*5.2%+19294368.5 -> 20297676 | H16: =MEDIAN(D16,E16,F16,G16) -> 17165174 | I16: =GEOMEAN(D16,E16,F16,G16) -> 16583124 | J16: =HARMEAN(D16,E16,F16,G16) -> 15522461 | N16: =MIN(H16:J16) -> 15522461 | P16: =+((MIN(H16:J16)*3)+SMALL(H16:J16,2)+SMALL(H16:J16,3))/5 -> 16063136 | Q16: =ROUND((+P16/155)*30,0) -> 3108994 | S16: =ROUND((+Q16*3.23%),0) -> 100421 | T16: =ROUND((+Q16+S16),0) -> 3209415 | U16: =ROUNDUP((+T16*12),0) -> 38512980 | W16: =+T16*3% -> 96282.45 | X16: =ROUND((+T16+W16),0) -> 3305697 | Y16: =ROUND((+X16*12),0) -> 39668364
A17: 2. OTROS COSTOS DIRECTOS ASOCIADOS A LA OPERACIÓN | S17: =ROUND((+Q17*3.23%),0) -> 0
A18: 2.1. | B18: Movilización para realización de las visitas a los Colegios Distritales, Sedes Administrativas de la Secretaría de Educación del Distrito -SED y Empresas ejecutoras del contrato de vigilancia ( ANEXO TÉCNICO Numeral 5) | C18: 1 | D18: 140000000 | E18: 82056000 | F18: 31020000 | G18: =108372917*5.2%+108372917 -> 1.1400831e+08 | H18: =MEDIAN(D18,E18,F18,G18) -> 98032154 | I18: =GEOMEAN(D18,E18,F18,G18) -> 79836993 | J18: =HARMEAN(D18,E18,F18,G18) -> 66292981 | N18: =MIN(H18:J18) -> 66292981 | P18: =+((MIN(H18:J18)*3)+SMALL(H18:J18,2)+SMALL(H18:J18,3))/5 -> 75349618 | Q18: =ROUND((+P18/155)*30,0) -> 14583797 | S18: =ROUND((+Q18*3.23%),0) -> 471057 | T18: =ROUND((+Q18+S18),0) -> 15054854 | U18: =ROUNDUP((+T18*12),0) -> 180658248 | W18: =+T18*3% -> 451645.62 | X18: =ROUND((+T18+W18),0) -> 15506500 | Y18: =ROUND((+X18*12),0) -> 186078000
A19: 2.2. | B19: Asignar al personal mínimo requerido equipos de comunicación idóneos durante la ejecución el contrato (ver ANEXO TÉCNICO Numerales 8,9,10 y 13.) | C19: 1 | D19: 50000000 | E19: 112248400 | F19: 186120000 | G19: =36109065*5.2%+36109065 -> 37986736 | H19: =MEDIAN(D19,E19,F19,G19) -> 81124200 | I19: =GEOMEAN(D19,E19,F19,G19) -> 79367700 | J19: =HARMEAN(D19,E19,F19,G19) -> 65999338 | N19: =MIN(H19:J19) -> 65999338 | P19: =+((MIN(H19:J19)*3)+SMALL(H19:J19,2)+SMALL(H19:J19,3))/5 -> 71697983 | Q19: =ROUND((+P19/155)*30,0) -> 13877029 | S19: =ROUND((+Q19*3.23%),0) -> 448228 | T19: =ROUND((+Q19+S19),0) -> 14325257 | U19: =ROUNDUP((+T19*12),0) -> 171903084 | W19: =+T19*3% -> 429757.71 | X19: =ROUND((+T19+W19),0) -> 14755015 | Y19: =ROUND((+X19*12),0) -> 177060180
A20: 3. GASTOS ADMINISTRATIVOS | S20: =ROUND((+Q20*3.23%),0) -> 0
A21: 3 | B21: Gastos Administrativos | C21: 1 | D21: 107070950 | E21: 500000000 | F21: 51700000 | G21: =103281457*5.2%+103281457 -> 1.0865209e+08 | H21: =MEDIAN(D21,E21,F21,G21) -> 1.0786152e+08 | I21: =GEOMEAN(D21,E21,F21,G21) -> 1.316869e+08 | J21: =HARMEAN(D21,E21,F21,G21) -> 1.002867e+08 | N21: =MIN(H21:J21) -> 1.002867e+08 | P21: =+((MIN(H21:J21)*3)+SMALL(H21:J21,2)+SMALL(H21:J21,3))/5 -> 1.080817e+08 | Q21: =ROUND((+P21/155)*30,0) -> 20919039 | S21: =ROUND((+Q21*3.23%),0) -> 675685 | T21: =ROUND((+Q21+S21),0) -> 21594724 | U21: =ROUNDUP((+T21*12),0) -> 259136688 | W21: =+T21*3% -> 647841.72 | X21: =ROUND((+T21+W21),0) -> 22242566 | Y21: =ROUND((+X21*12),0) -> 266910792
P22: =ROUND((SUM(Q8:Q21)),0) -> 223928841 | Q22: =ROUND((+P22/155)*30,0) -> 43341066 | S22: =ROUND((+Q22*3.23%),0) -> 1399916 | T22: =SUM(T7:T21) -> 231161743 | U22: =SUM(U8:U21) -> 2773940916 | W22: =SUM(W8:W21) -> 6934852.3 | X22: =ROUND((+T22+W22),0) -> 238096595 | Y22: =SUM(Y8:Y21) -> 2857159152
A24: RESUMEN 2025 | D24: 1. JFS CONSULTORES SAS 25/04/2025 | E24: 3. VCO S.A.S 25/04/2025 | F24: 5. OLI CONSULTING 24/04/2025 | G24: 6. No. SED-CM-A-DSA-063-2024 ALIANZA INTEGRAL DE PROYECTOS SAS + INDEXACIÓN 5,20% 2024 | O24: ESTIMACIÓN DEL PRESUPUESTO MEDIANTE METODOLOGÍA PERT 2025 | P24: ESTIMACIÓN DEL PRESUPUESTO MEDIANTE METODOLOGÍA PERT 2025 | U24: ESTIMACIÓN DEL PRESUPUESTO MEDIANTE METODOLOGÍA PERT 2026 | Y24: ESTIMACIÓN DEL PRESUPUESTO MEDIANTE METODOLOGÍA PERT 2027 | AA24: ESTIMACIÓN DEL PRESUPUESTO MEDIANTE METODOLOGÍA PERT 2027
A25: SUBTOTAL COSTO DIRECTOS (Sumatoria N°1 y 2) | D25: =+D8+D9+D10+D11+D12+D13+D14+D15+D16+D18+D19 -> 1070709500 | E25: =+E8+E9+E10+E11+E12+E13+E14+E15+E16+E18+E19 -> 1024815132 | F25: =+F8+F9+F10+F11+F12+F13+F14+F15+F16+F18+F19 -> 1185033563 | G25: =+G8+G9+G10+G11+G12+G13+G14+G15+G16+G18+G19 -> 1.1344885e+09 | O25: =+P25/1.19 -> 8.8141511e+08 | P25: =ROUND((+P8+P9+P10+P11+P12+P13+P14+P15+P16+P18+P19),0) -> 1048883976 | U25: =+U8+U9+U10+U11+U12+U13+U14+U15+U16+U18+U19 -> 2514804228 | Y25: =+Y8+Y9+Y10+Y11+Y12+Y13+Y14+Y15+Y16+Y18+Y19 -> 2590248360 | AA25: =+P29+U29+Y29 -> 8077798238
A26: GASTOS ADMINISTRATIVOS (N° 3) | D26: =+D21 -> 107070950 | E26: =+E21 -> 500000000 | F26: =+F21 -> 51700000 | G26: =+G21 -> 1.0865209e+08 | O26: =+P26/1.19 -> 90824960 | P26: =ROUND((+P21),0) -> 108081702 | U26: =+U21 -> 259136688 | Y26: =+Y21 -> 266910792
A27: SUBTOTAL COTIZACIÓN | D27: =SUM(D25:D26) -> 1177780450 | E27: =SUM(E25:E26) -> 1524815132 | F27: =SUM(F25:F26) -> 1236733563 | G27: =SUM(G25:G26) -> 1.2431406e+09 | O27: =+P27/1.19 -> 9.7224007e+08 | P27: =SUM(P25:P26) -> 1156965678 | U27: =SUM(U25:U26) -> 2773940916 | Y27: =SUM(Y25:Y26) -> 2857159152
A28: IVA | D28: =+D27*19% -> 2.2377829e+08 | E28: =+E27*19% -> 2.8971488e+08 | F28: =+F27*19% -> 2.3497938e+08 | G28: =+G27*19% -> 2.3619671e+08 | O28: =+O27*19% -> 1.8472561e+08 | P28: =ROUND((+P27*19%),0) -> 219823479 | Q28: =+P26/P29 -> 0.078502726 | U28: =ROUND((+U27*19%),0) -> 527048774 | W28: =+U26/U29 -> 0.078502726 | Y28: =ROUND((+Y27*19%),0) -> 542860239 | Z28: =+Y26/Y29 -> 0.078502726
A29: TOTAL COTIZACIÓN | D29: =SUM(D27:D28) -> 1.4015587e+09 | E29: =SUM(E27:E28) -> 1.81453e+09 | F29: =SUM(F27:F28) -> 1.4717129e+09 | G29: =SUM(G27:G28) -> 1.4793373e+09 | O29: =+O27+O28 -> 1156965678 | P29: =ROUND((+P27+P28),0) -> 1376789157 | U29: =ROUND((+U27+U28),0) -> 3300989690 | Y29: =ROUND((+Y27+Y28),0) -> 3400019391
J30: vr. Mes 2025 | N30: =+P29/155*30 -> 2.6647532e+08 | P30: vr. 5 meses 5 dias2025 | Q30: =ROUND((+N30/30*155),0) -> 1376789157 | S30: 1386161735 | T30: VF APROBADAS
J31: incremento 3% | N31: =ROUND((+N30*3%),0) -> 7994260 | S31: =+S30-Q30 -> 9372578 | T31: DIFERENCIA
J32: vr. Mes 2026 | N32: =+U29/12 -> 2.7508247e+08 | P32: vr. 12 meses | Q32: =+N32*12 -> 3300989690 | S32: 3316056552 | T32: VF APROBADAS
J33: incremento 3% | N33: =ROUND((+N32*3%),0) -> 8252474 | S33: =+S32-Q32 -> 15066862 | T33: DIFERENCIA
J34: vr. Mes 2027 | N34: =+Y29/12 -> 2.8333495e+08 | P34: vr. 12 meses | Q34: =+N34*12 -> 3400019391 | S34: 3415538196 | T34: VF APROBADAS
S35: =+S34-Q34 -> 15518805 | T35: DIFERENCIA
J36: VALOR TOTAL CONTRATO DESDE 25/07/2025 HASTA 31/12/2027 | Q36: =+Q30+Q32+Q34 -> 8077798238 | S36: =+S30+S32+S34 -> 8117756483 | T36: VF APROBADAS
S37: =+S36-Q36 -> 39958245 | T37: DIFERENCIA
N43: 2024
J44: 5 meses 14 dias | N44: vr. 14 dias | P44: vr. Mes | Q44: valor cto
J45: actual | N45: =(+Q45/164)*14 -> 1.1541073e+08 | P45: =+Q45/164*30 -> 2.4730871e+08 | Q45: 1.3519543e+09

Sheet ESTUDIO_MERCADO_FINAL
U2: PERT SIN PROMEDIO PERO CON ARMONICA
A4: DOCUMENTO DE VALIDACIÓN DE PRECIOS DE REFERENCIA | F4: =F13*$E13 -> 44433333 | G4: =F4*50% -> 22216667 | H4: =H13*$E13 -> 41358810 | I4: =H4*50% -> 20679405 | J4: =J13*$E13 -> 24040500 | K4: =J4*50% -> 12020250 | L4: =L13*$E13 -> 37629976 | M4: =L4*50% -> 18814988 | N4: MEDIDAS DE TENDENCIA CENTRAL | V4: =5*30 -> 150 | W4: =V4+5 -> 155 | Y4: =W4/30 -> 5.1666667
A5: CONSOLIDADO DE COTIZACIONES | F5: 1. JFS CONSULTORES SAS 25/04/2025 | H5: 2. VCO S.A.S 25/04/2025 | J5: 3. OLI CONSULTING 24/04/2025 | L5: 4. No. SED-CM-A-DSA-063-2024 ALIANZA INTEGRAL DE PROYECTOS SAS | N5: MEDIANA | P5: MEDIA GEOMETRICA | R5: MEDIA ARMONICA | V5: ESTIMACIÓN DEL PRESUPUESTO MEDIANTE METODOLOGÍA PERT 2025 5 meses 5 dias | Y5: ESTIMACIÓN DEL PRESUPUESTO MEDIANTE METODOLOGÍA PERT 2026 (12 meses) | AC5: ESTIMACIÓN DEL PRESUPUESTO MEDIANTE METODOLOGÍA PERT 2027 (12 meses)
A6: N° | B6: Descripción Personal Requerido (Ver Anexo Técnico Numeral 13 y 14) | C6: Personal Requerido | D6: % de dedicación | E6: Plazo | F6: Valor mensual unitario | G6: Valor total | H6: Valor mensual unitario | I6: Valor total | J6: Valor mensual unitario | K6: Valor total | L6: Valor mensual unitario | M6: Valor total | N6: VALOR UNITARIO MES | O6: VALOR TOTAL | P6: VALOR UNITARIO MES | Q6: VALOR TOTAL | R6: VALOR UNITARIO MES | S6: VALOR TOTAL | V6: VALOR UNITARIO MES 2025 | W6: VALOR TOTAL | Y6: incremento 3,23% | Z6: VALOR UNITARIO MES 2026 | AA6: VALOR TOTAL | AC6: incremento 3% | AD6: VALOR UNITARIO MES 2027 | AE6: VALOR TOTAL | AG6: HOMOLOGACIÓN PERFILES TABLA DE HONORARIOS SED | AI6: VALOR UNITARIO MES ESTUDIO DE MERCADO | AJ6: % VARIACIÓN TABLA DE HONORARIOS VS ESTUDIO DE MERCADO | AQ6: =5/30 -> 0.16666667
A7: 1. COSTOS DIRECTOS DE RECURSO HUMANO MÍNIMO REQUERIDO
A8: 1.1. | B8: DIRECTOR DE INTERVENTORIA | C8: 1 | D8: 1 | E8: =5+(5/30) -> 5.1666667 | F8: 17400000 | G8: =ROUND(F8*$D8*$E8*$C8,0) -> 89900000 | H8: 13098978 | I8: =ROUND(H8*$D8*$E8*$C8,0) -> 67678053 | J8: 14734500 | K8: =ROUND(J8*$D8*$E8*$C8,0) -> 76128250 | L8: 12985803 | M8: =ROUND(L8*$D8*$E8*$C8,0) -> 67093314 | N8: =ROUND(MEDIAN(F8,H8,J8,L8),0) -> 13916739 | P8: =ROUND(GEOMEAN(F8,H8,J8,L8),0) -> 14450994 | R8: =ROUND(HARMEAN(F8,H8,J8,L8),0) -> 14352958 | V8: =ROUND((((MIN(N8:R8)*3)+SMALL(N8:R8,2)+SMALL(N8:R8,3))/5),0) -> 14110834 | W8: =ROUND(V8*$E8*$C8*$D8,0) -> 72905976 | Y8: =ROUND((+V8*3.23%),0) -> 455780 | Z8: =ROUND((+V8+Y8),0) -> 14566614 | AA8: =ROUND(Z8*12*$C8*$D8,0) -> 174799368 | AC8: =ROUND(Z8*3%,0) -> 436998 | AD8: =ROUND((+Z8+AC8),0) -> 15003612 | AE8: =ROUND(AD8*12*$C8*$D8,0) -> 180043344 | AG8: Director de la Interventoría | AH8: =HOMO_TH!Y6 -> 14747485 | AI8: =V8 -> 14110834 | AJ8: =(AI8-AH8)/AH8 -> -0.043170141
A9: 1.2. | B9: COORDINADOR ADMINISTRATIVO Y FINANCIERO | C9: 1 | D9: 1 | E9: =5+(5/30) -> 5.1666667 | F9: 8600000 | G9: =ROUND(F9*$D9*$E9*$C9,0) -> 44433333 | H9: 10915815 | I9: =ROUND(H9*$D9*$E9*$C9,0) -> 56398378 | J9: 9306000 | K9: =ROUND(J9*$D9*$E9*$C9,0) -> 48081000 | L9: 11332919 | M9: =ROUND(L9*$D9*$E9*$C9,0) -> 58553417 | N9: =ROUND(MEDIAN(F9,H9,J9,L9),0) -> 10110908 | P9: =ROUND(GEOMEAN(F9,H9,J9,L9),0) -> 9975045 | R9: =ROUND(HARMEAN(F9,H9,J9,L9),0) -> 9911163 | V9: =ROUND((((MIN(N9:R9)*3)+SMALL(N9:R9,2)+SMALL(N9:R9,3))/5),0) -> 9963888 | W9: =ROUND(V9*$E9*$C9*$D9,0) -> 51480088 | Y9: =ROUND((+V9*3.23%),0) -> 321834 | Z9: =ROUND((+V9+Y9),0) -> 10285722 | AA9: =ROUND(Z9*12*$C9*$D9,0) -> 123428664 | AC9: =ROUND(Z9*3%,0) -> 308572 | AD9: =ROUND((+Z9+AC9),0) -> 10594294 | AE9: =ROUND(AD9*12*$C9*$D9,0) -> 127131528 | AG9: Coordinador Administrativo y Financiero | AH9: =HOMO_TH!Y7 -> 12418845 | AI9: =V9 -> 9963888 | AJ9: =(AI9-AH9)/AH9 -> -0.19767998
A10: 1.3. | B10: COORDINADOR OPERATIVO | C10: 1 | D10: 1 | E10: =5+(5/30) -> 5.1666667 | F10: 10500000 | G10: =ROUND(F10*$D10*$E10*$C10,0) -> 54250000 | H10: 10188094 | I10: =ROUND(H10*$D10*$E10*$C10,0) -> 52638486 | J10: 9306000 | K10: =ROUND(J10*$D10*$E10*$C10,0) -> 48081000 | L10: 11090346 | M10: =ROUND(L10*$D10*$E10*$C10,0) -> 57300121 | N10: =ROUND(MEDIAN(F10,H10,J10,L10),0) -> 10344047 | P10: =ROUND(GEOMEAN(F10,H10,J10,L10),0) -> 10250560 | R10: =ROUND(HARMEAN(F10,H10,J10,L10),0) -> 10229709 | V10: =ROUND((((MIN(N10:R10)*3)+SMALL(N10:R10,2)+SMALL(N10:R10,3))/5),0) -> 10256747 | W10: =ROUND(V10*$E10*$C10*$D10,0) -> 52993193 | Y10: =ROUND((+V10*3.23%),0) -> 331293 | Z10: =ROUND((+V10+Y10),0) -> 10588040 | AA10: =ROUND(Z10*12*$C10*$D10,0) -> 127056480 | AC10: =ROUND(Z10*3%,0) -> 317641 | AD10: =ROUND((+Z10+AC10),0) -> 10905681 | AE10: =ROUND(AD10*12*$C10*$D10,0) -> 130868172 | AG10: Coordinador Operativo | AH10: =HOMO_TH!Y8 -> 11383514 | AI10: =V10 -> 10256747 | AJ10: =(AI10-AH10)/AH10 -> -0.098982353
A11: 1.4. | B11: COORDINADOR TÉCNICO | C11: 1 | D11: 1 | E11: =5+(5/30) -> 5.1666667 | F11: 7200000 | G11: =ROUND(F11*$D11*$E11*$C11,0) -> 37200000 | H11: 10188094 | I11: =ROUND(H11*$D11*$E11*$C11,0) -> 52638486 | J11: 9306000 | K11: =ROUND(J11*$D11*$E11*$C11,0) -> 48081000 | L11: 11090346 | M11: =ROUND(L11*$D11*$E11*$C11,0) -> 57300121 | N11: =ROUND(MEDIAN(F11,H11,J11,L11),0) -> 9747047 | P11: =ROUND(GEOMEAN(F11,H11,J11,L11),0) -> 9327890 | R11: =ROUND(HARMEAN(F11,H11,J11,L11),0) -> 9202410 | V11: =ROUND((((MIN(N11:R11)*3)+SMALL(N11:R11,2)+SMALL(N11:R11,3))/5),0) -> 9336433 | W11: =ROUND(V11*$E11*$C11*$D11,0) -> 48238237 | Y11: =ROUND((+V11*3.23%),0) -> 301567 | Z11: =ROUND((+V11+Y11),0) -> 9638000 | AA11: =ROUND(Z11*12*$C11*$D11,0) -> 115656000 | AC11: =ROUND(Z11*3%,0) -> 289140 | AD11: =ROUND((+Z11+AC11),0) -> 9927140 | AE11: =ROUND(AD11*12*$C11*$D11,0) -> 119125680 | AG11: Coordinador Técnico | AH11: =HOMO_TH!Y9 -> 8796895 | AI11: =V11 -> 9336433 | AJ11: =(AI11-AH11)/AH11 -> 0.061332777
A12: 1.5. | B12: ANALISTA DE SEGURIDAD | C12: 1 | D12: 1 | E12: =5+(5/30) -> 5.1666667 | F12: 8600000 | G12: =ROUND(F12*$D12*$E12*$C12,0) -> 44433333 | H12: 6549489 | I12: =ROUND(H12*$D12*$E12*$C12,0) -> 33839027 | J12: 7755000 | K12: =ROUND(J12*$D12*$E12*$C12,0) -> 40067500 | L12: 8694629.6 | M12: =ROUND(L12*$D12*$E12*$C12,0) -> 44922253 | N12: =ROUND(MEDIAN(F12,H12,J12,L12),0) -> 8177500 | P12: =ROUND(GEOMEAN(F12,H12,J12,L12),0) -> 7850272 | R12: =ROUND(HARMEAN(F12,H12,J12,L12),0) -> 7798406 | V12: =ROUND((((MIN(N12:R12)*3)+SMALL(N12:R12,2)+SMALL(N12:R12,3))/5),0) -> 7884598 | W12: =ROUND(V12*$E12*$C12*$D12,0) -> 40737090 | Y12: =ROUND((+V12*3.23%),0) -> 254673 | Z12: =ROUND((+V12+Y12),0) -> 8139271 | AA12: =ROUND(Z12*12*$C12*$D12,0) -> 97671252 | AC12: =ROUND(Z12*3%,0) -> 244178 | AD12: =ROUND((+Z12+AC12),0) -> 8383449 | AE12: =ROUND(AD12*12*$C12*$D12,0) -> 100601388 | AG12: Analistad e seguridad | AH12: =HOMO_TH!Y10 -> 14747485 | AI12: =V12 -> 7884598 | AJ12: =(AI12-AH12)/AH12 -> -0.46535982
A13: 1.6. | B13: ABOGADO | C13: 1 | D13: 0.5 | E13: =5+(5/30) -> 5.1666667 | F13: 8600000 | G13: =ROUND(F13*$E13*$C13,0) -> 44433333 | H13: 8004931 | I13: =ROUND(H13*$E13*$C13,0) -> 41358810 | J13: 4653000 | K13: =ROUND(J13*$E13*$C13,0) -> 24040500 | L13: 7283221.1 | M13: =ROUND(L13*$E13*$C13,0) -> 37629976 | N13: =ROUND(MEDIAN(F13,H13,J13,L13),0) -> 7644076 | P13: =ROUND(GEOMEAN(F13,H13,J13,L13),0) -> 6949893 | R13: =ROUND(HARMEAN(F13,H13,J13,L13),0) -> 6740599 | V13: =ROUND((((MIN(N13:R13)*3)+SMALL(N13:R13,2)+SMALL(N13:R13,3))/5),0) -> 6963153 | W13: =ROUND(V13*$E13*$C13*$D13,0) -> 17988145 | Y13: =ROUND((+V13*3.23%),0) -> 224910 | Z13: =ROUND((+V13+Y13),0) -> 7188063 | AA13: =ROUND(Z13*12*$C13*$D13,0) -> 43128378 | AC13: =ROUND(Z13*3%,0) -> 215642 | AD13: =ROUND((+Z13+AC13),0) -> 7403705 | AE13: =ROUND(AD13*12*$C13*$D13,0) -> 44422230 | AG13: Abogado | AH13: =HOMO_TH!Y11 -> 12418845 | AI13: =V13 -> 6963153 | AJ13: =(AI13-AH13)/AH13 -> -0.43930752
A14: 1.7. | B14: SUPERVISORES OPERATIVOS | C14: 13 | D14: 1 | E14: =5+(5/30) -> 5.1666667 | F14: 4400000 | G14: =ROUND(F14*$D14*$E14*$C14,0) -> 295533333 | H14: 3809029 | I14: =ROUND(H14*$D14*$E14*$C14,0) -> 255839781 | J14: 5040750 | K14: =ROUND(J14*$D14*$E14*$C14,0) -> 338570375 | L14: 4290653.5 | M14: =ROUND(L14*$D14*$E14*$C14,0) -> 288188896 | N14: =ROUND(MEDIAN(F14,H14,J14,L14),0) -> 4345327 | P14: =ROUND(GEOMEAN(F14,H14,J14,L14),0) -> 4363363 | R14: =ROUND(HARMEAN(F14,H14,J14,L14),0) -> 4341904 | V14: =ROUND((((MIN(N14:R14)*3)+SMALL(N14:R14,2)+SMALL(N14:R14,3))/5),0) -> 4346880 | W14: =ROUND(V14*$E14*$C14*$D14,0) -> 291965440 | Y14: =ROUND((+V14*3.23%),0) -> 140404 | Z14: =ROUND((+V14+Y14),0) -> 4487284 | AA14: =ROUND(Z14*12*$C14*$D14,0) -> 700016304 | AC14: =ROUND(Z14*3%,0) -> 134619 | AD14: =ROUND((+Z14+AC14),0) -> 4621903 | AE14: =ROUND(AD14*12*$C14*$D14,0) -> 721016868 | AG14: Supervisor operativo | AH14: =HOMO_TH!Y12 -> 7230231 | AI14: =V14 -> 4346880 | AJ14: =(AI14-AH14)/AH14 -> -0.39879099
A15: 1.8. | B15: SUPERVISORES TÉCNICOS | C15: 13 | D15: 1 | E15: =5+(5/30) -> 5.1666667 | F15: 4200000 | G15: =ROUND(F15*$D15*$E15*$C15,0) -> 282100000 | H15: 3929693.4 | I15: =ROUND(H15*$D15*$E15*$C15,0) -> 263944407 | J15: 5095035 | K15: =ROUND(J15*$D15*$E15*$C15,0) -> 342216518 | L15: 4360686.2 | M15: =ROUND(L15*$D15*$E15*$C15,0) -> 292892758 | N15: =ROUND(MEDIAN(F15,H15,J15,L15),0) -> 4280343 | P15: =ROUND(GEOMEAN(F15,H15,J15,L15),0) -> 4376002 | R15: =ROUND(HARMEAN(F15,H15,J15,L15),0) -> 4356543 | V15: =ROUND((((MIN(N15:R15)*3)+SMALL(N15:R15,2)+SMALL(N15:R15,3))/5),0) -> 4314715 | W15: =ROUND(V15*$E15*$C15*$D15,0) -> 289805024 | Y15: =ROUND((+V15*3.23%),0) -> 139365 | Z15: =ROUND((+V15+Y15),0) -> 4454080 | AA15: =ROUND(Z15*12*$C15*$D15,0) -> 694836480 | AC15: =ROUND(Z15*3%,0) -> 133622 | AD15: =ROUND((+Z15+AC15),0) -> 4587702 | AE15: =ROUND(AD15*12*$C15*$D15,0) -> 715681512 | AG15: Supervisor operativo | AH15: =HOMO_TH!Y13 -> 7230231 | AI15: =V15 -> 4314715 | AJ15: =(AI15-AH15)/AH15 -> -0.40323968
A16: 1.9. | B16: ANALISTA DE DATOS | C16: 1 | D16: 1 | E16: =5+(5/30) -> 5.1666667 | F16: 3900000 | G16: =ROUND(F16*$D16*$E16*$C16,0) -> 20150000 | H16: 10188094 | I16: =ROUND(H16*$E16*$C16,0) -> 52638486 | J16: 5428500 | K16: =ROUND(J16*$D16*$E16*$C16,0) -> 28047250 | L16: 3690486.5 | M16: =ROUND(L16*$D16*$E16*$C16,0) -> 19067514 | N16: =ROUND(MEDIAN(F16,H16,J16,L16),0) -> 4664250 | P16: =ROUND(GEOMEAN(F16,H16,J16,L16),0) -> 5311660 | R16: =ROUND(HARMEAN(F16,H16,J16,L16),0) -> 4939833 | V16: =ROUND((((MIN(N16:R16)*3)+SMALL(N16:R16,2)+SMALL(N16:R16,3))/5),0) -> 4848849 | W16: =ROUND(V16*$E16*$C16*$D16,0) -> 25052387 | Y16: =ROUND((+V16*3.23%),0) -> 156618 | Z16: =ROUND((+V16+Y16),0) -> 5005467 | AA16: =ROUND(Z16*12*$C16*$D16,0) -> 60065604 | AC16: =ROUND(Z16*3%,0) -> 150164 | AD16: =ROUND((+Z16+AC16),0) -> 5155631 | AE16: =ROUND(AD16*12*$C16*$D16,0) -> 61867572 | AG16: Analista de datos | AH16: =HOMO_TH!Y14 -> 7230231 | AI16: =V16 -> 4848849 | AJ16: =(AI16-AH16)/AH16 -> -0.32936458
A17: 2. OTROS COSTOS DIRECTOS ASOCIADOS A LA OPERACIÓN
A18: 2.1. | B18: Movilización para realización de las visitas a los Colegios Distritales, Sedes Administrativas de la Secretaría de Educación del Distrito -SED y Empresas ejecutoras del contrato de vigilancia ( ANEXO TÉCNICO Numeral 5) | C18: 1 | D18: N/A | F18: 140000000 | H18: 82056000 | J18: 31020000 | L18: =((108372917*5.2%+108372917)/5.5)*5.17 -> 1.0716781e+08 | O18: =ROUND(MEDIAN(F18,H18,J18,L18),0) -> 94611905 | Q18: =ROUND(GEOMEAN(F18,H18,J18,L18),0) -> 78611509 | S18: =ROUND(HARMEAN(F18,H18,J18,L18),0) -> 65683513 | V18: =ROUND(W18/$E$8,0) -> 14333185 | W18: =ROUND((((MIN(O18:S18)*3)+SMALL(O18:S18,2)+SMALL(O18:S18,3))/5),0) -> 74054791 | Y18: =ROUND((+V18*3.23%),0) -> 462962 | Z18: =ROUND((+V18+Y18),0) -> 14796147 | AA18: =ROUNDUP((+Z18*12),0) -> 177553764 | AC18: =ROUND(Z18*3%,0) -> 443884 | AD18: =ROUND((+Z18+AC18),0) -> 15240031 | AE18: =ROUND((+AD18*12),0) -> 182880372
A19: 2.2. | B19: Asignar al personal mínimo requerido equipos de comunicación idóneos durante la ejecución el contrato (ver ANEXO TÉCNICO Numerales 8,9,10 y 13.) | C19: 1 | D19: N/A | F19: 50000000 | H19: 112248400 | J19: 186120000 | L19: =((36109065*5.2%+36109065)/5.5)*5.17 -> 35707532 | O19: =ROUND(MEDIAN(F19,H19,J19,L19),0) -> 81124200 | Q19: =ROUND(GEOMEAN(F19,H19,J19,L19),0) -> 78149420 | S19: =ROUND(HARMEAN(F19,H19,J19,L19),0) -> 64218872 | V19: =ROUND(W19/$E$8,0) -> 13623106 | W19: =ROUND((((MIN(O19:S19)*3)+SMALL(O19:S19,2)+SMALL(O19:S19,3))/5),0) -> 70386047 | Y19: =ROUND((+V19*3.23%),0) -> 440026 | Z19: =ROUND((+V19+Y19),0) -> 14063132 | AA19: =ROUNDUP((+Z19*12),0) -> 168757584 | AC19: =ROUND(Z19*3%,0) -> 421894 | AD19: =ROUND((+Z19+AC19),0) -> 14485026 | AE19: =ROUND((+AD19*12),0) -> 173820312
A20: 3. GASTOS ADMINISTRATIVOS
A21: 3 | B21: Gastos Administrativos | C21: 1 | D21: N/A | F21: 107070950 | H21: 500000000 | J21: 51700000 | L21: =((103281457*5.2%+103281457)/5.5)*5.17 -> 1.0213297e+08 | O21: =ROUND(MEDIAN(F21,H21,J21,L21),0) -> 104601959 | Q21: =ROUND(GEOMEAN(F21,H21,J21,L21),0) -> 129665530 | S21: =ROUND(HARMEAN(F21,H21,J21,L21),0) -> 98831029 | V21: =ROUND(W21/$E$8,0) -> 20545571 | W21: =ROUND((((MIN(O21:S21)*3)+SMALL(O21:S21,2)+SMALL(O21:S21,3))/5),0) -> 106152115 | Y21: =ROUND((+V21*3.23%),0) -> 663622 | Z21: =ROUND((+V21+Y21),0) -> 21209193 | AA21: =ROUNDUP((+Z21*12),0) -> 254510316 | AC21: =ROUND(Z21*3%,0) -> 636276 | AD21: =ROUND((+Z21+AC21),0) -> 21845469 | AE21: =ROUND((+AD21*12),0) -> 262145628
W22: =ROUND((SUM(W8:W21)),0) -> 1141758533 | AA22: =SUM(AA8:AA21) -> 2737480194 | AE22: =SUM(AE8:AE21) -> 2819604606
A24: RESUMEN 2025 | F24: 1. JFS CONSULTORES SAS 25/04/2025 | H24: 2. VCO S.A.S 25/04/20255 | J24: =J5 -> 3. OLI CONSULTING 24/04/2025 | L24: =L5 -> 4. No. SED-CM-A-DSA-063-2024 ALIANZA INTEGRAL DE PROYECTOS SAS | W24: ESTIMACIÓN DEL PRESUPUESTO MEDIANTE METODOLOGÍA PERT 2025 | AA24: ESTIMACIÓN DEL PRESUPUESTO MEDIANTE METODOLOGÍA PERT 2026 | AE24: ESTIMACIÓN DEL PRESUPUESTO MEDIANTE METODOLOGÍA PERT 2027 | AG24: ESTIMACIÓN DEL PRESUPUESTO MEDIANTE METODOLOGÍA PERT 2027
A25: SUBTOTAL COSTO DIRECTOS (Sumatoria N°1 y 2) | F25: =SUM(G8:G16)+F18+F19 -> 1102433332 | H25: =SUM(I8:I16)+H18+H19 -> 1071278314 | J25: =SUM(K8:K16)+J18+J19 -> 1210453393 | L25: =SUM(M8:M16)+L18+L19 -> 1.0658237e+09 | O25: =MEDIAN(F25,H25,J25,L25) -> 1086855823 | Q25: =GEOMEAN(F25,H25,J25,L25) -> 1.1110204e+09 | S25: =HARMEAN(F25,H25,J25,L25) -> 1.1095926e+09 | W25: =ROUND((+W8+W9+W10+W11+W12+W13+W14+W15+W16+W18+W19),0) -> 1035606418 | AA25: =+AA8+AA9+AA10+AA11+AA12+AA13+AA14+AA15+AA16+AA18+AA19 -> 2482969878 | AE25: =+AE8+AE9+AE10+AE11+AE12+AE13+AE14+AE15+AE16+AE18+AE19 -> 2557458978 | AG25: =SUM(W25:AE25) -> 6076035274
A26: GASTOS ADMINISTRATIVOS (N° 3) | F26: =F21 -> 107070950 | H26: =H21 -> 500000000 | J26: =J21 -> 51700000 | L26: =L21 -> 1.0213297e+08 | O26: =MEDIAN(F26,H26,J26,L26) -> 1.0460196e+08 | Q26: =GEOMEAN(F26,H26,J26,L26) -> 1.2966553e+08 | S26: =HARMEAN(F26,H26,J26,L26) -> 98831029 | W26: =ROUND((+W21),0) -> 106152115 | AA26: =+AA21 -> 254510316 | AE26: =+AE21 -> 262145628 | AG26: =SUM(W26:AE26) -> 622808059
A27: SUBTOTAL COTIZACIÓN | F27: =F25+F26 -> 1209504282 | H27: =H25+H26 -> 1571278314 | J27: =J25+J26 -> 1262153393 | L27: =L25+L26 -> 1.1679567e+09 | O27: =MEDIAN(F27,H27,J27,L27) -> 1.2358288e+09 | Q27: =GEOMEAN(F27,H27,J27,L27) -> 1.2937485e+09 | S27: =HARMEAN(F27,H27,J27,L27) -> 1.28547e+09 | W27: =SUM(W25:W26) -> 1141758533 | AA27: =SUM(AA25:AA26) -> 2737480194 | AE27: =SUM(AE25:AE26) -> 2819604606 | AG27: =SUM(W27:AE27) -> 6698843333
A28: IVA | F28: =F27*19% -> 2.2980581e+08 | H28: =H27*19% -> 2.9854288e+08 | J28: =J27*19% -> 2.3980914e+08 | L28: =L27*19% -> 2.2191177e+08 | O28: =MEDIAN(F28,H28,J28,L28) -> 2.3480748e+08 | Q28: =GEOMEAN(F28,H28,J28,L28) -> 2.4581221e+08 | S28: =HARMEAN(F28,H28,J28,L28) -> 2.442393e+08 | W28: =ROUND((+W27*19%),0) -> 216934121 | AA28: =ROUND((+AA27*19%),0) -> 520121237 | AE28: =ROUND((+AE27*19%),0) -> 535724875 | AG28: =ROUND(SUM(W28:AE28),0) -> 1272780233
A29: TOTAL COTIZACIÓN | F29: =SUM(F27:G28) -> 1.4393101e+09 | H29: =SUM(H27:I28) -> 1.8698212e+09 | J29: =SUM(J27:K28) -> 1.5019625e+09 | L29: =SUM(L27:M28) -> 1.3898684e+09 | V29: VALOR TOTAL | W29: =ROUND((+W27+W28),0) -> 1358692654 | AA29: =ROUND((+AA27+AA28),0) -> 3257601431 | AE29: =ROUND((+AE27+AE28),0) -> 3355329481 | AG29: =ROUND((+AG27+AG28),0) -> 7971623566
V30: VALOR MES | W30: =ROUND((+W29/155)*30,0) -> 262972772 | Z30: =(AA30-W30)/W30 -> 0.032299975 | AA30: =ROUND(AA29/12,0) -> 271466786 | AD30: =(AE30-AA30)/AA30 -> 0.030000002 | AE30: =ROUND(AE29/12,0) -> 279610790 | AG30: =ROUND(AG29/12,0) -> 664301964
AG34: CDP | AH34: VALOR CDP
V35: vr. Mes 2025 | W35: =W29/155*30 -> 2.6297277e+08 | Y35: vr. 5 meses 5 dias2025 | AA35: =ROUND((+W35/30*155),0) -> 1358692654 | AE35: 1386161735 | AF35: VF APROBADAS | AG35: 1518 | AH35: 1386161735 | AI35: =(AH35-AA35)/AH35 -> 0.019816649 | AJ35: =AH35-AA35 -> 27469081
AE36: =+AE35-AA35 -> 27469081 | AF36: DIFERENCIA
V37: vr. Mes 2026 | W37: =AA29/12 -> 2.7146679e+08 | Y37: 2026 - vr. 12 meses | AA37: =+W37*12 -> 3257601431 | AE37: 3316056552 | AF37: VF APROBADAS | AG37: 10 | AH37: 3219472381 | AI37: =(AH37-AA37)/AH37 -> -0.01184326 | AJ37: =AH37-AA37 -> -38129050
AE38: =+AE37-AA37 -> 58455121 | AF38: DIFERENCIA
V39: vr. Mes 2027 | W39: =AE29/12 -> 2.7961079e+08 | Y39: 2027 - vr. 12 meses | AA39: =+W39*12 -> 3355329481 | AE39: 3415538196 | AF39: VF APROBADAS | AG39: 6 | AH39: 3219472381 | AI39: =(AH39-AA39)/AH39 -> -0.04219856 | AJ39: =AH39-AA39 -> -135857100
AE40: =+AE39-AA39 -> 60208715 | AF40: DIFERENCIA
V41: VALOR TOTAL CONTRATO DESDE 25/07/2025 HASTA 31/12/2027 | AA41: =+AA35+AA37+AA39 -> 7971623566 | AC41: =redondera(AA41*60%;0) | AE41: =+AE35+AE37+AE39 -> 8117756483 | AF41: VF APROBADAS | AH41: =SUM(AH35:AH40) -> 7825106497
AE42: =+AE41-AA41 -> 146132917 | AF42: DIFERENCIA
Y44: 2024
V45: 5 meses 14 dias | Y45: vr. 14 dias | Z45: vr. Mes | AA45: valor cto
V46: Actual | Y46: =(+AA46/164)*14 -> 1.1541073e+08 | Z46: =+AA46/164*30 -> 2.4730871e+08 | AA46: 1.3519543e+09
AA48: =ROUND(AA41/1423500,0) -> 5600

Sheet 02. ANÁLISIS FINAL OAPRE
U2: PERT SIN PROMEDIO PERO CON ARMONICA
A4: DOCUMENTO DE VALIDACIÓN DE PRECIOS DE REFERENCIA | N4: VALORES TOTALES | V4: =5*30 -> 150 | W4: =V4+5 -> 155 | Y4: =W4/30 -> 5.1666667
A5: CONSOLIDADO DE COTIZACIONES | F5: 1. JFS CONSULTORES SAS 25/04/2025 | H5: 2. VCO S.A.S 25/04/2025 | J5: 3. OLI CONSULTING 24/04/2025 | L5: 4. No. SED-CM-A-DSA-063-2024 ALIANZA INTEGRAL DE PROYECTOS SAS | N5: MEDIANA | O5: MEDIA GEOMETRICA | P5: MEDIA ARMONICA | V5: ESTIMACIÓN DEL PRESUPUESTO MEDIANTE METODOLOGÍA PERT 2025 5 meses 5 dias | Y5: ESTIMACIÓN DEL PRESUPUESTO MEDIANTE METODOLOGÍA PERT 2026 (12 meses) | AC5: ESTIMACIÓN DEL PRESUPUESTO MEDIANTE METODOLOGÍA PERT 2027 (12 meses)
A6: N° | B6: Descripción Personal Requerido (Ver Anexo Técnico Numeral 13 y 14) | C6: Personal Requerido | D6: % de dedicación | E6: Plazo | F6: Valor mensual unitario | G6: Valor total | H6: Valor mensual unitario | I6: Valor total | J6: Valor mensual unitario | K6: Valor total | L6: Valor mensual unitario | M6: Valor total | N6: VALOR TOTAL | O6: VALOR TOTAL | P6: VALOR TOTAL | T6: MENOR | V6: VALOR TOTAL | W6: vr. Mes | Y6: incremento 3,23% | Z6: Vr. Mes con incremento | AA6: VALOR TOTAL * 12 meses | AC6: incremento 3% | AD6: Vr. Mes con incremento | AE6: VALOR TOTAL * 12 meses | AG6: HOMOLOGACIÓN PERFILES TABLA DE HONORARIOS SED | AI6: VALOR ESTUDIO DE SECTOR | AJ6: % VARIACIÓN | AQ6: =5/30 -> 0.16666667
A7: 1. COSTOS DIRECTOS DE RECURSO HUMANO MÍNIMO REQUERIDO
A8: 1.1. | B8: DIRECTOR DE INTERVENTORIA | C8: 1 | D8: 1 | E8: 5.17 | F8: 17400000 | G8: =ROUND(F8*$D8*$E8*$C8,0) -> 89958000 | H8: 13098978 | I8: =ROUND(H8*$D8*$E8*$C8,0) -> 67721716 | J8: 14734500 | K8: =ROUND(J8*$D8*$E8*$C8,0) -> 76177365 | L8: 12985803 | M8: =ROUND(L8*$D8*$E8*$C8,0) -> 67136600 | N8: =MEDIAN(G8,I8,K8,M8) -> 71949540 | O8: =GEOMEAN(G8,I8,K8,M8) -> 74711638 | P8: =HARMEAN(G8,I8,K8,M8) -> 74204791 | T8: =MIN(N8:P8) -> 71949540 | V8: =+((MIN(N8:P8)*3)+SMALL(N8:P8,2)+SMALL(N8:P8,3))/5 -> 72953010 | W8: =ROUND((+V8/155)*30,0) -> 14119937 | Y8: =ROUND((+W8*3.23%),0) -> 456074 | Z8: =ROUND((+W8+Y8),0) -> 14576011 | AA8: =ROUNDUP((+Z8*12),0) -> 174912132 | AC8: =+Z8*3% -> 437280.33 | AD8: =ROUND((+Z8+AC8),0) -> 15013291 | AE8: =ROUND((+AD8*12),0) -> 180159492 | AG8: Director de la Interventoría | AH8: 14747485 | AI8: =W8/C8 -> 14119937 | AJ8: =(AI8-AH8)/AH8 -> -0.042552883 | AL8: =V8/5.17/C8 -> 14110834
A9: 1.2. | B9: COORDINADOR ADMINISTRATIVO Y FINANCIERO | C9: 1 | D9: 1 | E9: 5.17 | F9: 8600000 | G9: =ROUND(F9*$D9*$E9*$C9,0) -> 44462000 | H9: 10915815 | I9: =ROUND(H9*$D9*$E9*$C9,0) -> 56434764 | J9: 9306000 | K9: =ROUND(J9*$D9*$E9*$C9,0) -> 48112020 | L9: 11332919 | M9: =ROUND(L9*$D9*$E9*$C9,0) -> 58591193 | N9: =MEDIAN(G9,I9,K9,M9) -> 52273392 | O9: =GEOMEAN(G9,I9,K9,M9) -> 51570983 | P9: =HARMEAN(G9,I9,K9,M9) -> 51240711 | T9: =MIN(N9:P9) -> 51240711 | V9: =+((MIN(N9:P9)*3)+SMALL(N9:P9,2)+SMALL(N9:P9,3))/5 -> 51513302 | W9: =ROUND((+V9/155)*30,0) -> 9970316 | Y9: =ROUND((+W9*3.23%),0) -> 322041 | Z9: =ROUND((+W9+Y9),0) -> 10292357 | AA9: =ROUNDUP((+Z9*12),0) -> 123508284 | AC9: =+Z9*3% -> 308770.71 | AD9: =ROUND((+Z9+AC9),0) -> 10601128 | AE9: =ROUND((+AD9*12),0) -> 127213536 | AG9: Coordinador Administrativo y Financiero | AH9: 12418845 | AI9: =W9/C9 -> 9970316 | AJ9: =(AI9-AH9)/AH9 -> -0.19716238 | AL9: =V9/5.17/C9 -> 9963888.2
A10: 1.3. | B10: COORDINADOR OPERATIVO | C10: 1 | D10: 1 | E10: 5.17 | F10: 10500000 | G10: =ROUND(F10*$D10*$E10*$C10,0) -> 54285000 | H10: 10188094 | I10: =ROUND(H10*$D10*$E10*$C10,0) -> 52672446 | J10: 9306000 | K10: =ROUND(J10*$D10*$E10*$C10,0) -> 48112020 | L10: 11090346 | M10: =ROUND(L10*$D10*$E10*$C10,0) -> 57337089 | N10: =MEDIAN(G10,I10,K10,M10) -> 53478723 | O10: =GEOMEAN(G10,I10,K10,M10) -> 52995396 | P10: =HARMEAN(G10,I10,K10,M10) -> 52887598 | T10: =MIN(N10:P10) -> 52887598 | V10: =+((MIN(N10:P10)*3)+SMALL(N10:P10,2)+SMALL(N10:P10,3))/5 -> 53027383 | W10: =ROUND((+V10/155)*30,0) -> 10263364 | Y10: =ROUND((+W10*3.23%),0) -> 331507 | Z10: =ROUND((+W10+Y10),0) -> 10594871 | AA10: =ROUNDUP((+Z10*12),0) -> 127138452 | AC10: =+Z10*3% -> 317846.13 | AD10: =ROUND((+Z10+AC10),0) -> 10912717 | AE10: =ROUND((+AD10*12),0) -> 130952604 | AG10: Coordinador Operativo | AH10: 11383514 | AI10: =W10/C10 -> 10263364 | AJ10: =(AI10-AH10)/AH10 -> -0.098401074 | AL10: =V10/5.17/C10 -> 10256747
A11: 1.4. | B11: COORDINADOR TÉCNICO | C11: 1 | D11: 1 | E11: 5.17 | F11: 7200000 | G11: =ROUND(F11*$D11*$E11*$C11,0) -> 37224000 | H11: 10188094 | I11: =ROUND(H11*$D11*$E11*$C11,0) -> 52672446 | J11: 9306000 | K11: =ROUND(J11*$D11*$E11*$C11,0) -> 48112020 | L11: 11090346 | M11: =ROUND(L11*$D11*$E11*$C11,0) -> 57337089 | N11: =MEDIAN(G11,I11,K11,M11) -> 50392233 | O11: =GEOMEAN(G11,I11,K11,M11) -> 48225189 | P11: =HARMEAN(G11,I11,K11,M11) -> 47576460 | T11: =MIN(N11:P11) -> 47576460 | V11: =+((MIN(N11:P11)*3)+SMALL(N11:P11,2)+SMALL(N11:P11,3))/5 -> 48269360 | W11: =ROUND((+V11/155)*30,0) -> 9342457 | Y11: =ROUND((+W11*3.23%),0) -> 301761 | Z11: =ROUND((+W11+Y11),0) -> 9644218 | AA11: =ROUNDUP((+Z11*12),0) -> 115730616 | AC11: =+Z11*3% -> 289326.54 | AD11: =ROUND((+Z11+AC11),0) -> 9933545 | AE11: =ROUND((+AD11*12),0) -> 119202540 | AG11: Coordinador Técnico | AH11: 8796895 | AI11: =W11/C11 -> 9342457 | AJ11: =(AI11-AH11)/AH11 -> 0.062017564 | AL11: =V11/5.17/C11 -> 9336433.4
A12: 1.5. | B12: ANALISTA DE SEGURIDAD | C12: 1 | D12: 1 | E12: 5.17 | F12: 8600000 | G12: =ROUND(F12*$D12*$E12*$C12,0) -> 44462000 | H12: 6549489 | I12: =ROUND(H12*$D12*$E12*$C12,0) -> 33860858 | J12: 7755000 | K12: =ROUND(J12*$D12*$E12*$C12,0) -> 40093350 | L12: 8694629.6 | M12: =ROUND(L12*$D12*$E12*$C12,0) -> 44951235 | N12: =MEDIAN(G12,I12,K12,M12) -> 42277675 | O12: =GEOMEAN(G12,I12,K12,M12) -> 40585905 | P12: =HARMEAN(G12,I12,K12,M12) -> 40317759 | T12: =MIN(N12:P12) -> 40317759 | V12: =+((MIN(N12:P12)*3)+SMALL(N12:P12,2)+SMALL(N12:P12,3))/5 -> 40763372 | W12: =ROUND((+V12/155)*30,0) -> 7889685 | Y12: =ROUND((+W12*3.23%),0) -> 254837 | Z12: =ROUND((+W12+Y12),0) -> 8144522 | AA12: =ROUNDUP((+Z12*12),0) -> 97734264 | AC12: =+Z12*3% -> 244335.66 | AD12: =ROUND((+Z12+AC12),0) -> 8388858 | AE12: =ROUND((+AD12*12),0) -> 100666296 | AG12: Analistad e seguridad | AH12: 14747485 | AI12: =W12/C12 -> 7889685 | AJ12: =(AI12-AH12)/AH12 -> -0.46501488 | AL12: =V12/5.17/C12 -> 7884598
A13: 1.6. | B13: ABOGADO | C13: 0.5 | D13: 0.5 | E13: 5.17 | F13: 8600000 | G13: =ROUND(F13*$E13*$C13,0) -> 22231000 | H13: 8004931 | I13: =ROUND(H13*$E13*$C13,0) -> 20692747 | J13: 4653000 | K13: =ROUND(J13*$E13*$C13,0) -> 12028005 | L13: 7283221.1 | M13: =ROUND(L13*$E13*$C13,0) -> 18827127 | N13: =MEDIAN(G13,I13,K13,M13) -> 19759937 | O13: =GEOMEAN(G13,I13,K13,M13) -> 17965475 | P13: =HARMEAN(G13,I13,K13,M13) -> 17424449 | T13: =MIN(N13:P13) -> 17424449 | V13: =+((MIN(N13:P13)*3)+SMALL(N13:P13,2)+SMALL(N13:P13,3))/5 -> 17999752 | W13: =ROUND((+V13/155)*30,0) -> 3483823 | Y13: =ROUND((+W13*3.23%),0) -> 112527 | Z13: =ROUND((+W13+Y13),0) -> 3596350 | AA13: =ROUNDUP((+Z13*12),0) -> 43156200 | AC13: =+Z13*3% -> 107890.5 | AD13: =ROUND((+Z13+AC13),0) -> 3704241 | AE13: =ROUND((+AD13*12),0) -> 44450892 | AG13: Abogado | AH13: 12418845 | AI13: =W13/C13 -> 6967646 | AJ13: =(AI13-AH13)/AH13 -> -0.43894573 | AL13: =V13/5.17/C13 -> 6963153.4
A14: 1.7. | B14: SUPERVISORES OPERATIVOS (13) | C14: 13 | D14: 1 | E14: 5.17 | F14: 4400000 | G14: =ROUND(F14*$D14*$E14*$C14,0) -> 295724000 | H14: 3809029 | I14: =ROUND(H14*$D14*$E14*$C14,0) -> 256004839 | J14: 5040750 | K14: =ROUND(J14*$D14*$E14*$C14,0) -> 338788808 | L14: 4290653.5 | M14: =ROUND(L14*$D14*$E14*$C14,0) -> 288374824 | N14: =MEDIAN(G14,I14,K14,M14) -> 292049412 | O14: =GEOMEAN(G14,I14,K14,M14) -> 2.9326166e+08 | P14: =HARMEAN(G14,I14,K14,M14) -> 2.918194e+08 | T14: =MIN(N14:P14) -> 2.918194e+08 | V14: =+((MIN(N14:P14)*3)+SMALL(N14:P14,2)+SMALL(N14:P14,3))/5 -> 2.9215385e+08 | W14: =ROUND((+V14/155)*30,0) -> 56545907 | Y14: =ROUND((+W14*3.23%),0) -> 1826433 | Z14: =ROUND((+W14+Y14),0) -> 58372340 | AA14: =ROUNDUP((+Z14*12),0) -> 700468080 | AC14: =+Z14*3% -> 1751170.2 | AD14: =ROUND((+Z14+AC14),0) -> 60123510 | AE14: =ROUND((+AD14*12),0) -> 721482120 | AG14: Supervisor operativo | AH14: 7230231 | AI14: =W14/C14 -> 4349685.2 | AJ14: =(AI14-AH14)/AH14 -> -0.39840302 | AL14: =V14/5.17/C14 -> 4346880.7
A15: 1.8. | B15: SUPERVISORES TÉCNICOS(13) | C15: 13 | D15: 1 | E15: 5.17 | F15: 4200000 | G15: =ROUND(F15*$D15*$E15*$C15,0) -> 282282000 | H15: 3929693.4 | I15: =ROUND(H15*$D15*$E15*$C15,0) -> 264114693 | J15: 5095035 | K15: =ROUND(J15*$D15*$E15*$C15,0) -> 342437302 | L15: 4360686.2 | M15: =ROUND(L15*$D15*$E15*$C15,0) -> 293081721 | N15: =MEDIAN(G15,I15,K15,M15) -> 2.8768186e+08 | O15: =GEOMEAN(G15,I15,K15,M15) -> 2.9411108e+08 | P15: =HARMEAN(G15,I15,K15,M15) -> 2.9280324e+08 | T15: =MIN(N15:P15) -> 2.8768186e+08 | V15: =+((MIN(N15:P15)*3)+SMALL(N15:P15,2)+SMALL(N15:P15,3))/5 -> 2.8999198e+08 | W15: =ROUND((+V15/155)*30,0) -> 56127480 | Y15: =ROUND((+W15*3.23%),0) -> 1812918 | Z15: =ROUND((+W15+Y15),0) -> 57940398 | AA15: =ROUNDUP((+Z15*12),0) -> 695284776 | AC15: =+Z15*3% -> 1738211.9 | AD15: =ROUND((+Z15+AC15),0) -> 59678610 | AE15: =ROUND((+AD15*12),0) -> 716143320 | AG15: Supervisor operativo | AH15: 7230231 | AI15: =W15/C15 -> 4317498.5 | AJ15: =(AI15-AH15)/AH15 -> -0.4028547 | AL15: =V15/5.17/C15 -> 4314714.8
A16: 1.9. | B16: ANALISTA DE DATOS | C16: 1 | D16: 1 | E16: 5.17 | F16: 3900000 | G16: =ROUND(F16*$D16*$E16*$C16,0) -> 20163000 | H16: 10188094 | I16: =ROUND(H16*$E16*$C16,0) -> 52672446 | J16: 5428500 | K16: =ROUND(J16*$D16*$E16*$C16,0) -> 28065345 | L16: 3690486.5 | M16: =ROUND(L16*$D16*$E16*$C16,0) -> 19079815 | N16: =MEDIAN(G16,I16,K16,M16) -> 24114172 | O16: =GEOMEAN(G16,I16,K16,M16) -> 27461281 | P16: =HARMEAN(G16,I16,K16,M16) -> 25538936 | T16: =MIN(N16:P16) -> 24114172 | V16: =+((MIN(N16:P16)*3)+SMALL(N16:P16,2)+SMALL(N16:P16,3))/5 -> 25068547 | W16: =ROUND((+V16/155)*30,0) -> 4851977 | Y16: =ROUND((+W16*3.23%),0) -> 156719 | Z16: =ROUND((+W16+Y16),0) -> 5008696 | AA16: =ROUNDUP((+Z16*12),0) -> 60104352 | AC16: =+Z16*3% -> 150260.88 | AD16: =ROUND((+Z16+AC16),0) -> 5158957 | AE16: =ROUND((+AD16*12),0) -> 61907484 | AG16: Analista de datos | AH16: 7230231 | AI16: =W16/C16 -> 4851977 | AJ16: =(AI16-AH16)/AH16 -> -0.32893195 | AL16: =V16/5.17/C16 -> 4848848.6
A17: 2. OTROS COSTOS DIRECTOS ASOCIADOS A LA OPERACIÓN | Y17: =ROUND((+W17*3.23%),0) -> 0
A18: 2.1. | B18: Movilización para realización de las visitas a los Colegios Distritales, Sedes Administrativas de la Secretaría de Educación del Distrito -SED y Empresas ejecutoras del contrato de vigilancia ( ANEXO TÉCNICO Numeral 5) | C18: 1 | D18: N/A | F18: 140000000 | H18: 82056000 | J18: 31020000 | L18: =((108372917*5.2%+108372917)/5.5)*5.17 -> 1.0716781e+08 | N18: =MEDIAN(F18,H18,J18,L18) -> 94611905 | O18: =GEOMEAN(F18,H18,J18,L18) -> 78611509 | P18: =HARMEAN(F18,H18,J18,L18) -> 65683513 | T18: =MIN(N18:P18) -> 65683513 | V18: =+((MIN(N18:P18)*3)+SMALL(N18:P18,2)+SMALL(N18:P18,3))/5 -> 74054790 | W18: =ROUND((+V18/155)*30,0) -> 14333185 | Y18: =ROUND((+W18*3.23%),0) -> 462962 | Z18: =ROUND((+W18+Y18),0) -> 14796147 | AA18: =ROUNDUP((+Z18*12),0) -> 177553764 | AC18: =+Z18*3% -> 443884.41 | AD18: =ROUND((+Z18+AC18),0) -> 15240031 | AE18: =ROUND((+AD18*12),0) -> 182880372
A19: 2.2. | B19: Asignar al personal mínimo requerido equipos de comunicación idóneos durante la ejecución el contrato (ver ANEXO TÉCNICO Numerales 8,9,10 y 13.) | C19: 1 | D19: N/A | F19: 50000000 | G19: 50000000 | H19: 112248400 | J19: 186120000 | L19: =((36109065*5.2%+36109065)/5.5)*5.17 -> 35707532 | N19: =MEDIAN(F19,H19,J19,L19) -> 81124200 | O19: =GEOMEAN(F19,H19,J19,L19) -> 78149420 | P19: =HARMEAN(F19,H19,J19,L19) -> 64218872 | T19: =MIN(N19:P19) -> 64218872 | V19: =+((MIN(N19:P19)*3)+SMALL(N19:P19,2)+SMALL(N19:P19,3))/5 -> 70386047 | W19: =ROUND((+V19/155)*30,0) -> 13623106 | Y19: =ROUND((+W19*3.23%),0) -> 440026 | Z19: =ROUND((+W19+Y19),0) -> 14063132 | AA19: =ROUNDUP((+Z19*12),0) -> 168757584 | AC19: =+Z19*3% -> 421893.96 | AD19: =ROUND((+Z19+AC19),0) -> 14485026 | AE19: =ROUND((+AD19*12),0) -> 173820312
A20: 3. GASTOS ADMINISTRATIVOS | Y20: =ROUND((+W20*3.23%),0) -> 0
A21: 3 | B21: Gastos Administrativos | C21: 1 | D21: N/A | F21: 107070950 | H21: 500000000 | J21: 51700000 | L21: =((103281457*5.2%+103281457)/5.5)*5.17 -> 1.0213297e+08 | N21: =MEDIAN(F21,H21,J21,L21) -> 1.0460196e+08 | O21: =GEOMEAN(F21,H21,J21,L21) -> 1.2966553e+08 | P21: =HARMEAN(F21,H21,J21,L21) -> 98831029 | T21: =MIN(N21:P21) -> 98831029 | V21: =+((MIN(N21:P21)*3)+SMALL(N21:P21,2)+SMALL(N21:P21,3))/5 -> 1.0615212e+08 | W21: =ROUND((+V21/155)*30,0) -> 20545571 | Y21: =ROUND((+W21*3.23%),0) -> 663622 | Z21: =ROUND((+W21+Y21),0) -> 21209193 | AA21: =ROUNDUP((+Z21*12),0) -> 254510316 | AC21: =+Z21*3% -> 636275.79 | AD21: =ROUND((+Z21+AC21),0) -> 21845469 | AE21: =ROUND((+AD21*12),0) -> 262145628
T22: VALOR TOTAL | V22: =ROUND((SUM(V8:V21)),0) -> 1142333511 | AA22: =SUM(AA8:AA21) -> 2738858820 | AC22: =SUM(AC8:AC21) -> 6847147 | AD22: =ROUND((+Z22+AC22),0) -> 6847147 | AE22: =SUM(AE8:AE21) -> 2821024596
T23: VALOR MES | V23: =ROUND((+V22/155)*30,0) -> 221096809 | Z23: =(AA23-V23)/V23 -> 0.032299996 | AA23: =ROUND(AA22/12,0) -> 228238235 | AD23: =(AE23-AA23)/AA23 -> 0.030000004 | AE23: =ROUND(AE22/12,0) -> 235085383
A24: RESUMEN 2025 | F24: 1. JFS CONSULTORES SAS 25/04/2025 | H24: 2. VCO S.A.S 25/04/20255 | J24: =J5 -> 3. OLI CONSULTING 24/04/2025 | L24: =L5 -> 4. No. SED-CM-A-DSA-063-2024 ALIANZA INTEGRAL DE PROYECTOS SAS | U24: ESTIMACIÓN DEL PRESUPUESTO MEDIANTE METODOLOGÍA PERT 2025 | V24: ESTIMACIÓN DEL PRESUPUESTO MEDIANTE METODOLOGÍA PERT 2025 | AA24: ESTIMACIÓN DEL PRESUPUESTO MEDIANTE METODOLOGÍA PERT 2026 | AE24: ESTIMACIÓN DEL PRESUPUESTO MEDIANTE METODOLOGÍA PERT 2027 | AG24: ESTIMACIÓN DEL PRESUPUESTO MEDIANTE METODOLOGÍA PERT 2027
A25: SUBTOTAL COSTO DIRECTOS (Sumatoria N°1 y 2) | F25: =SUM(G8:G16)+F18+F19 -> 1080791000 | H25: =SUM(I8:I16)+H18+H19 -> 1051151355 | J25: =SUM(K8:K16)+J18+J19 -> 1199066235 | L25: =SUM(M8:M16)+L18+L19 -> 1.047592e+09 | U25: =+V25/1.19 -> 8.7074067e+08 | V25: =ROUND((+V8+V9+V10+V11+V12+V13+V14+V15+V16+V18+V19),0) -> 1036181396 | AA25: =+AA8+AA9+AA10+AA11+AA12+AA13+AA14+AA15+AA16+AA18+AA19 -> 2484348504 | AE25: =+AE8+AE9+AE10+AE11+AE12+AE13+AE14+AE15+AE16+AE18+AE19 -> 2558878968 | AG25: =SUM(V25:AE25) -> 6079408868
A26: GASTOS ADMINISTRATIVOS (N° 3) | F26: =F21 -> 107070950 | H26: =H21 -> 500000000 | J26: =J21 -> 51700000 | L26: =L21 -> 1.0213297e+08 | U26: =+V26/1.19 -> 89203458 | V26: =ROUND((+V21),0) -> 106152115 | AA26: =+AA21 -> 254510316 | AE26: =+AE21 -> 262145628 | AG26: =SUM(V26:AE26) -> 622808059
A27: SUBTOTAL COTIZACIÓN | F27: =F25+F26 -> 1187861950 | H27: =H25+H26 -> 1551151355 | J27: =J25+J26 -> 1250766235 | L27: =L25+L26 -> 1.149725e+09 | U27: =+V27/1.19 -> 9.5994413e+08 | V27: =SUM(V25:V26) -> 1142333511 | AA27: =SUM(AA25:AA26) -> 2738858820 | AE27: =SUM(AE25:AE26) -> 2821024596 | AG27: =SUM(V27:AE27) -> 6702216927
A28: IVA | F28: =F27*19% -> 2.2569377e+08 | H28: =H27*19% -> 2.9471876e+08 | J28: =J27*19% -> 2.3764558e+08 | L28: =L27*19% -> 2.1844775e+08 | U28: =+U27*19% -> 1.8238938e+08 | V28: =ROUND((+V27*19%),0) -> 217043367 | W28: =+V26/V29 -> 0.078088804 | AA28: =ROUND((+AA27*19%),0) -> 520383176 | AC28: =+AA26/AA29 -> 0.078088806 | AE28: =ROUND((+AE27*19%),0) -> 535994673 | AF28: =+AE26/AE29 -> 0.078088806 | AG28: =ROUND(SUM(V28:AE28),0) -> 1273421216 | AI28: =AG29*60% -> 4.7853829e+09
A29: TOTAL COTIZACIÓN | F29: =SUM(F27:G28) -> 1.4135557e+09 | H29: =SUM(H27:I28) -> 1.8458701e+09 | J29: =SUM(J27:K28) -> 1.4884118e+09 | L29: =SUM(L27:M28) -> 1.3681728e+09 | T29: VALOR TOTAL | U29: =+U27+U28 -> 1142333511 | V29: =ROUND((+V27+V28),0) -> 1359376878 | AA29: =ROUND((+AA27+AA28),0) -> 3259241996 | AE29: =ROUND((+AE27+AE28),0) -> 3357019269 | AG29: =ROUND((+AG27+AG28),0) -> 7975638143 | AI29: 1423500
T30: VALOR MES | V30: =ROUND((+V29/155)*30,0) -> 263105202 | Z30: =(AA30-V30)/V30 -> 0.0323 | AA30: =ROUND(AA29/12,0) -> 271603500 | AD30: =(AE30-AA30)/AA30 -> 0.030000004 | AE30: =ROUND(AE29/12,0) -> 279751606 | AG30: =ROUND(AG29/12,0) -> 664636512 | AI30: =AG29/AI29 -> 5602.8368
P35: vr. Mes 2025 | T35: =+V29/155*30 -> 2.631052e+08 | V35: vr. 5 meses 5 dias2025 | W35: =ROUND((+T35/30*155),0) -> 1359376878 | Y35: 1386161735 | Z35: VF APROBADAS
Y36: =+Y35-W35 -> 26784857 | Z36: DIFERENCIA
P37: vr. Mes 2026 | T37: =+AA29/12 -> 2.716035e+08 | V37: 2026 - vr. 12 meses | W37: =+T37*12 -> 3259241996 | Y37: 3316056552 | Z37: VF APROBADAS
Y38: =+Y37-W37 -> 56814556 | Z38: DIFERENCIA
P39: vr. Mes 2027 | T39: =+AE29/12 -> 2.7975161e+08 | V39: 2027 - vr. 12 meses | W39: =+T39*12 -> 3357019269 | Y39: 3415538196 | Z39: VF APROBADAS
Y40: =+Y39-W39 -> 58518927 | Z40: DIFERENCIA
P41: VALOR TOTAL CONTRATO DESDE 25/07/2025 HASTA 31/12/2027 | W41: =+W35+W37+W39 -> 7975638143 | Y41: =+Y35+Y37+Y39 -> 8117756483 | Z41: VF APROBADAS
Y42: =+Y41-W41 -> 142118340 | Z42: DIFERENCIA
T48: 2024
P49: 5 meses 14 dias | T49: vr. 14 dias | V49: vr. Mes | W49: valor cto
P50: actual | T50: =(+W50/164)*14 -> 1.1541073e+08 | V50: =+W50/164*30 -> 2.4730871e+08 | W50: 1.3519543e+09

Sheet Propuesta Economica 2024
B2: ALCALDÍA MAYOR DE BOGOTÁ D.C
B3: SECRETARÍA DE EDUCACIÓN DEL DISTRITO
B4: CONCURSO DE MÉRITOS
B5: ANEXO | N5: =+N14*2 -> 7283221.1
B6: PROPUESTA ECONÓMICA
B8: Ítem 1. | C8: COSTOS DIRECTOS (RECURSO HUMANO) | D8: Cantidad | E8: % Dedicación | F8: Plazo de Ejecución (Meses) | G8: Valor Unitario de Referencia | H8: El valor ofertado para este ítem no podrá superar el Valor Unitario de Referencia | I8: Valor total =(Cantidad*Plazo)*Valor Ofertado | K8: Valor Unitario de Referencia | L8: Valores a 2024 para 5,5 meses | M8: Valores a 2024 para 5,5 meses | N8: Valor unitario mes Mes | O8: Valor 5,17 meses
B9: 1.1 | C9: DIRECTOR DE INTERVENTORIA | D9: 1 | E9: 1 | F9: 5.5 | G9: 12343919 | H9: =G9 -> 12343919 | I9: =D9*F9*H9 -> 67891554 | K9: DIRECTOR DE INTERVENTORIA | L9: =G9*(1+5.2%) -> 12985803 | M9: =L9*D9*E9*F9 -> 71421915 | N9: =M9/5.5/D9 -> 12985803 | O9: =N9*5.17 -> 67136600 | Q9: =(N9-G9)/G9 -> 0.052
B10: 1.2 | C10: COORDINADOR ADMINISTRATIVO Y FINANCIERO | D10: 1 | E10: 1 | F10: 5.5 | G10: 10772737 | H10: =G10 -> 10772737 | I10: =D10*F10*H10 -> 59250054 | K10: COORDINADOR ADMINISTRATIVO Y FINANCIERO | L10: =G10*(1+5.2%) -> 11332919 | M10: =L10*D10*E10*F10 -> 62331056 | N10: =M10/5.5/D10 -> 11332919 | O10: =N10*5.17 -> 58591193 | Q10: =(N10-G10)/G10 -> 0.052
B11: 1.3 | C11: COORDINADOR OPERATIVO | D11: 1 | E11: 1 | F11: 5.5 | G11: 10542154 | H11: =G11 -> 10542154 | I11: =D11*F11*H11 -> 57981847 | K11: COORDINADOR OPERATIVO | L11: =G11*(1+5.2%) -> 11090346 | M11: =L11*D11*E11*F11 -> 60996903 | N11: =M11/5.5/D11 -> 11090346 | O11: =N11*5.17 -> 57337089 | Q11: =(N11-G11)/G11 -> 0.052
B12: 1.4 | C12: COORDINADOR TECNICO | D12: 1 | E12: 1 | F12: 5.5 | G12: 10542154 | H12: =G12 -> 10542154 | I12: =D12*F12*H12 -> 57981847 | K12: COORDINADOR TECNICO | L12: =G12*(1+5.2%) -> 11090346 | M12: =L12*D12*E12*F12 -> 60996903 | N12: =M12/5.5/D12 -> 11090346 | O12: =N12*5.17 -> 57337089 | Q12: =(N12-G12)/G12 -> 0.052
B13: 1.5 | C13: ANALISTA DE SEGURIDAD | D13: 1 | E13: 1 | F13: 5.5 | G13: 8264857 | H13: =G13 -> 8264857 | I13: =D13*F13*H13 -> 45456714 | K13: ANALISTA DE SEGURIDAD | L13: =G13*(1+5.2%) -> 8694629.6 | M13: =L13*D13*E13*F13 -> 47820463 | N13: =M13/5.5/D13 -> 8694629.6 | O13: =N13*5.17 -> 44951235 | Q13: =(N13-G13)/G13 -> 0.052
B14: 1.6 | C14: ABOGADO | D14: 1 | E14: 0.5 | F14: 5.5 | G14: 6923214 | H14: =G14 -> 6923214 | I14: =D14*F14*H14 -> 38077677 | K14: ABOGADO | L14: =G14*(1+5.2%) -> 7283221.1 | M14: =L14*D14*E14*F14 -> 20028858 | N14: =M14/5.5/D14 -> 3641610.6 | O14: =N14*5.17 -> 18827127 | Q14: =(N14-G14)/G14 -> -0.474
B15: 1.7 | C15: SUPERVISORES OPERATIVOS | D15: 13 | E15: 1 | F15: 5.5 | G15: 4078568 | H15: =G15 -> 4078568 | I15: =D15*F15*H15 -> 291617612 | K15: SUPERVISORES OPERATIVOS | L15: =G15*(1+5.2%) -> 4290653.5 | M15: =L15*D15*E15*F15 -> 3.0678173e+08 | N15: =M15/5.5/D15 -> 4290653.5 | O15: =N15*5.17 -> 22182679 | Q15: =(N15-G15)/G15 -> 0.052
B16: 1.8 | C16: SUPERVISORES TECNICOS | D16: 11 | E16: 1 | F16: 5.5 | G16: 4145139 | H16: =G16 -> 4145139 | I16: =D16*F16*H16 -> 2.5078091e+08 | K16: SUPERVISORES TECNICOS | L16: =G16*(1+5.2%) -> 4360686.2 | M16: =L16*D16*E16*F16 -> 2.6382152e+08 | N16: =M16/5.5/D16 -> 4360686.2 | O16: =N16*5.17 -> 22544748 | Q16: =(N16-G16)/G16 -> 0.052
B17: 1.9 | C17: ANALISTA DE DATOS | D17: 1 | E17: 0.5 | F17: 5.5 | G17: 3508067 | H17: =G17 -> 3508067 | I17: =D17*F17*H17 -> 19294368 | K17: ANALISTA DE DATOS | L17: =G17*(1+5.2%) -> 3690486.5 | M17: =L17*D17*E17*F17 -> 10148838 | N17: =M17/5.5/D17 -> 1845243.2 | O17: =N17*5.17 -> 9539907.6 | Q17: =(N17-G17)/G17 -> -0.474
B19: Ítem 2. | C19: OTROS COSTOS | D19: Und. Medida | E19: Valor total de referencia (5,5 meses) | F19: El valor ofertado para este ítem no podrá superar el Valor total de referencia (5,5 meses) | H19: Total Ítem 1, Recuros Humano | I19: =SUM(I9:I17) -> 8.8833258e+08 | L19: Total Ítem 1, Recuros Humano | M19: =SUM(M9:M17) -> 9.0434818e+08 | N19: =M19/5.5 -> 1.6442694e+08 | O19: =SUM(O9:O17) -> 3.5844767e+08 | Q19: =(M19-I19)/I19 -> 0.018028831
B20: 2.1 | C20: Movilización para realización de las visitas a los Colegios Distritales, Sedes Administrativas de la Secretaría de Educación del Distrito -SED y Empresas ejecutoras del contrato de vigilancia ( ANEXO TECNICO Numeral 5) | D20: VALOR GLOBAL | E20: 108372917 | F20: =E20 -> 108372917 | H20: Total Ítem 2, Otros Costos | I20: =SUM(F20:F22) -> 247763439 | L20: Movilización para realización de las visitas a los Colegios Distritales, Sedes Administrativas de la Secretaría de Educación del Distrito -SED y Empresas ejecutoras del contrato de vigilancia ( ANEXO TECNICO Numeral 5) | M20: =F20*(1+5.2%) -> 1.1400831e+08 | N20: =M20/5.5 -> 20728783 | O20: =N20*5.17 -> 1.0716781e+08 | Q20: =(M20-F20)/F20 -> 0.052
B21: 2.2 | C21: Asignar al personal mínimo requerido equipos de comunicación idoneos durante la ejecución el contrato (ver ANEXO TECNICO Numerales 8,9,10 y 13.) | E21: 36109065 | F21: =E21 -> 36109065 | H21: IVA | I21: {=SUM(I19:I20*19%)} -> 2.1585824e+08 | L21: Asignar al personal mínimo requerido equipos de comunicación idoneos durante la ejecución el contrato (ver ANEXO TECNICO Numerales 8,9,10 y 13.) | M21: =F21*(1+5.2%) -> 37986736 | N21: =M21/5.5 -> 6906679.3 | O21: =N21*5.17 -> 35707532 | Q21: =(M21-F21)/F21 -> 0.052
B22: 2.3 | C22: Costos Administrativos | E22: 103281457 | F22: =E22 -> 103281457 | L22: Costos Administrativos | M22: =F22*(1+5.2%) -> 1.0865209e+08 | N22: =M22/5.5 -> 19754926 | O22: =N22*5.17 -> 1.0213297e+08 | Q22: =(M22-F22)/F22 -> 0.052
H23: TOTAL PROPUESTA (VALOR A DILIGENCIAR EN SECOP) | I23: =SUM(I19+I20+I21) -> 1.3519543e+09 | L23: Total Ítem 2, Otros Costos | M23: =SUM(M20:M22) -> 2.6064714e+08 | N23: =M23/5.5 -> 47390389 | O23: =SUM(O20:O22) -> 2.4500831e+08
I24: =I23/5.5 -> 2.4580987e+08 | L24: IVA | M24: =(M19+M23)*19% -> 2.2134911e+08 | N24: =M24/5.5 -> 40245293 | O24: =(O19+O23)*19% -> 1.1465664e+08 | Q24: =(M24-I21)/I21 -> 0.025437372
L25: TOTAL PROPUESTA (VALOR A DILIGENCIAR EN SECOP) | M25: =M19+M24+M23 -> 1.3863444e+09 | N25: =M25/5.5 -> 2.5206262e+08 | O25: =O19+O24+O23 -> 7.1811261e+08 | Q25: =(M25-I23)/I23 -> 0.025437372
H26: FIRMA REPRESENTANTE LEGAL DEL PROPONENTE
M27: =M25/5.5 -> 2.5206262e+08
B28: NOTA 1: Los valores ofertados por los interesados no podra superar el valor oficial del proceso ya estruturado por la entidad y el cual se encuentra en los EP y en el Estudio del Sector.
B30: NOTA 2: En cada ítem de los costos directos del Recurso Humano, debe tener en cuenta todos los gastos asociados a la contratación de personal de conformidad con la normatividad laboral y contractual vigente. Ahora, para los perfiles que cuenten con dedicación del 100%, tenga en consideración la carga prestacional en virtud de lo establecido en el numeral 10 del anexo técnico
B32: NOTA 3: Dentro del ítem "2. OTROS COSTOS " se contemplará los costos directos e indirectos necesarias para la ejecución del contrato o contratos resultantes del presente proceso, e inclusive el margen previsto por el contratista para su ejecución, los costos administrativos incluyen toda clase de gravámenes, impuestos, tasas, tarifas o tributo en general que se cause por la prestación del servicio como: (i) pólizas; (ii) gastos legales y bancarios; (iii) papelería; (iv) arriendos; (v) equipo de cómputos e impresión, etc.

Sheet HOMO_TH
C2: TABLA PARA CALCULAR SALARIOS CON PRESTACIONES SOCIALES - SOLO INCLUYEN LOS FACTORES QUE LA LEY EXIGE
C4: Personal requerido para el Proyecto | F4: Salario de Referencia Tabla de Honorarios SED | G4: Homologación básica mensual (MAXIMA) | H4: Cantidad requerida | I4: % de dedicación | J4: Meses requeridos | K4: Asignación básica mensual (MINIMO) | L4: SUBSIDIO TRANSPORTE | M4: SALUD | N4: PENSION | O4: ARL | P4: CESANTIAS | Q4: INTERESES CESANTIAS | R4: VACACIONES | S4: PRIMA | T4: PARAFISCALES | U4: iva | V4: SUBTOTAL | W4: Factor Prestacional | X4: Dotación (Proporc. Mensual) | Y4: TOTAL MENSUAL ESTIMADO 2025 | Z4: Factor prestacional (incluye dotación) | AA4: Valor estimado a pagar durante la ejecución | AB4: Valor estimado a pagar durante la ejecución
D5: Perfil Académico | E5: Experiencia Profesional | M5: 0.085 | N5: 0.12 | O5: 0.0052 | P5: 0.0833 | Q5: 0.01 | R5: 0.041666667 | S5: 0.0833 | T5: 0.09 | U5: 0.19
C6: Director de la Interventoría | D6: Postgrado (especialización) | E6: 5 años experiencia específica | F6: PROFESIONAL ESPECIALIZADO II | G6: =VLOOKUP(F6,$C$27:$G$47,5,0) -> 9238000 | H6: 1 | I6: 1 | J6: 29 | K6: =+F35 -> 8632000 | L6: =(IF(K6>0,IF(K6<=($D$18*2),$D$19,0),0)) -> 0 | M6: =IF(K6>$D$18*10,($K6*0%),($K6*M$5)) -> 733720 | N6: =($K6*N$5) -> 1035840 | O6: =($K6*O$5) -> 44886.4 | P6: =(($K6+$L6)*P$5) -> 719045.6 | Q6: =(($L6+$K6)*Q$5) -> 86320 | R6: =($K6*R$5) -> 359666.67 | S6: =(($K6+$L6)*S$5) -> 719045.6 | T6: =IF(K6>($D$18*10),($K6*4%),($K6*T$5)) -> 776880 | U6: =IF(L6>($D$18*10),($K6*4%),($K6*U$5)) -> 1640080 | V6: =SUM(K6:U6) -> 14747484 | W6: =IFERROR(V6/K6,0) -> 1.7084667 | X6: =IF(K6>0,IF(K6<=($D$18*2),$D$20,0),0) -> 0 | Y6: =ROUNDUP((V6+X6),0) -> 14747485 | Z6: =IFERROR(Y6/K6,0) -> 1.7084668 | AA6: =ROUND(I6*J6*Y6,0) -> 427677065 | AB6: =ROUND(AA6*H6,0) -> 427677065
C7: Coordinador Administrativo y Financiero | D7: Postgrado (especialización) | E7: 3 años experiencia específica | F7: PROFESIONAL ESPECIALIZADO I | G7: =VLOOKUP(F7,$C$27:$G$47,5,0) -> 8631000 | H7: 1 | I7: 1 | J7: 29 | K7: =+F36 -> 7269000 | L7: =(IF(K7>0,IF(K7<=($D$18*2),$D$19,0),0)) -> 0 | M7: =IF(K7>$D$18*10,($K7*0%),($K7*M$5)) -> 617865 | N7: =($K7*N$5) -> 872280 | O7: =($K7*O$5) -> 37798.8 | P7: =(($K7+$L7)*P$5) -> 605507.7 | Q7: =(($L7+$K7)*Q$5) -> 72690 | R7: =($K7*R$5) -> 302875 | S7: =(($K7+$L7)*S$5) -> 605507.7 | T7: =IF(K7>($D$18*10),($K7*4%),($K7*T$5)) -> 654210 | U7: =IF(L7>($D$18*10),($K7*4%),($K7*U$5)) -> 1381110 | V7: =SUM(K7:U7) -> 12418844 | W7: =IFERROR(V7/K7,0) -> 1.7084667 | X7: =IF(K7>0,IF(K7<=($D$18*2),$D$20,0),0) -> 0 | Y7: =ROUNDUP((V7+X7),0) -> 12418845 | Z7: =IFERROR(Y7/K7,0) -> 1.7084668 | AA7: =ROUND(I7*J7*Y7,0) -> 360146505 | AB7: =ROUND(AA7*H7,0) -> 360146505
C8: Coordinador Operativo | D8: Postgrado (especialización) | E8: 4 años experiencia específica | F8: PROFESIONAL ESPECIALIZADO I | G8: =VLOOKUP(F8,$C$27:$G$47,5,0) -> 8631000 | H8: 1 | I8: 1 | J8: 29 | K8: =+F37 -> 6663000 | L8: =(IF(K8>0,IF(K8<=($D$18*2),$D$19,0),0)) -> 0 | M8: =IF(K8>$D$18*10,($K8*0%),($K8*M$5)) -> 566355 | N8: =($K8*N$5) -> 799560 | O8: =($K8*O$5) -> 34647.6 | P8: =(($K8+$L8)*P$5) -> 555027.9 | Q8: =(($L8+$K8)*Q$5) -> 66630 | R8: =($K8*R$5) -> 277625 | S8: =(($K8+$L8)*S$5) -> 555027.9 | T8: =IF(K8>($D$18*10),($K8*4%),($K8*T$5)) -> 599670 | U8: =IF(L8>($D$18*10),($K8*4%),($K8*U$5)) -> 1265970 | V8: =SUM(K8:U8) -> 11383513 | W8: =IFERROR(V8/K8,0) -> 1.7084667 | X8: =IF(K8>0,IF(K8<=($D$18*2),$D$20,0),0) -> 0 | Y8: =ROUNDUP((V8+X8),0) -> 11383514 | Z8: =IFERROR(Y8/K8,0) -> 1.7084668 | AA8: =ROUND(I8*J8*Y8,0) -> 330121906 | AB8: =ROUND(AA8*H8,0) -> 330121906
C9: Coordinador Técnico | D9: Postgrado | E9: 3 años experiencia específica | F9: PROFESIONAL IV | G9: =VLOOKUP(F9,$C$27:$G$47,5,0) -> 7268000 | H9: 1 | I9: 1 | J9: 29 | K9: =+F38 -> 5149000 | L9: =(IF(K9>0,IF(K9<=($D$18*2),$D$19,0),0)) -> 0 | M9: =IF(K9>$D$18*10,($K9*0%),($K9*M$5)) -> 437665 | N9: =($K9*N$5) -> 617880 | O9: =($K9*O$5) -> 26774.8 | P9: =(($K9+$L9)*P$5) -> 428911.7 | Q9: =(($L9+$K9)*Q$5) -> 51490 | R9: =($K9*R$5) -> 214541.67 | S9: =(($K9+$L9)*S$5) -> 428911.7 | T9: =IF(K9>($D$18*10),($K9*4%),($K9*T$5)) -> 463410 | U9: =IF(L9>($D$18*10),($K9*4%),($K9*U$5)) -> 978310 | V9: =SUM(K9:U9) -> 8796894.9 | W9: =IFERROR(V9/K9,0) -> 1.7084667 | X9: =IF(K9>0,IF(K9<=($D$18*2),$D$20,0),0) -> 0 | Y9: =ROUNDUP((V9+X9),0) -> 8796895 | Z9: =IFERROR(Y9/K9,0) -> 1.7084667 | AA9: =ROUND(I9*J9*Y9,0) -> 255109955 | AB9: =ROUND(AA9*H9,0) -> 255109955
C10: Analistad e seguridad | D10: Postgrado (especialización) | E10: 4 años experiencia específica | F10: PROFESIONAL ESPECIALIZADO I | G10: =VLOOKUP(F10,$C$27:$G$47,5,0) -> 8631000 | H10: 1 | I10: 1 | J10: 29 | K10: =+F35 -> 8632000 | L10: =(IF(K10>0,IF(K10<=($D$18*2),$D$19,0),0)) -> 0 | M10: =IF(K10>$D$18*10,($K10*0%),($K10*M$5)) -> 733720 | N10: =($K10*N$5) -> 1035840 | O10: =($K10*O$5) -> 44886.4 | P10: =(($K10+$L10)*P$5) -> 719045.6 | Q10: =(($L10+$K10)*Q$5) -> 86320 | R10: =($K10*R$5) -> 359666.67 | S10: =(($K10+$L10)*S$5) -> 719045.6 | T10: =IF(K10>($D$18*10),($K10*4%),($K10*T$5)) -> 776880 | U10: =IF(L10>($D$18*10),($K10*4%),($K10*U$5)) -> 1640080 | V10: =SUM(K10:U10) -> 14747484 | W10: =IFERROR(V10/K10,0) -> 1.7084667 | X10: =IF(K10>0,IF(K10<=($D$18*2),$D$20,0),0) -> 0 | Y10: =ROUNDUP((V10+X10),0) -> 14747485 | Z10: =IFERROR(Y10/K10,0) -> 1.7084668 | AA10: =ROUND(I10*J10*Y10,0) -> 427677065 | AB10: =ROUND(AA10*H10,0) -> 427677065
C11: Abogado | D11: Postgrado (especialización) | E11: 3 años experiencia específica | F11: PROFESIONAL ESPECIALIZADO I | G11: =VLOOKUP(F11,$C$27:$G$47,5,0) -> 8631000 | H11: 1 | I11: 1 | J11: 29 | K11: =+F36 -> 7269000 | L11: =(IF(K11>0,IF(K11<=($D$18*2),$D$19,0),0)) -> 0 | M11: =IF(K11>$D$18*10,($K11*0%),($K11*M$5)) -> 617865 | N11: =($K11*N$5) -> 872280 | O11: =($K11*O$5) -> 37798.8 | P11: =(($K11+$L11)*P$5) -> 605507.7 | Q11: =(($L11+$K11)*Q$5) -> 72690 | R11: =($K11*R$5) -> 302875 | S11: =(($K11+$L11)*S$5) -> 605507.7 | T11: =IF(K11>($D$18*10),($K11*4%),($K11*T$5)) -> 654210 | U11: =IF(L11>($D$18*10),($K11*4%),($K11*U$5)) -> 1381110 | V11: =SUM(K11:U11) -> 12418844 | W11: =IFERROR(V11/K11,0) -> 1.7084667 | X11: =IF(K11>0,IF(K11<=($D$18*2),$D$20,0),0) -> 0 | Y11: =ROUNDUP((V11+X11),0) -> 12418845 | Z11: =IFERROR(Y11/K11,0) -> 1.7084668 | AA11: =ROUND(I11*J11*Y11,0) -> 360146505 | AB11: =ROUND(AA11*H11,0) -> 360146505
C12: Supervisor operativo | D12: Tecnólogos o Técnicos profesionales | E12: 3 años experiencia específica | F12: TÉCNICO PROFESIONAL O TECNÓLOGO IV | G12: =VLOOKUP(F12,$C$27:$G$47,5,0) -> 4441000 | H12: 28 | I12: 1 | J12: 29 | K12: 4232000 | L12: =(IF(K12>0,IF(K12<=($D$18*2),$D$19,0),0)) -> 0 | M12: =IF(K12>$D$18*10,($K12*0%),($K12*M$5)) -> 359720 | N12: =($K12*N$5) -> 507840 | O12: =($K12*O$5) -> 22006.4 | P12: =(($K12+$L12)*P$5) -> 352525.6 | Q12: =(($L12+$K12)*Q$5) -> 42320 | R12: =($K12*R$5) -> 176333.33 | S12: =(($K12+$L12)*S$5) -> 352525.6 | T12: =IF(K12>($D$18*10),($K12*4%),($K12*T$5)) -> 380880 | U12: =IF(L12>($D$18*10),($K12*4%),($K12*U$5)) -> 804080 | V12: =SUM(K12:U12) -> 7230230.9 | W12: =IFERROR(V12/K12,0) -> 1.7084667 | X12: =IF(K12>0,IF(K12<=($D$18*2),$D$20,0),0) -> 0 | Y12: =ROUNDUP((V12+X12),0) -> 7230231 | Z12: =IFERROR(Y12/K12,0) -> 1.7084667 | AA12: =ROUND(I12*J12*Y12,0) -> 209676699 | AB12: =ROUND(AA12*H12,0) -> 5870947572
C13: Supervisor técnico | D13: Tecnólogos o Técnicos profesionales | E13: 2 años experiencia específica | F13: TÉCNICO PROFESIONAL O TECNÓLOGO III | G13: =VLOOKUP(F13,$C$27:$G$47,5,0) -> 4231000 | H13: 28 | I13: 1 | J13: 29 | K13: 4232000 | L13: =(IF(K13>0,IF(K13<=($D$18*2),$D$19,0),0)) -> 0 | M13: =IF(K13>$D$18*10,($K13*0%),($K13*M$5)) -> 359720 | N13: =($K13*N$5) -> 507840 | O13: =($K13*O$5) -> 22006.4 | P13: =(($K13+$L13)*P$5) -> 352525.6 | Q13: =(($L13+$K13)*Q$5) -> 42320 | R13: =($K13*R$5) -> 176333.33 | S13: =(($K13+$L13)*S$5) -> 352525.6 | T13: =IF(K13>($D$18*10),($K13*4%),($K13*T$5)) -> 380880 | U13: =IF(L13>($D$18*10),($K13*4%),($K13*U$5)) -> 804080 | V13: =SUM(K13:U13) -> 7230230.9 | W13: =IFERROR(V13/K13,0) -> 1.7084667 | X13: =IF(K13>0,IF(K13<=($D$18*2),$D$20,0),0) -> 0 | Y13: =ROUNDUP((V13+X13),0) -> 7230231 | Z13: =IFERROR(Y13/K13,0) -> 1.7084667 | AA13: =ROUND(I13*J13*Y13,0) -> 209676699 | AB13: =ROUND(AA13*H13,0) -> 5870947572
C14: Analista de datos | D14: Tecnólogos o Técnicos profesionales | E14: 1 años experiencia específica | F14: TÉCNICO PROFESIONAL O TECNÓLOGO II | G14: =VLOOKUP(F14,$C$27:$G$47,5,0) -> 3989000 | H14: 28 | I14: 1 | J14: 29 | K14: 4232000 | L14: =(IF(K14>0,IF(K14<=($D$18*2),$D$19,0),0)) -> 0 | M14: =IF(K14>$D$18*10,($K14*0%),($K14*M$5)) -> 359720 | N14: =($K14*N$5) -> 507840 | O14: =($K14*O$5) -> 22006.4 | P14: =(($K14+$L14)*P$5) -> 352525.6 | Q14: =(($L14+$K14)*Q$5) -> 42320 | R14: =($K14*R$5) -> 176333.33 | S14: =(($K14+$L14)*S$5) -> 352525.6 | T14: =IF(K14>($D$18*10),($K14*4%),($K14*T$5)) -> 380880 | U14: =IF(L14>($D$18*10),($K14*4%),($K14*U$5)) -> 804080 | V14: =SUM(K14:U14) -> 7230230.9 | W14: =IFERROR(V14/K14,0) -> 1.7084667 | X14: =IF(K14>0,IF(K14<=($D$18*2),$D$20,0),0) -> 0 | Y14: =ROUNDUP((V14+X14),0) -> 7230231 | Z14: =IFERROR(Y14/K14,0) -> 1.7084667 | AA14: =ROUND(I14*J14*Y14,0) -> 209676699 | AB14: =ROUND(AA14*H14,0) -> 5870947572
C17: ITEM
C18: Salario Mínimo | D18: 1423500
C19: Auxilio Transporte | D19: 200000
C21: Dos smmlv --> | D21: =D18*2 -> 2847000
C26: PERFIL | D26: REQUISITOS DE FORMACIÓN ACADÉMICA: | E26: REQUISITOS DE EXPERIENCIA MÍNIMOS: | F26: MÍNIMO | G26: MÁXIMO
B27: SERVICIOS PROFESIONALES | C27: PROFESIONAL SENIOR III (*) | D27: Título profesional, título de posgrado en la modalidad de doctorado | E27: Catorce (14) años de experiencia profesional. | F27: 25501000 | G27: 28500000
C28: PROFESIONAL SENIOR II (*) | D28: Título profesional, título de posgrado en la modalidad de doctorado | E28: Trece (13) años de experiencia profesional. | F28: 22531000 | G28: 25500000
C29: PROFESIONAL SENIOR I (*) | D29: Título profesional, título de posgrado en la modalidad de maestría o doctorado | E29: Doce (12) años de experiencia profesional. | F29: 19530000 | G29: 22530000
C30: PROFESIONAL EXPERTO III | D30: Título profesional, título de posgrado en la modalidad de maestría o doctorado | E30: Diez (10) años de experiencia profesional. | F30: 17415000 | G30: 19529000
C31: PROFESIONAL EXPERTO II | D31: Título profesional, título de posgrado en la modalidad de maestría o doctorado | E31: Ocho (8) años de experiencia profesional. | F31: 14235000 | G31: 17414000
C32: PROFESIONAL EXPERTO I | D32: Título profesional, título de posgrado en la modalidad de maestría o doctorado | E32: Siete (7) años de experiencia profesional. | F32: 12184000 | G32: 14234000
C33: PROFESIONAL ESPECIALIZADO IV | D33: Título profesional, con título de especialización | E33: Siete (7) años de experiencia profesional. | F33: 10600000 | G33: 12183000
C34: PROFESIONAL ESPECIALIZADO III | D34: Título profesional, con título de especialización | E34: Seis (6) años de experiencia profesional. | F34: 9239000 | G34: 10599000
C35: PROFESIONAL ESPECIALIZADO II | D35: Título profesional, con título de especialización | E35: Cinco (5) años de experiencia profesional. | F35: 8632000 | G35: 9238000
C36: PROFESIONAL ESPECIALIZADO I | D36: Título profesional, con título de especialización | E36: Cuatro (4) años de experiencia profesional. | F36: 7269000 | G36: 8631000
C37: PROFESIONAL IV | D37: Título profesional | E37: Tres (3) años de experiencia profesional | F37: 6663000 | G37: 7268000
C38: PROFESIONAL III | D38: Título profesional | E38: Dos (2) años de experiencia profesional | F38: 5149000 | G38: 6662000
C39: PROFESIONAL II | D39: Título profesional | E39: Un (1) año de experiencia profesional | F39: 4635000 | G39: 5148000
C40: PROFESIONAL I | D40: Título profesional | E40: Sin experiencia | F40: 4116000 | G40: 4634000
B41: APOYO A LA GESTIÓN | C41: TÉCNICO PROFESIONAL O TECNÓLOGO IV | D41: Título de formación técnico profesional o tecnólogo | E41: Tres (3) años de experiencia relacionada o laboral. | F41: 4232000 | G41: 4441000
C42: TÉCNICO PROFESIONAL O TECNÓLOGO III | D42: Título de formación técnico profesional o tecnólogo | E42: Dos (2) años de experiencia relacionada o laboral. | F42: 3990000 | G42: 4231000
C43: TÉCNICO PROFESIONAL O TECNÓLOGO II | D43: Título de formación técnico profesional o tecnólogo | E43: Un (1) año de experiencia relacionada o laboral. | F43: 3637000 | G43: 3989000
C44: TÉCNICO PROFESIONAL O TECNÓLOGO I | D44: Título de formación técnico profesional o tecnólogo | E44: Sin experiencia | F44: 3022000 | G44: 3636000
C45: BACHILLER III | D45: Título de bachiller | E45: 5 años de experiencia laboral | F45: 3023000 | G45: 3636000
C46: BACHILLER II | D46: Título de bachiller | E46: 2 años de experiencia laboral | F46: 2272000 | G46: 3022000
C47: BACHILLER I | D47: Título de bachiller | E47: Hasta 1 año de experiencia laboral | F47: 1817000 | G47: 2271000

Sheet Hoja2
J2: PERT SIN PROMEDIO PERO CON ARMONICA
A4: DOCUMENTO DE VALIDACIÓN DE PRECIOS DE REFERENCIA | F4: MEDIDAS DE TENDENCIA CENTRAL | N4: 5.1666667
A5: CONSOLIDADO DE COTIZACIONES | F5: MEDIANA | G5: MEDIA GEOMETRICA | H5: MEDIA ARMONICA | K5: ESTIMACIÓN DEL PRESUPUESTO MEDIANTE METODOLOGÍA PERT 2025 5 meses 5 dias | O5: ESTIMACIÓN DEL PRESUPUESTO MEDIANTE METODOLOGÍA PERT 2026 (12 meses) | S5: ESTIMACIÓN DEL PRESUPUESTO MEDIANTE METODOLOGÍA PERT 2027 (12 meses)
A6: N° | B6: Descripción Personal Requerido (Ver Anexo Técnico Numeral 13 y 14) | C6: Personal Requerido | D6: % de dedicación | E6: Plazo | F6: VALOR UNITARIO MES | G6: VALOR UNITARIO MES | H6: VALOR UNITARIO MES | K6: VALOR UNITARIO MES 2025 | L6: VALOR TOTAL | N6: incremento 3,23% | O6: VALOR UNITARIO MES 2026 | P6: VALOR TOTAL | R6: incremento 3% | S6: VALOR UNITARIO MES 2027 | T6: VALOR TOTAL | V6: HOMOLOGACIÓN PERFILES TABLA DE HONORARIOS SED | X6: VALOR UNITARIO MES ESTUDIO DE MERCADO | Y6: % VARIACIÓN TABLA DE HONORARIOS VS ESTUDIO DE MERCADO | AF6: 0.16666667
A7: 1. COSTOS DIRECTOS DE RECURSO HUMANO MÍNIMO REQUERIDO
A8: 1.1. | B8: DIRECTOR DE INTERVENTORIA | C8: 1 | D8: 1 | E8: 5.1666667 | F8: 13916739 | G8: 14450994 | H8: 14352958 | K8: 14110834 | L8: 72905976 | N8: 455780 | O8: 14566614 | P8: 174799368 | R8: 436998 | S8: 15003612 | T8: 180043344 | V8: Director de la Interventoría | W8: 14747485 | X8: 14110834 | Y8: -0.043170141
A9: 1.2. | B9: COORDINADOR ADMINISTRATIVO Y FINANCIERO | C9: 1 | D9: 1 | E9: 5.1666667 | F9: 10110908 | G9: 9975045 | H9: 9911163 | K9: 9963888 | L9: 51480088 | N9: 321834 | O9: 10285722 | P9: 123428664 | R9: 308572 | S9: 10594294 | T9: 127131528 | V9: Coordinador Administrativo y Financiero | W9: 12418845 | X9: 9963888 | Y9: -0.19767998
A10: 1.3. | B10: COORDINADOR OPERATIVO | C10: 1 | D10: 1 | E10: 5.1666667 | F10: 10344047 | G10: 10250560 | H10: 10229709 | K10: 10256747 | L10: 52993193 | N10: 331293 | O10: 10588040 | P10: 127056480 | R10: 317641 | S10: 10905681 | T10: 130868172 | V10: Coordinador Operativo | W10: 11383514 | X10: 10256747 | Y10: -0.098982353
A11: 1.4. | B11: COORDINADOR TÉCNICO | C11: 1 | D11: 1 | E11: 5.1666667 | F11: 9747047 | G11: 9327890 | H11: 9202410 | K11: 9336433 | L11: 48238237 | N11: 301567 | O11: 9638000 | P11: 115656000 | R11: 289140 | S11: 9927140 | T11: 119125680 | V11: Coordinador Técnico | W11: 8796895 | X11: 9336433 | Y11: 0.061332777
A12: 1.5. | B12: ANALISTA DE SEGURIDAD | C12: 1 | D12: 1 | E12: 5.1666667 | F12: 8177500 | G12: 7850272 | H12: 7798406 | K12: 7884598 | L12: 40737090 | N12: 254673 | O12: 8139271 | P12: 97671252 | R12: 244178 | S12: 8383449 | T12: 100601388 | V12: Analistad e seguridad | W12: 14747485 | X12: 7884598 | Y12: -0.46535982
A13: 1.6. | B13: ABOGADO | C13: 1 | D13: 0.5 | E13: 5.1666667 | F13: 7644076 | G13: 6949893 | H13: 6740599 | K13: 6963153 | L13: 17988145 | N13: 224910 | O13: 7188063 | P13: 43128378 | R13: 215642 | S13: 7403705 | T13: 44422230 | V13: Abogado | W13: 12418845 | X13: 6963153 | Y13: -0.43930752
A14: 1.7. | B14: SUPERVISORES OPERATIVOS | C14: 13 | D14: 1 | E14: 5.1666667 | F14: 4345327 | G14: 4363363 | H14: 4341904 | K14: 4346880 | L14: 291965440 | N14: 140404 | O14: 4487284 | P14: 700016304 | R14: 134619 | S14: 4621903 | T14: 721016868 | V14: Supervisor operativo | W14: 7230231 | X14: 4346880 | Y14: -0.39879099
A15: 1.8. | B15: SUPERVISORES TÉCNICOS | C15: 13 | D15: 1 | E15: 5.1666667 | F15: 4280343 | G15: 4376002 | H15: 4356543 | K15: 4314715 | L15: 289805024 | N15: 139365 | O15: 4454080 | P15: 694836480 | R15: 133622 | S15: 4587702 | T15: 715681512 | V15: Supervisor operativo | W15: 7230231 | X15: 4314715 | Y15: -0.40323968
A16: 1.9. | B16: ANALISTA DE DATOS | C16: 1 | D16: 1 | E16: 5.1666667 | F16: 4664250 | G16: 5311660 | H16: 4939833 | K16: 4848849 | L16: 25052387 | N16: 156618 | O16: 5005467 | P16: 60065604 | R16: 150164 | S16: 5155631 | T16: 61867572 | V16: Analista de datos | W16: 7230231 | X16: 4848849 | Y16: -0.32936458
A17: 2. OTROS COSTOS DIRECTOS ASOCIADOS A LA OPERACIÓN
A18: 2.1. | B18: Movilización para realización de las visitas a los Colegios Distritales, Sedes Administrativas de la Secretaría de Educación del Distrito -SED y Empresas ejecutoras del contrato de vigilancia ( ANEXO TÉCNICO Numeral 5) | C18: 1 | D18: N/A | K18: 14333185 | L18: 74054791 | N18: 462962 | O18: 14796147 | P18: 177553764 | R18: 443884 | S18: 15240031 | T18: 182880372
A19: 2.2. | B19: Asignar al personal mínimo requerido equipos de comunicación idóneos durante la ejecución el contrato (ver ANEXO TÉCNICO Numerales 8,9,10 y 13.) | C19: 1 | D19: N/A | K19: 13623106 | L19: 70386047 | N19: 440026 | O19: 14063132 | P19: 168757584 | R19: 421894 | S19: 14485026 | T19: 173820312
A20: 3. GASTOS ADMINISTRATIVOS | D20: N/A
A21: 3 | B21: Gastos Administrativos | C21: 1 | K21: 20545571 | L21: 106152115 | N21: 663622 | O21: 21209193 | P21: 254510316 | R21: 636276 | S21: 21845469 | T21: 262145628
L22: 1141758533 | P22: 2737480194 | T22: 2819604606
A24: RESUMEN 2025 | L24: ESTIMACIÓN DEL PRESUPUESTO MEDIANTE METODOLOGÍA PERT 2025 | P24: ESTIMACIÓN DEL PRESUPUESTO MEDIANTE METODOLOGÍA PERT 2026 | T24: ESTIMACIÓN DEL PRESUPUESTO MEDIANTE METODOLOGÍA PERT 2027 | V24: ESTIMACIÓN DEL PRESUPUESTO MEDIANTE METODOLOGÍA PERT 2027
A25: SUBTOTAL COSTO DIRECTOS (Sumatoria N°1 y 2) | L25: 1035606418 | P25: 2482969878 | T25: 2557458978 | V25: 6076035274
A26: GASTOS ADMINISTRATIVOS (N° 3) | L26: 106152115 | P26: 254510316 | T26: 262145628 | V26: 622808059
A27: SUBTOTAL COTIZACIÓN | L27: 1141758533 | P27: 2737480194 | T27: 2819604606 | V27: 6698843333
A28: IVA | L28: 216934121 | P28: 520121237 | T28: 535724875 | V28: 1272780233
A29: TOTAL COTIZACIÓN | K29: VALOR TOTAL | L29: 1358692654 | P29: 3257601431 | T29: 3355329481 | V29: 7971623566
K30: VALOR MES | L30: 262972772 | O30: 0.032299975 | P30: 271466786 | S30: 0.030000002 | T30: 279610790 | V30: 664301964
K35: vr. Mes 2025 | L35: 2.6297277e+08 | N35: vr. 5 meses 5 dias2025 | P35: 1358692654 | T35: 1386161735 | U35: VF APROBADAS
T36: 27469081 | U36: DIFERENCIA
K37: vr. Mes 2026 | L37: 2.7146679e+08 | N37: 2026 - vr. 12 meses | P37: 3257601431 | T37: 3316056552 | U37: VF APROBADAS
T38: 58455121 | U38: DIFERENCIA
K39: vr. Mes 2027 | L39: 2.7961079e+08 | N39: 2027 - vr. 12 meses | P39: 3355329481 | T39: 3415538196 | U39: VF APROBADAS
T40: 60208715 | U40: DIFERENCIA
K41: VALOR TOTAL CONTRATO DESDE 25/07/2025 HASTA 31/12/2027 | P41: 7971623566 | T41: 8117756483 | U41: VF APROBADAS
T42: 146132917 | U42: DIFERENCIA
N44: 2024
K45: 5 meses 14 dias | N45: vr. 14 dias | O45: vr. Mes | P45: valor cto
K46: Actual | N46: 1.1541073e+08 | O46: 2.4730871e+08 | P46: 1.3519543e+09

Sheet Hoja1
A1: RESUMEN 2025 | B1: ESTIMACIÓN DEL PRESUPUESTO MEDIANTE METODOLOGÍA PERT 2025 | C1: ESTIMACIÓN DEL PRESUPUESTO MEDIANTE METODOLOGÍA PERT 2026 | D1: ESTIMACIÓN DEL PRESUPUESTO MEDIANTE METODOLOGÍA PERT 2027 | E1: ESTIMACIÓN DEL PRESUPUESTO MEDIANTE METODOLOGÍA PERT desde el 25 de julio 2025 hasta el 31 de diciembre 2027
A2: SUBTOTAL COSTO DIRECTOS (Sumatoria N°1 y 2) | B2: 1.048884e+09 | C2: =+'02. ANÁLISIS FINAL (2)'!U25 -> 2514804228 | D2: 2584477188 | E2: =+B6+C6+D6 -> 8070222855
A3: GASTOS ADMINISTRATIVOS (N° 3) | B3: 1.080817e+08 | C3: =+'02. ANÁLISIS FINAL (2)'!U26 -> 259136688 | D3: 266316096
A4: SUBTOTAL COTIZACIÓN | B4: 1.1569657e+09 | C4: =+'02. ANÁLISIS FINAL (2)'!U27 -> 2773940916 | D4: 2850793284
A5: IVA | B5: 219823479 | C5: =+'02. ANÁLISIS FINAL (2)'!U28 -> 527048774 | D5: 541650724
A6: TOTAL COTIZACIÓN | B6: 1376789157 | C6: =+'02. ANÁLISIS FINAL (2)'!U29 -> 3300989690 | D6: 3392444008
B8: 1386161735 | C8: 3316056552 | D8: 3415538196 | E8: 1423500
E9: =+E2/E8 -> 5669.2819
B10: =+B8-B6 -> 9372578 | C10: =+C8-C6 -> 15066862 | D10: =+D8-D6 -> 23094188
A15: PROPONENTE SED 2025 | B15: INTEGRANTE 1 | C15: INTEGRANTE 2 | D15: INTEGRANTE 3 | E15: TOTAL
A16: PORCENTAJE DE PARTICIPACION | B16: 0.5 | C16: 0.3 | D16: 0.2 | E16: 1
A17: PRESUPUESTO SEGÚN PARTICIPACION | B17: =ROUND((+E2*50%),0) -> 4035111428 | C17: =ROUND((+E2*C16),0) -> 2421066857 | D17: =+E2*D16 -> 1614044571 | E17: =+E2*E16 -> 8070222855 | G17: =+E2*60% -> 4842133713
A18: SMMLV DE 2025 QUE DEBE ACREDITAR CADA INTEGRANTE | B18: =+B17/E8 -> 2834.641 | C18: =+C17/E8 -> 1700.7846 | D18: =+D17/E8 -> 1133.8564 | E18: =+E17/E8 -> 5669.2819
G19: 243 | H19: 142 | I19: =+H19/G19 -> 0.58436214
H20: 47 | I20: =+H20/G19 -> 0.19341564

Sheet 01. ANÁLISIS INICIAL
AG2: PERT SIN PROMEDIO PERO CON ARMONICA | AM2: PERT CON PROMEDIO
A3: DOCUMENTO DE VALIDACIÓN DE PRECIOS DE REFERENCIA
V4: VALORES UNITARIOS | Z4: VALORES TOTALES
A5: CONSOLIDADO DE COTIZACIONES | D5: 1. JFS CONSULTORES SAS 25/04/2025 | F5: 2. 3B PROYECTOS S A S 24/04/2025 | H5: 3. VCO S.A.S 25/04/2025 | J5: 4. FUNDACIÓN NIUWI 25/04/2025 | L5: 5. ICAE 25/04/2025 | N5: 6. INCOLTA INTERVENTORÍAS Y CONSULTORÍAS S.A.S. 25/04/2025 | P5: 7. OLI CONSULTING 24/04/2025 | R5: 8. PROCESO No. SED-CM-A-DSA-063-2024 ALIANZA INTEGRAL DE PROYECTOS SAS 25/04/2025 + INDEXACIÓN 5,20% 2024 | U5: PROMEDIO | V5: MEDIANA | W5: MEDIA GEOMETRICA | X5: MEDIA ARMONICA | Y5: PROMEDIO | Z5: MEDIANA | AA5: MEDIA GEOMETRICA | AB5: MEDIA ARMONICA | AH5: ESTIMACIÓN DEL PRESUPUESTO MEDIANTE METODOLOGÍA PERT 2025 5 meses 5 dias | AM5: ESTIMACIÓN DEL PRESUPUESTO MEDIANTE METODOLOGÍA PERT | AQ5: ESTIMACIÓN DEL PRESUPUESTO MEDIANTE METODOLOGÍA PERT 2026 (12 meses) | AU5: ESTIMACIÓN DEL PRESUPUESTO MEDIANTE METODOLOGÍA PERT 2027 (12 meses)
A6: N° | B6: Descripción Personal Requerido (Ver Anexo Técnico Numeral 13 y 14) | C6: Personal Requerido | D6: VALOR ANTES DE IVA | E6: VALOR INCLUIDO IVA | F6: VALOR ANTES DE IVA | G6: VALOR INCLUIDO IVA | H6: VALOR ANTES DE IVA | I6: VALOR INCLUIDO IVA | J6: VALOR ANTES DE IVA | K6: VALOR INCLUIDO IVA | L6: VALOR ANTES DE IVA | M6: VALOR INCLUIDO IVA | N6: VALOR ANTES DE IVA | O6: VALOR INCLUIDO IVA | P6: VALOR ANTES DE IVA | Q6: VALOR INCLUIDO IVA | R6: VALOR ANTES DE IVA | S6: VALOR INCLUIDO IVA | U6: VALOR UNITARIO ANTES DE IVA | V6: VALOR UNITARIO ANTES DE IVA | W6: VALOR UNITARIO ANTES DE IVA | X6: VALOR UNITARIO ANTES DE IVA | Y6: VALOR TOTAL INCUIDO IVA | Z6: VALOR TOTAL INCUIDO IVA | AA6: VALOR TOTAL INCUIDO IVA | AB6: VALOR TOTAL INCUIDO IVA | AF6: MENOR | AH6: VALOR UNITARIO INCUIDO IVA | AI6: VALOR TOTAL INCUIDO IVA | AK6: MENOR | AM6: VALOR UNITARIO INCUIDO IVA | AN6: VALOR TOTAL INCUIDO IVA | AP6: vr. Mes | AQ6: incremento 3% | AR6: Vr. Mes con incremento | AS6: VALOR TOTAL INCUIDO IVA * 12 meses | AT6: vr. Mes | AU6: incremento 3% | AV6: Vr. Mes con incremento | AW6: VALOR TOTAL INCUIDO IVA * 12 meses
A7: 1. COSTOS DIRECTOS DE RECURSO HUMANO MÍNIMO REQUERIDO
A8: 1.1. | B8: DIRECTOR DE INTERVENTORIA | C8: 1 | D8: =+E8/1.19 -> 75594958 | E8: 89958000 | F8: =+G8/1.19 -> 81208853 | G8: 96638535 | H8: =+I8/1.19 -> 56909005 | I8: 67721716 | J8: =+K8/1.19 -> 47789916 | K8: 56870000 | L8: =+M8/1.19 -> 52134454 | M8: 62040000 | N8: =+O8/1.19 -> 72988235 | O8: 86856000 | P8: =+Q8/1.19 -> 64014592 | Q8: 76177365 | R8: =+S8/1.19 -> 60018416 | S8: =67891554.5*5.2%+67891554.5 -> 71421915 | U8: =AVERAGE(D8,F8,H8,J8,L8,N8,P8,R8) -> 63832304 | V8: =+MEDIAN(D8,F8,H8,J8,L8,N8,P8,R8) -> 62016504 | W8: =GEOMEAN(D8,F8,H8,J8,L8,N8,P8,R8) -> 62870126 | X8: =HARMEAN(D8,F8,H8,J8,L8,N8,P8,R8) -> 61917514 | Y8: =AVERAGE(E8,G8,I8,K8,M8,O8,Q8,S8) -> 75960441 | Z8: =MEDIAN(E8,G8,I8,K8,M8,O8,Q8,S8) -> 73799640 | AA8: =GEOMEAN(E8,G8,I8,K8,M8,O8,Q8,S8) -> 74815451 | AB8: =HARMEAN(E8,G8,I8,K8,M8,O8,Q8,S8) -> 73681841 | AF8: =MIN(Z8:AB8) -> 73681841 | AH8: =+((MIN(Z8:AB8)*3)+SMALL(Z8:AB8,2)+SMALL(Z8:AB8,3))/5 -> 73932123 | AI8: =ROUND((AH8*C8),0) -> 73932123 | AK8: =MIN(Y8:AA8) -> 73799640 | AM8: =+((MIN(Y8:AA8)*3)+SMALL(Y8:AA8,2)+SMALL(Y8:AA8,3))/5 -> 74434962 | AN8: =ROUND((AM8*C8),0) -> 74434962 | AP8: =ROUND((+AI8/155)*30,0) -> 14309443 | AQ8: =ROUND((+AP8*3%),0) -> 429283 | AR8: =ROUND((+AP8+AQ8),) -> 14738726 | AS8: =ROUND((+AR8*12),0) -> 176864712 | AT8: =ROUND((+AS8/360)*30,0) -> 14738726 | AU8: =+AT8*3% -> 442161.78 | AV8: =+AT8+AU8 -> 15180888 | AW8: =ROUND((+AV8*12),0) -> 182170653
A9: 1.2. | B9: COORDINADOR ADMINISTRATIVO Y FINANCIERO | C9: 1 | D9: =+E9/1.19 -> 37363025 | E9: 44462000 | F9: =+G9/1.19 -> 63613596 | G9: 75700179 | H9: =+I9/1.19 -> 47424171 | I9: 56434764 | J9: =+K9/1.19 -> 39535294 | K9: 47047000 | L9: =+M9/1.19 -> 39100840 | M9: 46530000 | N9: =+O9/1.19 -> 59302941 | O9: 70570500 | P9: =+Q9/1.19 -> 40430269 | Q9: 48112020 | R9: =+S9/1.19 -> 52379039 | S9: =59250053.5*5.2%+59250053.5 -> 62331056 | U9: =AVERAGE(D9,F9,H9,J9,L9,N9,P9,R9) -> 47393647 | V9: =+MEDIAN(D9,F9,H9,J9,L9,N9,P9,R9) -> 43927220 | W9: =GEOMEAN(D9,F9,H9,J9,L9,N9,P9,R9) -> 46506419 | X9: =HARMEAN(D9,F9,H9,J9,L9,N9,P9,R9) -> 45681003 | Y9: =AVERAGE(E9,G9,I9,K9,M9,O9,Q9,S9) -> 56398440 | Z9: =MEDIAN(E9,G9,I9,K9,M9,O9,Q9,S9) -> 52273392 | AA9: =GEOMEAN(E9,G9,I9,K9,M9,O9,Q9,S9) -> 55342638 | AB9: =HARMEAN(E9,G9,I9,K9,M9,O9,Q9,S9) -> 54360393 | AF9: =MIN(Z9:AB9) -> 52273392 | AH9: =+((MIN(Z9:AB9)*3)+SMALL(Z9:AB9,2)+SMALL(Z9:AB9,3))/5 -> 53304641 | AI9: =ROUND((AH9*C9),0) -> 53304641 | AK9: =MIN(Y9:AA9) -> 52273392 | AM9: =+((MIN(Y9:AA9)*3)+SMALL(Y9:AA9,2)+SMALL(Y9:AA9,3))/5 -> 53712251 | AN9: =ROUND((AM9*C9),0) -> 53712251 | AP9: =ROUND((+AI9/155)*30,0) -> 10317027 | AQ9: =ROUND((+AP9*3%),0) -> 309511 | AR9: =ROUND((+AP9+AQ9),) -> 10626538 | AS9: =ROUND((+AR9*12),0) -> 127518456 | AT9: =ROUND((+AS9/360)*30,0) -> 10626538 | AU9: =+AT9*3% -> 318796.14 | AV9: =+AT9+AU9 -> 10945334 | AW9: =ROUND((+AV9*12),0) -> 131344010
A10: 1.3. | B10: COORDINADOR OPERATIVO | C10: 1 | D10: =+E10/1.19 -> 45617647 | E10: 54285000 | F10: =+G10/1.19 -> 79175510 | G10: 94218857 | H10: =+I10/1.19 -> 44262560 | I10: 52672446 | J10: =+K10/1.19 -> 39535294 | K10: 47047000 | L10: =+M10/1.19 -> 39100840 | M10: 46530000 | N10: =+O10/1.19 -> 59302941 | O10: 70570500 | P10: =+Q10/1.19 -> 40430269 | Q10: 48112020 | R10: =+S10/1.19 -> 51257902 | S10: =57981847*5.2%+57981847 -> 60996903 | U10: =AVERAGE(D10,F10,H10,J10,L10,N10,P10,R10) -> 49835370 | V10: =+MEDIAN(D10,F10,H10,J10,L10,N10,P10,R10) -> 44940103 | W10: =GEOMEAN(D10,F10,H10,J10,L10,N10,P10,R10) -> 48451740 | X10: =HARMEAN(D10,F10,H10,J10,L10,N10,P10,R10) -> 47304131 | Y10: =AVERAGE(E10,G10,I10,K10,M10,O10,Q10,S10) -> 59304091 | Z10: =MEDIAN(E10,G10,I10,K10,M10,O10,Q10,S10) -> 53478723 | AA10: =GEOMEAN(E10,G10,I10,K10,M10,O10,Q10,S10) -> 57657571 | AB10: =HARMEAN(E10,G10,I10,K10,M10,O10,Q10,S10) -> 56291916 | AF10: =MIN(Z10:AB10) -> 53478723 | AH10: =+((MIN(Z10:AB10)*3)+SMALL(Z10:AB10,2)+SMALL(Z10:AB10,3))/5 -> 54877131 | AI10: =ROUND((AH10*C10),0) -> 54877131 | AK10: =MIN(Y10:AA10) -> 53478723 | AM10: =+((MIN(Y10:AA10)*3)+SMALL(Y10:AA10,2)+SMALL(Y10:AA10,3))/5 -> 55479566 | AN10: =ROUND((AM10*C10),0) -> 55479566 | AP10: =ROUND((+AI10/155)*30,0) -> 10621380 | AQ10: =ROUND((+AP10*3%),0) -> 318641 | AR10: =ROUND((+AP10+AQ10),) -> 10940021 | AS10: =ROUND((+AR10*12),0) -> 131280252 | AT10: =ROUND((+AS10/360)*30,0) -> 10940021 | AU10: =+AT10*3% -> 328200.63 | AV10: =+AT10+AU10 -> 11268222 | AW10: =ROUND((+AV10*12),0) -> 135218660
A11: 1.4. | B11: COORDINADOR TÉCNICO | C11: 1 | D11: =+E11/1.19 -> 31280672 | E11: 37224000 | F11: =+G11/1.19 -> 67208762 | G11: 79978427 | H11: =+I11/1.19 -> 44262560 | I11: 52672446 | J11: =+K11/1.19 -> 39535294 | K11: 47047000 | L11: =+M11/1.19 -> 39100840 | M11: 46530000 | N11: =+O11/1.19 -> 59302941 | O11: 70570500 | P11: =+Q11/1.19 -> 40430269 | Q11: 48112020 | R11: =+S11/1.19 -> 51257902 | S11: =57981847*5.2%+57981847 -> 60996903 | U11: =AVERAGE(D11,F11,H11,J11,L11,N11,P11,R11) -> 46547405 | V11: =+MEDIAN(D11,F11,H11,J11,L11,N11,P11,R11) -> 42346414 | W11: =GEOMEAN(D11,F11,H11,J11,L11,N11,P11,R11) -> 45282631 | X11: =HARMEAN(D11,F11,H11,J11,L11,N11,P11,R11) -> 44097897 | Y11: =AVERAGE(E11,G11,I11,K11,M11,O11,Q11,S11) -> 55391412 | Z11: =MEDIAN(E11,G11,I11,K11,M11,O11,Q11,S11) -> 50392233 | AA11: =GEOMEAN(E11,G11,I11,K11,M11,O11,Q11,S11) -> 53886331 | AB11: =HARMEAN(E11,G11,I11,K11,M11,O11,Q11,S11) -> 52476498 | AF11: =MIN(Z11:AB11) -> 50392233 | AH11: =+((MIN(Z11:AB11)*3)+SMALL(Z11:AB11,2)+SMALL(Z11:AB11,3))/5 -> 51507906 | AI11: =ROUND((AH11*C11),0) -> 51507906 | AK11: =MIN(Y11:AA11) -> 50392233 | AM11: =+((MIN(Y11:AA11)*3)+SMALL(Y11:AA11,2)+SMALL(Y11:AA11,3))/5 -> 52090888 | AN11: =ROUND((AM11*C11),0) -> 52090888 | AP11: =ROUND((+AI11/155)*30,0) -> 9969272 | AQ11: =ROUND((+AP11*3%),0) -> 299078 | AR11: =ROUND((+AP11+AQ11),) -> 10268350 | AS11: =ROUND((+AR11*12),0) -> 123220200 | AT11: =ROUND((+AS11/360)*30,0) -> 10268350 | AU11: =+AT11*3% -> 308050.5 | AV11: =+AT11+AU11 -> 10576400 | AW11: =ROUND((+AV11*12),0) -> 126916806
A12: 1.5. | B12: ANALISTA DE SEGURIDAD | C12: 1 | D12: =+E12/1.19 -> 37363025 | E12: 44462000 | F12: =+G12/1.19 -> 75050408 | G12: 89309986 | H12: =+I12/1.19 -> 28454503 | I12: 33860858 | J12: =+K12/1.19 -> 39535294 | K12: 47047000 | L12: =+M12/1.19 -> 34756303 | M12: 41360000 | N12: =+O12/1.19 -> 54741176 | O12: 65142000 | P12: =+Q12/1.19 -> 33691891 | Q12: 40093350 | R12: =+S12/1.19 -> 40185263 | S12: =45456713.5*5.2%+45456713.5 -> 47820463 | U12: =AVERAGE(D12,F12,H12,J12,L12,N12,P12,R12) -> 42972233 | V12: =+MEDIAN(D12,F12,H12,J12,L12,N12,P12,R12) -> 38449160 | W12: =GEOMEAN(D12,F12,H12,J12,L12,N12,P12,R12) -> 41089785 | X12: =HARMEAN(D12,F12,H12,J12,L12,N12,P12,R12) -> 39578194 | Y12: =AVERAGE(E12,G12,I12,K12,M12,O12,Q12,S12) -> 51136957 | Z12: =MEDIAN(E12,G12,I12,K12,M12,O12,Q12,S12) -> 45754500 | AA12: =GEOMEAN(E12,G12,I12,K12,M12,O12,Q12,S12) -> 48896844 | AB12: =HARMEAN(E12,G12,I12,K12,M12,O12,Q12,S12) -> 47098051 | AF12: =MIN(Z12:AB12) -> 45754500 | AH12: =+((MIN(Z12:AB12)*3)+SMALL(Z12:AB12,2)+SMALL(Z12:AB12,3))/5 -> 46651679 | AI12: =ROUND((AH12*C12),0) -> 46651679 | AK12: =MIN(Y12:AA12) -> 45754500 | AM12: =+((MIN(Y12:AA12)*3)+SMALL(Y12:AA12,2)+SMALL(Y12:AA12,3))/5 -> 47459460 | AN12: =ROUND((AM12*C12),0) -> 47459460 | AP12: =ROUND((+AI12/155)*30,0) -> 9029357 | AQ12: =ROUND((+AP12*3%),0) -> 270881 | AR12: =ROUND((+AP12+AQ12),) -> 9300238 | AS12: =ROUND((+AR12*12),0) -> 111602856 | AT12: =ROUND((+AS12/360)*30,0) -> 9300238 | AU12: =+AT12*3% -> 279007.14 | AV12: =+AT12+AU12 -> 9579245.1 | AW12: =ROUND((+AV12*12),0) -> 114950942
A13: 1.6. | B13: ABOGADO | C13: 0.5 | D13: =+E13/1.19 -> 18681513 | E13: 22231000 | F13: =+G13/1.19 -> 32821371 | G13: 39057431 | H13: =+I13/1.19 -> 17388863 | I13: 20692747 | J13: =+K13/1.19 -> 19767647 | K13: 23523500 | L13: =+M13/1.19 -> 15205882 | M13: 18095000 | N13: =+O13/1.19 -> 31932353 | O13: 37999500 | P13: =+Q13/1.19 -> 10107567 | Q13: 12028005 | R13: =+S13/1.19 -> 33661946 | S13: =38077677*5.2%+38077677 -> 40057716 | U13: =AVERAGE(D13,F13,H13,J13,L13,N13,P13,R13) -> 22445893 | V13: =+MEDIAN(D13,F13,H13,J13,L13,N13,P13,R13) -> 19224580 | W13: =GEOMEAN(D13,F13,H13,J13,L13,N13,P13,R13) -> 20783942 | X13: =HARMEAN(D13,F13,H13,J13,L13,N13,P13,R13) -> 19147197 | Y13: =AVERAGE(E13,G13,I13,K13,M13,O13,Q13,S13) -> 26710612 | Z13: =MEDIAN(E13,G13,I13,K13,M13,O13,Q13,S13) -> 22877250 | AA13: =GEOMEAN(E13,G13,I13,K13,M13,O13,Q13,S13) -> 24732891 | AB13: =HARMEAN(E13,G13,I13,K13,M13,O13,Q13,S13) -> 22785164 | AF13: =MIN(Z13:AB13) -> 22785164 | AH13: =+((MIN(Z13:AB13)*3)+SMALL(Z13:AB13,2)+SMALL(Z13:AB13,3))/5 -> 23193127 | AI13: =ROUND((AH13*C13),0) -> 11596563 | AK13: =MIN(Y13:AA13) -> 22877250 | AM13: =+((MIN(Y13:AA13)*3)+SMALL(Y13:AA13,2)+SMALL(Y13:AA13,3))/5 -> 24015051 | AN13: =ROUND((AM13*C13),0) -> 12007525 | AP13: =ROUND((+AI13/155)*30,0) -> 2244496 | AQ13: =ROUND((+AP13*3%),0) -> 67335 | AR13: =ROUND((+AP13+AQ13),) -> 2311831 | AS13: =ROUND((+AR13*12),0) -> 27741972 | AT13: =ROUND((+AS13/360)*30,0) -> 2311831 | AU13: =+AT13*3% -> 69354.93 | AV13: =+AT13+AU13 -> 2381185.9 | AW13: =ROUND((+AV13*12),0) -> 28574231
A14: 1.7. | B14: SUPERVISORES OPERATIVOS (13) | C14: 1 | D14: =+E14/1.19 -> 2.4850756e+08 | E14: 295724000 | F14: =+G14/1.19 -> 5.5792203e+08 | G14: 663927214 | H14: =+I14/1.19 -> 2.1513012e+08 | I14: 256004839 | J14: =+K14/1.19 -> 3.9535294e+08 | K14: 470470000 | L14: =+M14/1.19 -> 4.2359244e+08 | M14: 504075000 | N14: =+O14/1.19 -> 5.3372647e+08 | O14: 635134500 | P14: =+Q14/1.19 -> 2.8469648e+08 | Q14: 338788808 | R14: =+S14/1.19 -> 2.5779977e+08 | S14: =291617612*5.2%+291617612 -> 3.0678173e+08 | U14: =AVERAGE(D14,F14,H14,J14,L14,N14,P14,R14) -> 3.6459098e+08 | V14: =+MEDIAN(D14,F14,H14,J14,L14,N14,P14,R14) -> 3.4002471e+08 | W14: =GEOMEAN(D14,F14,H14,J14,L14,N14,P14,R14) -> 3.4390727e+08 | X14: =HARMEAN(D14,F14,H14,J14,L14,N14,P14,R14) -> 3.2493916e+08 | Y14: =AVERAGE(E14,G14,I14,K14,M14,O14,Q14,S14) -> 4.3386326e+08 | Z14: =MEDIAN(E14,G14,I14,K14,M14,O14,Q14,S14) -> 404629404 | AA14: =GEOMEAN(E14,G14,I14,K14,M14,O14,Q14,S14) -> 4.0924965e+08 | AB14: =HARMEAN(E14,G14,I14,K14,M14,O14,Q14,S14) -> 3.866776e+08 | AF14: =MIN(Z14:AB14) -> 3.866776e+08 | AH14: =+((MIN(Z14:AB14)*3)+SMALL(Z14:AB14,2)+SMALL(Z14:AB14,3))/5 -> 3.9478237e+08 | AI14: =ROUND((AH14*C14),0) -> 394782371 | AK14: =MIN(Y14:AA14) -> 404629404 | AM14: =+((MIN(Y14:AA14)*3)+SMALL(Y14:AA14,2)+SMALL(Y14:AA14,3))/5 -> 4.1140023e+08 | AN14: =ROUND((AM14*C14),0) -> 411400225 | AP14: =ROUND((+AI14/155)*30,0) -> 76409491 | AQ14: =ROUND((+AP14*3%),0) -> 2292285 | AR14: =ROUND((+AP14+AQ14),) -> 78701776 | AS14: =ROUND((+AR14*12),0) -> 944421312 | AT14: =ROUND((+AS14/360)*30,0) -> 78701776 | AU14: =+AT14*3% -> 2361053.3 | AV14: =+AT14+AU14 -> 81062829 | AW14: =ROUND((+AV14*12),0) -> 972753951
A15: 1.8. | B15: SUPERVISORES TÉCNICOS(13) | C15: 1 | D15: =+E15/1.19 -> 2.3721176e+08 | E15: 282282000 | F15: =+G15/1.19 -> 5.2202109e+08 | G15: 621205092 | H15: =+I15/1.19 -> 2.2194512e+08 | I15: 264114693 | J15: =+K15/1.19 -> 3.9535294e+08 | K15: 470470000 | L15: =+M15/1.19 -> 4.2359244e+08 | M15: 504075000 | N15: =+O15/1.19 -> 5.3372647e+08 | O15: 635134500 | P15: =+Q15/1.19 -> 2.8776244e+08 | Q15: 342437302 | R15: =+S15/1.19 -> 2.6200762e+08 | S15: =296377438.5*5.2%+296377438.5 -> 3.1178907e+08 | U15: =AVERAGE(D15,F15,H15,J15,L15,N15,P15,R15) -> 3.6045248e+08 | V15: =+MEDIAN(D15,F15,H15,J15,L15,N15,P15,R15) -> 3.4155769e+08 | W15: =GEOMEAN(D15,F15,H15,J15,L15,N15,P15,R15) -> 3.4155349e+08 | X15: =HARMEAN(D15,F15,H15,J15,L15,N15,P15,R15) -> 3.2398596e+08 | Y15: =AVERAGE(E15,G15,I15,K15,M15,O15,Q15,S15) -> 4.2893846e+08 | Z15: =MEDIAN(E15,G15,I15,K15,M15,O15,Q15,S15) -> 406453651 | AA15: =GEOMEAN(E15,G15,I15,K15,M15,O15,Q15,S15) -> 4.0644865e+08 | AB15: =HARMEAN(E15,G15,I15,K15,M15,O15,Q15,S15) -> 3.8554329e+08 | AF15: =MIN(Z15:AB15) -> 3.8554329e+08 | AH15: =+((MIN(Z15:AB15)*3)+SMALL(Z15:AB15,2)+SMALL(Z15:AB15,3))/5 -> 3.9390644e+08 | AI15: =ROUND((AH15*C15),0) -> 393906435 | AK15: =MIN(Y15:AA15) -> 4.0644865e+08 | AM15: =+((MIN(Y15:AA15)*3)+SMALL(Y15:AA15,2)+SMALL(Y15:AA15,3))/5 -> 4.1094761e+08 | AN15: =ROUND((AM15*C15),0) -> 410947613 | AP15: =ROUND((+AI15/155)*30,0) -> 76239955 | AQ15: =ROUND((+AP15*3%),0) -> 2287199 | AR15: =ROUND((+AP15+AQ15),) -> 78527154 | AS15: =ROUND((+AR15*12),0) -> 942325848 | AT15: =ROUND((+AS15/360)*30,0) -> 78527154 | AU15: =+AT15*3% -> 2355814.6 | AV15: =+AT15+AU15 -> 80882969 | AW15: =ROUND((+AV15*12),0) -> 970595623
A16: 1.9. | B16: ANALISTA DE DATOS | C16: 1 | D16: =+E16/1.19 -> 8471848.7 | E16: 10081500 | F16: =+G16/1.19 -> 17730452 | G16: 21099238 | H16: =+I16/1.19 -> 22131280 | I16: 26336223 | J16: =+K16/1.19 -> 15205882 | K16: 18095000 | L16: =+M16/1.19 -> 16292017 | M16: 19387500 | N16: =+O16/1.19 -> 20527941 | O16: 24428250 | P16: =+Q16/1.19 -> 11792162 | Q16: 14032673 | R16: =+S16/1.19 -> 17056870 | S16: =19294368.5*5.2%+19294368.5 -> 20297676 | U16: =AVERAGE(D16,F16,H16,J16,L16,N16,P16,R16) -> 16151057 | V16: =+MEDIAN(D16,F16,H16,J16,L16,N16,P16,R16) -> 16674444 | W16: =GEOMEAN(D16,F16,H16,J16,L16,N16,P16,R16) -> 15539647 | X16: =HARMEAN(D16,F16,H16,J16,L16,N16,P16,R16) -> 14844768 | Y16: =AVERAGE(E16,G16,I16,K16,M16,O16,Q16,S16) -> 19219757 | Z16: =MEDIAN(E16,G16,I16,K16,M16,O16,Q16,S16) -> 19842588 | AA16: =GEOMEAN(E16,G16,I16,K16,M16,O16,Q16,S16) -> 18492180 | AB16: =HARMEAN(E16,G16,I16,K16,M16,O16,Q16,S16) -> 17665274 | AF16: =MIN(Z16:AB16) -> 17665274 | AH16: =+((MIN(Z16:AB16)*3)+SMALL(Z16:AB16,2)+SMALL(Z16:AB16,3))/5 -> 18266118 | AI16: =ROUND((AH16*C16),0) -> 18266118 | AK16: =MIN(Y16:AA16) -> 18492180 | AM16: =+((MIN(Y16:AA16)*3)+SMALL(Y16:AA16,2)+SMALL(Y16:AA16,3))/5 -> 18907777 | AN16: =ROUND((AM16*C16),0) -> 18907777 | AP16: =ROUND((+AI16/155)*30,0) -> 3535378 | AQ16: =ROUND((+AP16*3%),0) -> 106061 | AR16: =ROUND((+AP16+AQ16),) -> 3641439 | AS16: =ROUND((+AR16*12),0) -> 43697268 | AT16: =ROUND((+AS16/360)*30,0) -> 3641439 | AU16: =+AT16*3% -> 109243.17 | AV16: =+AT16+AU16 -> 3750682.2 | AW16: =ROUND((+AV16*12),0) -> 45008186
A17: 2. OTROS COSTOS DIRECTOS ASOCIADOS A LA OPERACIÓN | AT17: =ROUND((+AS17/360)*30,0) -> 0
A18: 2.1. | B18: Movilización para realización de las visitas a los Colegios Distritales, Sedes Administrativas de la Secretaría de Educación del Distrito -SED y Empresas ejecutoras del contrato de vigilancia ( ANEXO TÉCNICO Numeral 5) | C18: 1 | D18: =+E18/1.19 -> 1.1764706e+08 | E18: 140000000 | F18: =+G18/1.19 -> 88089849 | G18: 104826920 | H18: =+I18/1.19 -> 68954622 | I18: 82056000 | J18: =+K18/1.19 -> 3.2403361e+09 | K18: 3856000000 | L18: =+M18/1.19 -> 3.1268571e+09 | M18: 3720960000 | N18: =+O18/1.19 -> 1.0583294e+08 | O18: 125941200 | P18: =+Q18/1.19 -> 26067227 | Q18: 31020000 | R18: =+S18/1.19 -> 95805301 | S18: =108372917*5.2%+108372917 -> 1.1400831e+08 | U18: =AVERAGE(D18,F18,H18,J18,L18,N18,P18,R18) -> 8.5869878e+08 | V18: =+MEDIAN(D18,F18,H18,J18,L18,N18,P18,R18) -> 1.0081912e+08 | W18: =GEOMEAN(D18,F18,H18,J18,L18,N18,P18,R18) -> 1.9285647e+08 | X18: =HARMEAN(D18,F18,H18,J18,L18,N18,P18,R18) -> 85807638 | Y18: =AVERAGE(E18,G18,I18,K18,M18,O18,Q18,S18) -> 1.0218516e+09 | Z18: =MEDIAN(E18,G18,I18,K18,M18,O18,Q18,S18) -> 1.1997475e+08 | AA18: =GEOMEAN(E18,G18,I18,K18,M18,O18,Q18,S18) -> 2.294992e+08 | AB18: =HARMEAN(E18,G18,I18,K18,M18,O18,Q18,S18) -> 1.0211109e+08 | AF18: =MIN(Z18:AB18) -> 1.0211109e+08 | AH18: =+((MIN(Z18:AB18)*3)+SMALL(Z18:AB18,2)+SMALL(Z18:AB18,3))/5 -> 1.3116144e+08 | AI18: =ROUND((AH18*C18),0) -> 131161444 | AK18: =MIN(Y18:AA18) -> 1.1997475e+08 | AM18: =+((MIN(Y18:AA18)*3)+SMALL(Y18:AA18,2)+SMALL(Y18:AA18,3))/5 -> 3.22255e+08 | AN18: =ROUND((AM18*C18),0) -> 322255003 | AP18: =ROUND((+AI18/155)*30,0) -> 25386086 | AQ18: =ROUND((+AP18*3%),0) -> 761583 | AR18: =ROUND((+AP18+AQ18),) -> 26147669 | AS18: =ROUND((+AR18*12),0) -> 313772028 | AT18: =ROUND((+AS18/360)*30,0) -> 26147669 | AU18: =+AT18*3% -> 784430.07 | AV18: =+AT18+AU18 -> 26932099 | AW18: =ROUND((+AV18*12),0) -> 323185189
A19: 2.2. | B19: Asignar al personal mínimo requerido equipos de comunicación idóneos durante la ejecución el contrato (ver ANEXO TÉCNICO Numerales 8,9,10 y 13.) | C19: 1 | D19: =+E19/1.19 -> 42016807 | E19: 50000000 | F19: =+G19/1.19 -> 1.2518457e+08 | G19: 148969644 | H19: =+I19/1.19 -> 94326387 | I19: 112248400 | J19: =+K19/1.19 -> 8.4033613e+08 | K19: 1000000000 | L19: =+M19/1.19 -> 8.9369748e+08 | M19: 1063500000 | N19: =+O19/1.19 -> 21722689 | O19: 25850000 | P19: =+Q19/1.19 -> 1.5640336e+08 | Q19: 186120000 | R19: =+S19/1.19 -> 31921627 | S19: =36109065*5.2%+36109065 -> 37986736 | U19: =AVERAGE(D19,F19,H19,J19,L19,N19,P19,R19) -> 2.7570113e+08 | V19: =+MEDIAN(D19,F19,H19,J19,L19,N19,P19,R19) -> 1.0975548e+08 | W19: =GEOMEAN(D19,F19,H19,J19,L19,N19,P19,R19) -> 1.1907262e+08 | X19: =HARMEAN(D19,F19,H19,J19,L19,N19,P19,R19) -> 62279151 | Y19: =AVERAGE(E19,G19,I19,K19,M19,O19,Q19,S19) -> 3.2808435e+08 | Z19: =MEDIAN(E19,G19,I19,K19,M19,O19,Q19,S19) -> 130609022 | AA19: =GEOMEAN(E19,G19,I19,K19,M19,O19,Q19,S19) -> 1.4169642e+08 | AB19: =HARMEAN(E19,G19,I19,K19,M19,O19,Q19,S19) -> 74112189 | AF19: =MIN(Z19:AB19) -> 74112189 | AH19: =+((MIN(Z19:AB19)*3)+SMALL(Z19:AB19,2)+SMALL(Z19:AB19,3))/5 -> 98928402 | AI19: =ROUND((AH19*C19),0) -> 98928402 | AK19: =MIN(Y19:AA19) -> 130609022 | AM19: =+((MIN(Y19:AA19)*3)+SMALL(Y19:AA19,2)+SMALL(Y19:AA19,3))/5 -> 1.7232157e+08 | AN19: =ROUND((AM19*C19),0) -> 172321567 | AP19: =ROUND((+AI19/155)*30,0) -> 19147433 | AQ19: =ROUND((+AP19*3%),0) -> 574423 | AR19: =ROUND((+AP19+AQ19),) -> 19721856 | AS19: =ROUND((+AR19*12),0) -> 236662272 | AT19: =ROUND((+AS19/360)*30,0) -> 19721856 | AU19: =+AT19*3% -> 591655.68 | AV19: =+AT19+AU19 -> 20313512 | AW19: =ROUND((+AV19*12),0) -> 243762140
A20: 3. GASTOS ADMINISTRATIVOS | AT20: =ROUND((+AS20/360)*30,0) -> 0
A21: 3 | B21: Gastos Administrativos (máximo 10% sobre los costos directos) | C21: 1 | D21: =+E21/1.19 -> 89975588 | E21: 107070950 | F21: =+G21/1.19 -> 1.7100265e+08 | G21: 2.0349315e+08 | H21: =+I21/1.19 -> 4.2016807e+08 | I21: 500000000 | J21: =+K21/1.19 -> 5.1117715e+08 | K21: 6.0830081e+08 | L21: =+M21/1.19 -> 5.1029203e+08 | M21: 6.0724752e+08 | N21: =+O21/1.19 -> 1.5531071e+08 | O21: 184819745 | P21: =+Q21/1.19 -> 43445378 | Q21: 51700000 | R21: =+S21/1.19 -> 91304280 | S21: =103281457*5.2%+103281457 -> 1.0865209e+08 | U21: =AVERAGE(D21,F21,H21,J21,L21,N21,P21,R21) -> 2.4908448e+08 | V21: =+MEDIAN(D21,F21,H21,J21,L21,N21,P21,R21) -> 1.6315668e+08 | W21: =GEOMEAN(D21,F21,H21,J21,L21,N21,P21,R21) -> 1.7867842e+08 | X21: =HARMEAN(D21,F21,H21,J21,L21,N21,P21,R21) -> 1.2565493e+08 | Y21: =AVERAGE(E21,G21,I21,K21,M21,O21,Q21,S21) -> 2.9641053e+08 | Z21: =MEDIAN(E21,G21,I21,K21,M21,O21,Q21,S21) -> 1.9415645e+08 | AA21: =GEOMEAN(E21,G21,I21,K21,M21,O21,Q21,S21) -> 2.1262733e+08 | AB21: =HARMEAN(E21,G21,I21,K21,M21,O21,Q21,S21) -> 1.4952937e+08 | AF21: =MIN(Z21:AB21) -> 1.4952937e+08 | AH21: =+((MIN(Z21:AB21)*3)+SMALL(Z21:AB21,2)+SMALL(Z21:AB21,3))/5 -> 1.7107438e+08 | AI21: =ROUND((AH21*C21),0) -> 171074376 | AK21: =MIN(Y21:AA21) -> 1.9415645e+08 | AM21: =+((MIN(Y21:AA21)*3)+SMALL(Y21:AA21,2)+SMALL(Y21:AA21,3))/5 -> 2.1830144e+08 | AN21: =ROUND((AM21*C21),0) -> 218301441 | AP21: =ROUND((+AI21/155)*30,0) -> 33111170 | AQ21: =ROUND((+AP21*3%),0) -> 993335 | AR21: =ROUND((+AP21+AQ21),) -> 34104505 | AS21: =ROUND((+AR21*12),0) -> 409254060 | AT21: =ROUND((+AS21/360)*30,0) -> 34104505 | AU21: =+AT21*3% -> 1023135.1 | AV21: =+AT21+AU21 -> 35127640 | AW21: =ROUND((+AV21*12),0) -> 421531682
AP22: =SUM(AP8:AP21) -> 290320488 | AQ22: =ROUND((+AP22*3%),0) -> 8709615 | AR22: =ROUND((+AP22+AQ22),) -> 299030103 | AS22: =ROUND((SUM(AS8:AS21)),0) -> 3588361236 | AT22: =SUM(AT8:AT21) -> 299030103 | AU22: =SUM(AU8:AU21) -> 8970903.1 | AV22: =SUM(AV8:AV21) -> 3.0800101e+08 | AW22: =SUM(AW8:AW21) -> 3696012073
U23: =SUM(U8:U21) -> 2.3977058e+09 | V23: =SUM(V8:V21) -> 1.3228921e+09 | W23: =SUM(W8:W21) -> 1.4565926e+09 | X23: =SUM(X8:X21) -> 1.1952375e+09 | Y23: =SUM(Y8:Y21) -> 2.8532699e+09 | Z23: =SUM(Z8:Z21) -> 1.5742416e+09 | AA23: =SUM(AA8:AA21) -> 1.7333452e+09 | AB23: =SUM(AB8:AB21) -> 1.4223327e+09 | AF23: =MIN(Z23:AB23) -> 1.4223327e+09 | AK23: =MIN(Y23:AA23) -> 1.5742416e+09
A24: RESUMEN 2025 | D24: 1. JFS CONSULTORES SAS 25/04/2025 | F24: 2. 3B PROYECTOS S A S 24/04/2025 | H24: 3. VCO S.A.S 25/04/2025 | J24: 4. FUNDACIÓN NIUWI 25/04/2025 | L24: 5. ICAE 25/04/2025 | N24: 6. INCOLTA INTERVENTORÍAS Y CONSULTORÍAS S.A.S. 25/04/2025 | P24: 7. OLI CONSULTING 24/04/2025 | R24: 7. PROCESO No. SED-CM-A-DSA-063-2024 ALIANZA INTEGRAL DE PROYECTOS SAS 25/04/2025 | AH24: ESTIMACIÓN DEL PRESUPUESTO MEDIANTE METODOLOGÍA PERT | AM24: ESTIMACIÓN DEL PRESUPUESTO MEDIANTE METODOLOGÍA PERT | AQ24: ESTIMACIÓN DEL PRESUPUESTO MEDIANTE METODOLOGÍA PERT | AU24: ESTIMACIÓN DEL PRESUPUESTO MEDIANTE METODOLOGÍA PERT
A25: SUBTOTAL COSTO DIRECTOS (Sumatoria N°1 y 2) | D25: =+E8+E9+E10+E11+E12+E13+E14+E15+E16+E18+E19 -> 1070709500 | F25: =+G8+G9+G10+G11+G12+G13+G14+G15+G16+G18+G19 -> 2034931523 | H25: =+I8+I9+I10+I11+I12+I13+I14+I15+I16+I18+I19 -> 1024815132 | J25: =+K8+K9+K10+K11+K12+K13+K14+K15+K16+K18+K19 -> 6083616500 | L25: =+M8+M9+M10+M11+M12+M13+M14+M15+M16+M18+M19 -> 6073082500 | N25: =+O8+O9+O10+O11+O12+O13+O14+O15+O16+O18+O19 -> 1848197450 | P25: =+Q8+Q9+Q10+Q11+Q12+Q13+Q14+Q15+Q16+Q18+Q19 -> 1185033563 | R25: =+S8+S9+S10+S11+S12+S13+S14+S15+S16+S18+S19 -> 1.1344885e+09 | AH25: =+AI25/1.19 -> 1.1167351e+09 | AI25: =+AI8+AI9+AI10+AI11+AI12+AI13+AI14+AI15+AI16+AI18+AI19 -> 1328914813 | AM25: =+AN25/1.19 -> 1.3706024e+09 | AN25: =+AN8+AN9+AN10+AN11+AN12+AN13+AN14+AN15+AN16+AN18+AN19 -> 1631016837 | AQ25: =+AS25/1.19 -> 2.6715186e+09 | AS25: =+AS8+AS9+AS10+AS11+AS12+AS13+AS14+AS15+AS16+AS18+AS19 -> 3179107176 | AU25: =+AW25/1.19 -> 2.7516642e+09 | AW25: =+AW8+AW9+AW10+AW11+AW12+AW13+AW14+AW15+AW16+AW18+AW19 -> 3274480391
A26: GASTOS ADMINISTRATIVOS (N° 3) | D26: =+E21 -> 107070950 | F26: =+G21 -> 2.0349315e+08 | H26: =+I21 -> 500000000 | J26: =+K21 -> 6.0830081e+08 | L26: =+M21 -> 6.0724752e+08 | N26: =+O21 -> 184819745 | P26: =+Q21 -> 51700000 | R26: =+S21 -> 1.0865209e+08 | AH26: =+AI26/1.19 -> 1.4375998e+08 | AI26: =+AI21 -> 171074376 | AM26: =+AN26/1.19 -> 1.8344659e+08 | AN26: =+AN21 -> 218301441 | AQ26: =+AS26/1.19 -> 3.4391097e+08 | AS26: =+AS21 -> 409254060 | AU26: =+AW26/1.19 -> 3.542283e+08 | AW26: =+AW21 -> 421531682
A27: SUBTOTAL COTIZACIÓN | D27: =+D25+D26 -> 1177780450 | F27: =+F25+F26 -> 2.2384247e+09 | H27: =+H25+H26 -> 1524815132 | J27: =+J25+J26 -> 6.6919173e+09 | L27: =+L25+L26 -> 6.68033e+09 | N27: =+N25+N26 -> 2033017195 | P27: =+P25+P26 -> 1236733563 | R27: =+R25+R26 -> 1.2431406e+09 | AH27: =+AI27/1.19 -> 1.2604951e+09 | AI27: =SUM(AI25:AI26) -> 1499989189 | AM27: =+AN27/1.19 -> 1.554049e+09 | AN27: =SUM(AN25:AN26) -> 1849318278 | AQ27: =+AS27/1.19 -> 3.0154296e+09 | AS27: =SUM(AS25:AS26) -> 3588361236 | AU27: =+AW27/1.19 -> 3.1058925e+09 | AW27: =SUM(AW25:AW26) -> 3696012073
A28: IVA | D28: =ROUND((+D27*19%),0) -> 223778286 | F28: =ROUND((+F27*19%),0) -> 425300688 | H28: =ROUND((+H27*19%),0) -> 289714875 | J28: =ROUND((+J27*19%),0) -> 1271464290 | L28: =ROUND((+L27*19%),0) -> 1269262704 | N28: =ROUND((+N27*19%),0) -> 386273267 | P28: =ROUND((+P27*19%),0) -> 234979377 | R28: =ROUND((+R27*19%),0) -> 236196707 | AH28: =+AH27*19% -> 2.3949407e+08 | AM28: =+AM27*19% -> 2.952693e+08 | AQ28: =+AQ27*19% -> 5.7293163e+08 | AU28: =+AU27*19% -> 5.9011957e+08
A29: TOTAL COTIZACIÓN | D29: =ROUND((+D27+D28),0) -> 1401558736 | F29: =ROUND((+F27+F28),0) -> 2663725363 | H29: =ROUND((+H27+H28),0) -> 1814530007 | J29: =ROUND((+J27+J28),0) -> 7963381604 | L29: =ROUND((+L27+L28),0) -> 7949592723 | N29: =ROUND((+N27+N28),0) -> 2419290462 | P29: =ROUND((+P27+P28),0) -> 1471712940 | R29: =ROUND((+R27+R28),0) -> 1479337270 | AB29: 5 meses 5 dias | AF29: 2025 | AH29: =+AH27+AH28 -> 1499989189 | AI29: =+AI27+AI28 -> 1499989189 | AM29: =+AM27+AM28 -> 1.8493183e+09 | AN29: =+AN27+AN28 -> 1849318278 | AQ29: =ROUND((+AQ27+AQ28),0) -> 3588361236 | AS29: =ROUND((+AS27+AS28),0) -> 3588361236 | AU29: =ROUND((+AU27+AU28),0) -> 3696012073 | AW29: =ROUND((+AW27+AW28),0) -> 3696012073
AB30: vr. Mes 2025 | AF30: =ROUND((+AH29/155)*30,0) -> 290320488 | AI30: =+AF30/30*155 -> 1499989188 | AK30: 1386161735 | AL30: VF APROBADAS | AM30: =+AK30-AI30 -> -113827453 | AP30: 1386161735
AB31: incremento 3% | AF31: =ROUND((+AF30*3%),0) -> 8709615 | AL31: VF APROBADAS | AP31: =+AP30-AI30 -> -113827453
AB32: vr. Mes 2026 | AF32: =+AF30+AF31 -> 299030103 | AI32: =ROUND((+AF32*12),0) -> 3588361236 | AK32: 3316056552 | AL32: VF APROBADAS | AM32: =+AK32-AI32 -> -272304684
AB33: incremento 3% | AF33: =ROUND((+AF32*3%),0) -> 8970903 | AL33: VF APROBADAS
AB34: vr. Mes 2027 | AF34: =+AF32+AF33 -> 308001006 | AI34: =+AF34*12 -> 3696012072 | AK34: 3415538196 | AM34: =+AK34-AI34 -> -280473876
AI36: =+AI30+AI32+AI34 -> 8784362496 | AK36: 8117756483 | AM36: =+AK36-AI36 -> -666606013

Sheet 3
S3: =5/30 -> 0.16666667 | T3: =S3+5 -> 5.1666667 | U3: =T3*30 -> 155 | V3: DÍAS
A4: DOCUMENTO DE VALIDACIÓN DE PRECIOS DE REFERENCIA | L4: VALORES TOTALES
A5: CONSOLIDADO DE COTIZACIONES | D5: 1. JFS CONSULTORES SAS 25/04/2025 | E5: 2. 3B PROYECTOS S A S 24/04/2025 | F5: 3. VCO S.A.S 25/04/2025 | G5: 4. INCOLTA INTERVENTORÍAS Y CONSULTORÍAS S.A.S. 25/04/2025 | H5: 5. OLI CONSULTING 24/04/2025 | I5: 6. No. SED-CM-A-DSA-063-2024 ALIANZA INTEGRAL DE PROYECTOS SAS + INDEXACIÓN 5,20% 2024 | K5: PROMEDIO | L5: MEDIANA | M5: MEDIA GEOMETRICA | N5: MEDIA ARMONICA | P5: ESTIMACIÓN DEL PRESUPUESTO MEDIANTE METODOLOGÍA PERT 2025 5 meses 5 dias | S5: ESTIMACIÓN DEL PRESUPUESTO MEDIANTE METODOLOGÍA PERT 2026 (12 meses) | X5: ESTIMACIÓN DEL PRESUPUESTO MEDIANTE METODOLOGÍA PERT 2027 (12 meses)
A6: N° | B6: Descripción Personal Requerido (Ver Anexo Técnico Numeral 13 y 14) | C6: Personal Requerido | D6: VALOR total | E6: VALOR Total | F6: VALOR total | G6: VALOR Total | H6: VALOR total | I6: VALOR Total | K6: VALOR TOTAL INCUIDO IVA | L6: VALOR TOTAL INCUIDO IVA | M6: VALOR TOTAL INCUIDO IVA | N6: VALOR TOTAL INCUIDO IVA | O6: MENOR | P6: VALOR UNITARIO INCUIDO IVA | Q6: VALOR TOTAL INCUIDO IVA | S6: vr. Mes 2025 | T6: incremento 3% | U6: Vr. Mes con incremento | V6: VALOR TOTAL INCUIDO IVA * 12 meses | X6: vr. Mes 2026 | Y6: incremento 3% | Z6: Vr. Mes con incremento | AA6: VALOR TOTAL INCUIDO IVA * 12 meses
A7: 1. COSTOS DIRECTOS DE RECURSO HUMANO MÍNIMO REQUERIDO
A8: 1.1. | B8: DIRECTOR DE INTERVENTORIA | C8: 1 | D8: 89958000 | E8: 96638535 | F8: 67721716 | G8: 86856000 | H8: 76177365 | I8: =67891554.5*5.2%+67891554.5 -> 71421915 | K8: =AVERAGE(D8,E8,F8,G8,H8,I8) -> 81462255 | L8: =MEDIAN(D8,E8,F8,G8,H8,I8) -> 81516682 | M8: =GEOMEAN(D8,E8,F8,G8,H8,I8) -> 80797122 | N8: =HARMEAN(D8,E8,F8,G8,H8,I8) -> 80136421 | O8: =MIN(L8:N8) -> 80136421 | P8: =+((MIN(L8:N8)*3)+SMALL(L8:N8,2)+SMALL(L8:N8,3))/5 -> 80544614 | Q8: =ROUND((P8*C8),0) -> 80544614 | S8: =ROUND((+Q8/155)*30,0) -> 15589280 | T8: =ROUND((+S8*3%),0) -> 467678 | U8: =ROUND((+S8+T8),0) -> 16056958 | V8: =ROUNDUP((+U8*12),0) -> 192683496 | X8: =(+V8/360)*30 -> 16056958 | Y8: =ROUND((+X8*3%),0) -> 481709 | Z8: =ROUND((+X8+Y8),0) -> 16538667 | AA8: =ROUND((+Z8*12),0) -> 198464004
A9: 1.2. | B9: COORDINADOR ADMINISTRATIVO Y FINANCIERO | C9: 1 | D9: 44462000 | E9: 75700179 | F9: 56434764 | G9: 70570500 | H9: 48112020 | I9: =59250053.5*5.2%+59250053.5 -> 62331056 | K9: =AVERAGE(D9,E9,F9,G9,H9,I9) -> 59601753 | L9: =MEDIAN(D9,E9,F9,G9,H9,I9) -> 59382910 | M9: =GEOMEAN(D9,E9,F9,G9,H9,I9) -> 58528714 | N9: =HARMEAN(D9,E9,F9,G9,H9,I9) -> 57460741 | O9: =MIN(L9:N9) -> 57460741 | P9: =+((MIN(L9:N9)*3)+SMALL(L9:N9,2)+SMALL(L9:N9,3))/5 -> 58058770 | Q9: =ROUND((P9*C9),0) -> 58058770 | S9: =ROUND((+Q9/155)*30,0) -> 11237181 | T9: =ROUND((+S9*3%),0) -> 337115 | U9: =ROUND((+S9+T9),0) -> 11574296 | V9: =ROUNDUP((+U9*12),0) -> 138891552 | X9: =(+V9/360)*30 -> 11574296 | Y9: =ROUND((+X9*3%),0) -> 347229 | Z9: =ROUND((+X9+Y9),0) -> 11921525 | AA9: =ROUND((+Z9*12),0) -> 143058300
A10: 1.3. | B10: COORDINADOR OPERATIVO | C10: 1 | D10: 54285000 | E10: 94218857 | F10: 52672446 | G10: 70570500 | H10: 48112020 | I10: =57981847*5.2%+57981847 -> 60996903 | K10: =AVERAGE(D10,E10,F10,G10,H10,I10) -> 63475954 | L10: =MEDIAN(D10,E10,F10,G10,H10,I10) -> 57640952 | M10: =GEOMEAN(D10,E10,F10,G10,H10,I10) -> 61815534 | N10: =HARMEAN(D10,E10,F10,G10,H10,I10) -> 60380719 | O10: =MIN(L10:N10) -> 57640952 | P10: =+((MIN(L10:N10)*3)+SMALL(L10:N10,2)+SMALL(L10:N10,3))/5 -> 59023821 | Q10: =ROUND((P10*C10),0) -> 59023821 | S10: =ROUND((+Q10/155)*30,0) -> 11423965 | T10: =ROUND((+S10*3%),0) -> 342719 | U10: =ROUND((+S10+T10),0) -> 11766684 | V10: =ROUNDUP((+U10*12),0) -> 141200208 | X10: =(+V10/360)*30 -> 11766684 | Y10: =ROUND((+X10*3%),0) -> 353001 | Z10: =ROUND((+X10+Y10),0) -> 12119685 | AA10: =ROUND((+Z10*12),0) -> 145436220
A11: 1.4. | B11: COORDINADOR TÉCNICO | C11: 1 | D11: 37224000 | E11: 79978427 | F11: 52672446 | G11: 70570500 | H11: 48112020 | I11: =57981847*5.2%+57981847 -> 60996903 | K11: =AVERAGE(D11,E11,F11,G11,H11,I11) -> 58259049 | L11: =MEDIAN(D11,E11,F11,G11,H11,I11) -> 56834675 | M11: =GEOMEAN(D11,E11,F11,G11,H11,I11) -> 56484245 | N11: =HARMEAN(D11,E11,F11,G11,H11,I11) -> 54693451 | O11: =MIN(L11:N11) -> 54693451 | P11: =+((MIN(L11:N11)*3)+SMALL(L11:N11,2)+SMALL(L11:N11,3))/5 -> 55479855 | Q11: =ROUND((P11*C11),0) -> 55479855 | S11: =ROUND((+Q11/155)*30,0) -> 10738036 | T11: =ROUND((+S11*3%),0) -> 322141 | U11: =ROUND((+S11+T11),0) -> 11060177 | V11: =ROUNDUP((+U11*12),0) -> 132722124 | X11: =(+V11/360)*30 -> 11060177 | Y11: =ROUND((+X11*3%),0) -> 331805 | Z11: =ROUND((+X11+Y11),0) -> 11391982 | AA11: =ROUND((+Z11*12),0) -> 136703784
A12: 1.5. | B12: ANALISTA DE SEGURIDAD | C12: 1 | D12: 44462000 | E12: 89309986 | F12: 33860858 | G12: 65142000 | H12: 40093350 | I12: =45456713.5*5.2%+45456713.5 -> 47820463 | K12: =AVERAGE(D12,E12,F12,G12,H12,I12) -> 53448109 | L12: =MEDIAN(D12,E12,F12,G12,H12,I12) -> 46141231 | M12: =GEOMEAN(D12,E12,F12,G12,H12,I12) -> 50604487 | N12: =HARMEAN(D12,E12,F12,G12,H12,I12) -> 48221775 | O12: =MIN(L12:N12) -> 46141231 | P12: =+((MIN(L12:N12)*3)+SMALL(L12:N12,2)+SMALL(L12:N12,3))/5 -> 47449991 | Q12: =ROUND((P12*C12),0) -> 47449991 | S12: =ROUND((+Q12/155)*30,0) -> 9183869 | T12: =ROUND((+S12*3%),0) -> 275516 | U12: =ROUND((+S12+T12),0) -> 9459385 | V12: =ROUNDUP((+U12*12),0) -> 113512620 | X12: =(+V12/360)*30 -> 9459385 | Y12: =ROUND((+X12*3%),0) -> 283782 | Z12: =ROUND((+X12+Y12),0) -> 9743167 | AA12: =ROUND((+Z12*12),0) -> 116918004
A13: 1.6. | B13: ABOGADO | C13: 0.5 | D13: 22231000 | E13: 39057431 | F13: 20692747 | G13: 37999500 | H13: 12028005 | I13: =38077677*5.2%+38077677 -> 40057716 | K13: =AVERAGE(D13,E13,F13,G13,H13,I13) -> 28677733 | L13: =MEDIAN(D13,E13,F13,G13,H13,I13) -> 30115250 | M13: =GEOMEAN(D13,E13,F13,G13,H13,I13) -> 26273812 | N13: =HARMEAN(D13,E13,F13,G13,H13,I13) -> 23684420 | O13: =MIN(L13:N13) -> 23684420 | P13: =+((MIN(L13:N13)*3)+SMALL(L13:N13,2)+SMALL(L13:N13,3))/5 -> 25488465 | Q13: =ROUND((P13*C13),0) -> 12744232 | S13: =ROUND((+Q13/155)*30,0) -> 2466626 | T13: =ROUND((+S13*3%),0) -> 73999 | U13: =ROUND((+S13+T13),0) -> 2540625 | V13: =ROUNDUP((+U13*12),0) -> 30487500 | X13: =(+V13/360)*30 -> 2540625 | Y13: =ROUND((+X13*3%),0) -> 76219 | Z13: =ROUND((+X13+Y13),0) -> 2616844 | AA13: =ROUND((+Z13*12),0) -> 31402128
A14: 1.7. | B14: SUPERVISORES OPERATIVOS (13) | C14: 1 | D14: 295724000 | E14: 663927214 | F14: 256004839 | G14: 635134500 | H14: 338788808 | I14: =291617612*5.2%+291617612 -> 3.0678173e+08 | K14: =AVERAGE(D14,E14,F14,G14,H14,I14) -> 4.1606018e+08 | L14: =MEDIAN(D14,E14,F14,G14,H14,I14) -> 3.2278527e+08 | M14: =GEOMEAN(D14,E14,F14,G14,H14,I14) -> 3.8620087e+08 | N14: =HARMEAN(D14,E14,F14,G14,H14,I14) -> 3.6188824e+08 | O14: =MIN(L14:N14) -> 3.2278527e+08 | P14: =+((MIN(L14:N14)*3)+SMALL(L14:N14,2)+SMALL(L14:N14,3))/5 -> 3.4328898e+08 | Q14: =ROUND((P14*C14),0) -> 343288982 | S14: =ROUND((+Q14/155)*30,0) -> 66443029 | T14: =ROUND((+S14*3%),0) -> 1993291 | U14: =ROUND((+S14+T14),0) -> 68436320 | V14: =ROUNDUP((+U14*12),0) -> 821235840 | X14: =(+V14/360)*30 -> 68436320 | Y14: =ROUND((+X14*3%),0) -> 2053090 | Z14: =ROUND((+X14+Y14),0) -> 70489410 | AA14: =ROUND((+Z14*12),0) -> 845872920
A15: 1.8. | B15: SUPERVISORES TÉCNICOS(13) | C15: 1 | D15: 282282000 | E15: 621205092 | F15: 264114693 | G15: 635134500 | H15: 342437302 | I15: =296377438.5*5.2%+296377438.5 -> 3.1178907e+08 | K15: =AVERAGE(D15,E15,F15,G15,H15,I15) -> 4.0949378e+08 | L15: =MEDIAN(D15,E15,F15,G15,H15,I15) -> 3.2711318e+08 | M15: =GEOMEAN(D15,E15,F15,G15,H15,I15) -> 3.8268056e+08 | N15: =HARMEAN(D15,E15,F15,G15,H15,I15) -> 3.6056449e+08 | O15: =MIN(L15:N15) -> 3.2711318e+08 | P15: =+((MIN(L15:N15)*3)+SMALL(L15:N15,2)+SMALL(L15:N15,3))/5 -> 3.4491692e+08 | Q15: =ROUND((P15*C15),0) -> 344916920 | S15: =ROUND((+Q15/155)*30,0) -> 66758114 | T15: =ROUND((+S15*3%),0) -> 2002743 | U15: =ROUND((+S15+T15),0) -> 68760857 | V15: =ROUNDUP((+U15*12),0) -> 825130284 | X15: =(+V15/360)*30 -> 68760857 | Y15: =ROUND((+X15*3%),0) -> 2062826 | Z15: =ROUND((+X15+Y15),0) -> 70823683 | AA15: =ROUND((+Z15*12),0) -> 849884196
A16: 1.9. | B16: ANALISTA DE DATOS | C16: 1 | D16: 10081500 | E16: 21099238 | F16: 26336223 | G16: 24428250 | H16: 14032673 | I16: =19294368.5*5.2%+19294368.5 -> 20297676 | K16: =AVERAGE(D16,E16,F16,G16,H16,I16) -> 19379260 | L16: =MEDIAN(D16,E16,F16,G16,H16,I16) -> 20698457 | M16: =GEOMEAN(D16,E16,F16,G16,H16,I16) -> 18413545 | N16: =HARMEAN(D16,E16,F16,G16,H16,I16) -> 17339919 | O16: =MIN(L16:N16) -> 17339919 | P16: =+((MIN(L16:N16)*3)+SMALL(L16:N16,2)+SMALL(L16:N16,3))/5 -> 18226352 | Q16: =ROUND((P16*C16),0) -> 18226352 | S16: =ROUND((+Q16/155)*30,0) -> 3527681 | T16: =ROUND((+S16*3%),0) -> 105830 | U16: =ROUND((+S16+T16),0) -> 3633511 | V16: =ROUNDUP((+U16*12),0) -> 43602132 | X16: =(+V16/360)*30 -> 3633511 | Y16: =ROUND((+X16*3%),0) -> 109005 | Z16: =ROUND((+X16+Y16),0) -> 3742516 | AA16: =ROUND((+Z16*12),0) -> 44910192
A17: 2. OTROS COSTOS DIRECTOS ASOCIADOS A LA OPERACIÓN | X17: =(+V17/360)*30 -> 0
A18: 2.1. | B18: Movilización para realización de las visitas a los Colegios Distritales, Sedes Administrativas de la Secretaría de Educación del Distrito -SED y Empresas ejecutoras del contrato de vigilancia ( ANEXO TÉCNICO Numeral 5) | C18: 1 | D18: 140000000 | E18: 104826920 | F18: 82056000 | G18: 125941200 | H18: 31020000 | I18: =108372917*5.2%+108372917 -> 1.1400831e+08 | K18: =AVERAGE(D18,E18,F18,G18,H18,I18) -> 99642071 | L18: =MEDIAN(D18,E18,F18,G18,H18,I18) -> 1.0941761e+08 | M18: =GEOMEAN(D18,E18,F18,G18,H18,I18) -> 90138340 | N18: =HARMEAN(D18,E18,F18,G18,H18,I18) -> 77103023 | O18: =MIN(L18:N18) -> 77103023 | P18: =+((MIN(L18:N18)*3)+SMALL(L18:N18,2)+SMALL(L18:N18,3))/5 -> 86173004 | Q18: =ROUND((P18*C18),0) -> 86173004 | S18: =ROUND((+Q18/155)*30,0) -> 16678646 | T18: =ROUND((+S18*3%),0) -> 500359 | U18: =ROUND((+S18+T18),0) -> 17179005 | V18: =ROUNDUP((+U18*12),0) -> 206148060 | X18: =(+V18/360)*30 -> 17179005 | Y18: =ROUND((+X18*3%),0) -> 515370 | Z18: =ROUND((+X18+Y18),0) -> 17694375 | AA18: =ROUND((+Z18*12),0) -> 212332500
A19: 2.2. | B19: Asignar al personal mínimo requerido equipos de comunicación idóneos durante la ejecución el contrato (ver ANEXO TÉCNICO Numerales 8,9,10 y 13.) | C19: 1 | D19: 50000000 | E19: 148969644 | F19: 112248400 | G19: 25850000 | H19: 186120000 | I19: =36109065*5.2%+36109065 -> 37986736 | K19: =AVERAGE(D19,E19,F19,G19,H19,I19) -> 93529130 | L19: =MEDIAN(D19,E19,F19,G19,H19,I19) -> 81124200 | M19: =GEOMEAN(D19,E19,F19,G19,H19,I19) -> 73117655 | N19: =HARMEAN(D19,E19,F19,G19,H19,I19) -> 56601549 | O19: =MIN(L19:N19) -> 56601549 | P19: =+((MIN(L19:N19)*3)+SMALL(L19:N19,2)+SMALL(L19:N19,3))/5 -> 64809301 | Q19: =ROUND((P19*C19),0) -> 64809301 | S19: =ROUND((+Q19/155)*30,0) -> 12543736 | T19: =ROUND((+S19*3%),0) -> 376312 | U19: =ROUND((+S19+T19),0) -> 12920048 | V19: =ROUNDUP((+U19*12),0) -> 155040576 | X19: =(+V19/360)*30 -> 12920048 | Y19: =ROUND((+X19*3%),0) -> 387601 | Z19: =ROUND((+X19+Y19),0) -> 13307649 | AA19: =ROUND((+Z19*12),0) -> 159691788
A20: 3. GASTOS ADMINISTRATIVOS | X20: =(+V20/360)*30 -> 0
A21: 3 | B21: Gastos Administrativos | C21: 1 | D21: 107070950 | E21: 2.0349315e+08 | F21: 500000000 | G21: 184819745 | H21: 51700000 | I21: =103281457*5.2%+103281457 -> 1.0865209e+08 | K21: =AVERAGE(D21,E21,F21,G21,H21,I21) -> 1.9262266e+08 | L21: =MEDIAN(D21,E21,F21,G21,H21,I21) -> 1.4673592e+08 | M21: =GEOMEAN(D21,E21,F21,G21,H21,I21) -> 1.4982286e+08 | N21: =HARMEAN(D21,E21,F21,G21,H21,I21) -> 1.1949692e+08 | O21: =MIN(L21:N21) -> 1.1949692e+08 | P21: =+((MIN(L21:N21)*3)+SMALL(L21:N21,2)+SMALL(L21:N21,3))/5 -> 1.3100991e+08 | Q21: =ROUND((P21*C21),0) -> 131009910 | S21: =ROUND((+Q21/155)*30,0) -> 25356757 | T21: =ROUND((+S21*3%),0) -> 760703 | U21: =ROUND((+S21+T21),0) -> 26117460 | V21: =ROUNDUP((+U21*12),0) -> 313409520 | X21: =(+V21/360)*30 -> 26117460 | Y21: =ROUND((+X21*3%),0) -> 783524 | Z21: =ROUND((+X21+Y21),0) -> 26900984 | AA21: =ROUND((+Z21*12),0) -> 322811808
Q22: =ROUND((SUM(Q8:Q21)),0) -> 1301725752 | S22: =SUM(S8:S21) -> 251946920 | T22: =SUM(T7:T21) -> 7558406 | U22: =SUM(U7:U21) -> 259505326 | V22: =SUM(V8:V21) -> 3114063912 | X22: =SUM(X8:X21) -> 259505326 | Y22: =SUM(Y8:Y21) -> 7785161 | Z22: =SUM(Z8:Z21) -> 267290487 | AA22: =SUM(AA8:AA21) -> 3207485844
A24: RESUMEN 2025 | P24: ESTIMACIÓN DEL PRESUPUESTO MEDIANTE METODOLOGÍA PERT 2025 | U24: ESTIMACIÓN DEL PRESUPUESTO MEDIANTE METODOLOGÍA PERT 2026 | Z24: ESTIMACIÓN DEL PRESUPUESTO MEDIANTE METODOLOGÍA PERT 2027 | AB24: ESTIMACIÓN DEL PRESUPUESTO MEDIANTE METODOLOGÍA PERT 2027
A25: SUBTOTAL COSTO DIRECTOS (Sumatoria N°1 y 2) | D25: =SUM(D8:D19) -> 1070709500 | E25: =SUM(E8:E19) -> 2034931523 | F25: =SUM(F8:F19) -> 1024815132 | G25: =SUM(G8:G19) -> 1848197450 | H25: =SUM(H8:H19) -> 1185033563 | I25: =SUM(I8:I19) -> 1.1344885e+09 | Q25: =SUM(Q8:Q19) -> 1170715842 | V25: =+V8+V9+V10+V11+V12+V13+V14+V15+V16+V18+V19 -> 2800654392 | AA25: =+AA8+AA9+AA10+AA11+AA12+AA13+AA14+AA15+AA16+AA18+AA19 -> 2884674036 | AB25: =+Q29+V29+AA29 -> 9071697856
A26: GASTOS ADMINISTRATIVOS (N° 3) | D26: =+D21 -> 107070950 | E26: =+E21 -> 2.0349315e+08 | F26: =+F21 -> 500000000 | G26: =+G21 -> 184819745 | H26: =+H21 -> 51700000 | I26: =+I21 -> 1.0865209e+08 | Q26: =+Q21 -> 131009910 | V26: =+V21 -> 313409520 | AA26: =+AA21 -> 322811808
A27: SUBTOTAL COTIZACIÓN | D27: =SUM(D25:D26) -> 1177780450 | E27: =SUM(E25:E26) -> 2.2384247e+09 | F27: =SUM(F25:F26) -> 1524815132 | G27: =SUM(G25:G26) -> 2033017195 | H27: =SUM(H25:H26) -> 1236733563 | I27: =SUM(I25:I26) -> 1.2431406e+09 | Q27: =SUM(Q25:Q26) -> 1301725752 | V27: =SUM(V25:V26) -> 3114063912 | AA27: =SUM(AA25:AA26) -> 3207485844
A28: IVA | D28: =ROUNDUP((+D27*19%),0) -> 223778286 | E28: =ROUNDUP((+E27*19%),0) -> 425300689 | F28: =ROUNDUP((+F27*19%),0) -> 289714876 | G28: =ROUNDUP((+G27*19%),0) -> 386273268 | H28: =ROUNDUP((+H27*19%),0) -> 234979377 | I28: =ROUNDUP((+I27*19%),0) -> 236196707 | Q28: =ROUNDUP((+Q27*19%),0) -> 247327893 | V28: =ROUNDUP((+V27*19%),0) -> 591672144 | AA28: =ROUNDUP((+AA27*19%),0) -> 609422311
A29: TOTAL COTIZACIÓN | D29: =+D27+D28 -> 1401558736 | E29: =+E27+E28 -> 2.6637254e+09 | F29: =+F27+F28 -> 1814530008 | G29: =+G27+G28 -> 2419290463 | H29: =+H27+H28 -> 1471712940 | I29: =+I27+I28 -> 1.4793373e+09 | L29: 5 dias | M29: =+O31/35*5 -> 42830976 | N29: 5 meses 5 dias | O29: 2025 | P29: =+P27+P28 -> 0 | Q29: =+Q27+Q28 -> 1549053645 | V29: =SUM(V27:V28) -> 3705736056 | AA29: =SUM(AA27:AA28) -> 3816908155
L31: 5 meses | M31: =(+O31/35)*30 -> 2.5698586e+08 | N31: vr. Mes 2025 | O31: =+Q29/155*30 -> 2.9981683e+08 | P31: vr. 5 meses 5 dias2025 | Q31: =ROUND((+O31/30*155),0) -> 1549053645 | S31: 1386161735 | T31: VF APROBADAS
N32: incremento 3% | O32: =ROUND((+O31*3%),0) -> 8994505 | S32: =+S31-Q31 -> -162891910 | T32: DIFERENCIA
N33: vr. Mes 2026 | O33: =+V29/12 -> 308811338 | P33: vr. 12 meses | Q33: =+V29 -> 3705736056 | S33: 3316056552 | T33: VF APROBADAS
N34: incremento 3% | O34: =ROUND((+O33*3%),0) -> 9264340 | S34: =+S33-Q33 -> -389679504 | T34: DIFERENCIA
N35: vr. Mes 2027 | O35: =+AA29 -> 3816908155 | P35: vr. 12 meses | Q35: =+AA29 -> 3816908155 | S35: 3415538196 | T35: VF APROBADAS
S36: =+S35-Q35 -> -401369959 | T36: DIFERENCIA
N37: VALOR TOTAL CONTRATO DESDE 25/07/2025 HASTA 31/12/2027 | Q37: =+Q31+Q33+Q35 -> 9071697856 | S37: =+S31+S33+S35 -> 8117756483 | T37: VF APROBADAS
S38: =+S37-Q37 -> -953941373 | T38: DIFERENCIA
O44: 2024
N45: 5 meses 14 dias | O45: vr. 14 dias | P45: vr. Mes | Q45: valor cto
N46: actual | O46: =(+Q46/164)*14 -> 1.1541073e+08 | P46: =+Q46/164*30 -> 2.4730871e+08 | Q46: 1.3519543e+09

Sheet 3 (2)
R3: =5/30 -> 0.16666667 | S3: =R3+5 -> 5.1666667 | T3: =S3*30 -> 155 | U3: DÍAS
A4: DOCUMENTO DE VALIDACIÓN DE PRECIOS DE REFERENCIA | K4: VALORES TOTALES
A5: CONSOLIDADO DE COTIZACIONES | D5: 1. JFS CONSULTORES SAS 25/04/2025 | E5: 3. VCO S.A.S 25/04/2025 | F5: 4. INCOLTA INTERVENTORÍAS Y CONSULTORÍAS S.A.S. 25/04/2025 | G5: 5. OLI CONSULTING 24/04/2025 | H5: 6. No. SED-CM-A-DSA-063-2024 ALIANZA INTEGRAL DE PROYECTOS SAS + INDEXACIÓN 5,20% 2024 | J5: PROMEDIO | K5: MEDIANA | L5: MEDIA GEOMETRICA | M5: MEDIA ARMONICA | O5: ESTIMACIÓN DEL PRESUPUESTO MEDIANTE METODOLOGÍA PERT 2025 5 meses 5 dias | R5: ESTIMACIÓN DEL PRESUPUESTO MEDIANTE METODOLOGÍA PERT 2026 (12 meses) | W5: ESTIMACIÓN DEL PRESUPUESTO MEDIANTE METODOLOGÍA PERT 2027 (12 meses)
A6: N° | B6: Descripción Personal Requerido (Ver Anexo Técnico Numeral 13 y 14) | C6: Personal Requerido | D6: VALOR total | E6: VALOR total | F6: VALOR Total | G6: VALOR total | H6: VALOR Total | J6: VALOR TOTAL INCUIDO IVA | K6: VALOR TOTAL INCUIDO IVA | L6: VALOR TOTAL INCUIDO IVA | M6: VALOR TOTAL INCUIDO IVA | N6: MENOR | O6: VALOR UNITARIO INCUIDO IVA | P6: VALOR TOTAL INCUIDO IVA | R6: vr. Mes | S6: incremento 3% | T6: Vr. Mes con incremento | U6: VALOR TOTAL INCUIDO IVA * 12 meses | W6: vr. Mes | X6: incremento 3% | Y6: Vr. Mes con incremento | Z6: VALOR TOTAL INCUIDO IVA * 12 meses
A7: 1. COSTOS DIRECTOS DE RECURSO HUMANO MÍNIMO REQUERIDO
A8: 1.1. | B8: DIRECTOR DE INTERVENTORIA | C8: 1 | D8: 89958000 | E8: 67721716 | F8: 86856000 | G8: 76177365 | H8: =67891554.5*5.2%+67891554.5 -> 71421915 | J8: =AVERAGE(D8,,E8,F8,G8,H8) -> 65355833 | K8: =MEDIAN(D8,,E8,F8,G8,H8) -> 73799640 | L8: =GEOMEAN(D8,E8,F8,G8,H8) -> 77955184 | M8: =HARMEAN(D8,E8,F8,G8,H8) -> 77489965 | N8: =MIN(K8:M8) -> 73799640 | O8: =+((MIN(K8:M8)*3)+SMALL(K8:M8,2)+SMALL(K8:M8,3))/5 -> 75368814 | P8: =ROUND((O8*C8),0) -> 75368814 | R8: =ROUND((+P8/155)*30,0) -> 14587512 | S8: =ROUND((+R8*3%),0) -> 437625 | T8: =ROUND((+R8+S8),0) -> 15025137 | U8: =ROUNDUP((+T8*12),0) -> 180301644 | W8: =(+U8/360)*30 -> 15025137 | X8: =ROUND((+W8*3%),0) -> 450754 | Y8: =ROUND((+W8+X8),0) -> 15475891 | Z8: =ROUND((+Y8*12),0) -> 185710692
A9: 1.2. | B9: COORDINADOR ADMINISTRATIVO Y FINANCIERO | C9: 1 | D9: 44462000 | E9: 56434764 | F9: 70570500 | G9: 48112020 | H9: =59250053.5*5.2%+59250053.5 -> 62331056 | J9: =AVERAGE(D9,,E9,F9,G9,H9) -> 46985057 | K9: =MEDIAN(D9,,E9,F9,G9,H9) -> 52273392 | L9: =GEOMEAN(D9,E9,F9,G9,H9) -> 55593421 | M9: =HARMEAN(D9,E9,F9,G9,H9) -> 54819085 | N9: =MIN(K9:M9) -> 52273392 | O9: =+((MIN(K9:M9)*3)+SMALL(K9:M9,2)+SMALL(K9:M9,3))/5 -> 53446536 | P9: =ROUND((O9*C9),0) -> 53446536 | R9: =ROUND((+P9/155)*30,0) -> 10344491 | S9: =ROUND((+R9*3%),0) -> 310335 | T9: =ROUND((+R9+S9),0) -> 10654826 | U9: =ROUNDUP((+T9*12),0) -> 127857912 | W9: =(+U9/360)*30 -> 10654826 | X9: =ROUND((+W9*3%),0) -> 319645 | Y9: =ROUND((+W9+X9),0) -> 10974471 | Z9: =ROUND((+Y9*12),0) -> 131693652
A10: 1.3. | B10: COORDINADOR OPERATIVO | C10: 1 | D10: 54285000 | E10: 52672446 | F10: 70570500 | G10: 48112020 | H10: =57981847*5.2%+57981847 -> 60996903 | J10: =AVERAGE(D10,,E10,F10,G10,H10) -> 47772812 | K10: =MEDIAN(D10,,E10,F10,G10,H10) -> 53478723 | L10: =GEOMEAN(D10,E10,F10,G10,H10) -> 56818476 | M10: =HARMEAN(D10,E10,F10,G10,H10) -> 56334294 | N10: =MIN(K10:M10) -> 53478723 | O10: =+((MIN(K10:M10)*3)+SMALL(K10:M10,2)+SMALL(K10:M10,3))/5 -> 54717788 | P10: =ROUND((O10*C10),0) -> 54717788 | R10: =ROUND((+P10/155)*30,0) -> 10590540 | S10: =ROUND((+R10*3%),0) -> 317716 | T10: =ROUND((+R10+S10),0) -> 10908256 | U10: =ROUNDUP((+T10*12),0) -> 130899072 | W10: =(+U10/360)*30 -> 10908256 | X10: =ROUND((+W10*3%),0) -> 327248 | Y10: =ROUND((+W10+X10),0) -> 11235504 | Z10: =ROUND((+Y10*12),0) -> 134826048
A11: 1.4. | B11: COORDINADOR TÉCNICO | C11: 1 | D11: 37224000 | E11: 52672446 | F11: 70570500 | G11: 48112020 | H11: =57981847*5.2%+57981847 -> 60996903 | J11: =AVERAGE(D11,,E11,F11,G11,H11) -> 44929312 | K11: =MEDIAN(D11,,E11,F11,G11,H11) -> 50392233 | L11: =GEOMEAN(D11,E11,F11,G11,H11) -> 52688789 | M11: =HARMEAN(D11,E11,F11,G11,H11) -> 51440871 | N11: =MIN(K11:M11) -> 50392233 | O11: =+((MIN(K11:M11)*3)+SMALL(K11:M11,2)+SMALL(K11:M11,3))/5 -> 51061272 | P11: =ROUND((O11*C11),0) -> 51061272 | R11: =ROUND((+P11/155)*30,0) -> 9882827 | S11: =ROUND((+R11*3%),0) -> 296485 | T11: =ROUND((+R11+S11),0) -> 10179312 | U11: =ROUNDUP((+T11*12),0) -> 122151744 | W11: =(+U11/360)*30 -> 10179312 | X11: =ROUND((+W11*3%),0) -> 305379 | Y11: =ROUND((+W11+X11),0) -> 10484691 | Z11: =ROUND((+Y11*12),0) -> 125816292
A12: 1.5. | B12: ANALISTA DE SEGURIDAD | C12: 1 | D12: 44462000 | E12: 33860858 | F12: 65142000 | G12: 40093350 | H12: =45456713.5*5.2%+45456713.5 -> 47820463 | J12: =AVERAGE(D12,,E12,F12,G12,H12) -> 38563112 | K12: =MEDIAN(D12,,E12,F12,G12,H12) -> 42277675 | L12: =GEOMEAN(D12,E12,F12,G12,H12) -> 45169661 | M12: =HARMEAN(D12,E12,F12,G12,H12) -> 44158626 | N12: =MIN(K12:M12) -> 42277675 | O12: =+((MIN(K12:M12)*3)+SMALL(K12:M12,2)+SMALL(K12:M12,3))/5 -> 43232262 | P12: =ROUND((O12*C12),0) -> 43232262 | R12: =ROUND((+P12/155)*30,0) -> 8367535 | S12: =ROUND((+R12*3%),0) -> 251026 | T12: =ROUND((+R12+S12),0) -> 8618561 | U12: =ROUNDUP((+T12*12),0) -> 103422732 | W12: =(+U12/360)*30 -> 8618561 | X12: =ROUND((+W12*3%),0) -> 258557 | Y12: =ROUND((+W12+X12),0) -> 8877118 | Z12: =ROUND((+Y12*12),0) -> 106525416
A13: 1.6. | B13: ABOGADO | C13: 0.5 | D13: 22231000 | E13: 20692747 | F13: 37999500 | G13: 12028005 | H13: =38077677*5.2%+38077677 -> 40057716 | J13: =AVERAGE(D13,,E13,F13,G13,H13) -> 22168161 | K13: =MEDIAN(D13,,E13,F13,G13,H13) -> 21461874 | L13: =GEOMEAN(D13,E13,F13,G13,H13) -> 24270960 | M13: =HARMEAN(D13,E13,F13,G13,H13) -> 21956040 | N13: =MIN(K13:M13) -> 21461874 | O13: =+((MIN(K13:M13)*3)+SMALL(K13:M13,2)+SMALL(K13:M13,3))/5 -> 22122524 | P13: =ROUND((O13*C13),0) -> 11061262 | R13: =ROUND((+P13/155)*30,0) -> 2140889 | S13: =ROUND((+R13*3%),0) -> 64227 | T13: =ROUND((+R13+S13),0) -> 2205116 | U13: =ROUNDUP((+T13*12),0) -> 26461392 | W13: =(+U13/360)*30 -> 2205116 | X13: =ROUND((+W13*3%),0) -> 66153 | Y13: =ROUND((+W13+X13),0) -> 2271269 | Z13: =ROUND((+Y13*12),0) -> 27255228
A14: 1.7. | B14: SUPERVISORES OPERATIVOS (13) | C14: 1 | D14: 295724000 | E14: 256004839 | F14: 635134500 | G14: 338788808 | H14: =291617612*5.2%+291617612 -> 3.0678173e+08 | J14: =AVERAGE(D14,,E14,F14,G14,H14) -> 3.0540565e+08 | K14: =MEDIAN(D14,,E14,F14,G14,H14) -> 3.0125286e+08 | L14: =GEOMEAN(D14,E14,F14,G14,H14) -> 3.4653875e+08 | M14: =HARMEAN(D14,E14,F14,G14,H14) -> 3.3170763e+08 | N14: =MIN(K14:M14) -> 3.0125286e+08 | O14: =+((MIN(K14:M14)*3)+SMALL(K14:M14,2)+SMALL(K14:M14,3))/5 -> 3.1640099e+08 | P14: =ROUND((O14*C14),0) -> 316400994 | R14: =ROUND((+P14/155)*30,0) -> 61238902 | S14: =ROUND((+R14*3%),0) -> 1837167 | T14: =ROUND((+R14+S14),0) -> 63076069 | U14: =ROUNDUP((+T14*12),0) -> 756912828 | W14: =(+U14/360)*30 -> 63076069 | X14: =ROUND((+W14*3%),0) -> 1892282 | Y14: =ROUND((+W14+X14),0) -> 64968351 | Z14: =ROUND((+Y14*12),0) -> 779620212
A15: 1.8. | B15: SUPERVISORES TÉCNICOS(13) | C15: 1 | D15: 282282000 | E15: 264114693 | F15: 635134500 | G15: 342437302 | H15: =296377438.5*5.2%+296377438.5 -> 3.1178907e+08 | J15: =AVERAGE(D15,,E15,F15,G15,H15) -> 3.0595959e+08 | K15: =MEDIAN(D15,,E15,F15,G15,H15) -> 2.9703553e+08 | L15: =GEOMEAN(D15,E15,F15,G15,H15) -> 3.473415e+08 | M15: =HARMEAN(D15,E15,F15,G15,H15) -> 3.326503e+08 | N15: =MIN(K15:M15) -> 2.9703553e+08 | O15: =+((MIN(K15:M15)*3)+SMALL(K15:M15,2)+SMALL(K15:M15,3))/5 -> 3.1421968e+08 | P15: =ROUND((O15*C15),0) -> 314219681 | R15: =ROUND((+P15/155)*30,0) -> 60816712 | S15: =ROUND((+R15*3%),0) -> 1824501 | T15: =ROUND((+R15+S15),0) -> 62641213 | U15: =ROUNDUP((+T15*12),0) -> 751694556 | W15: =(+U15/360)*30 -> 62641213 | X15: =ROUND((+W15*3%),0) -> 1879236 | Y15: =ROUND((+W15+X15),0) -> 64520449 | Z15: =ROUND((+Y15*12),0) -> 774245388
A16: 1.9. | B16: ANALISTA DE DATOS | C16: 1 | D16: 10081500 | E16: 26336223 | F16: 24428250 | G16: 14032673 | H16: =19294368.5*5.2%+19294368.5 -> 20297676 | J16: =AVERAGE(D16,,E16,F16,G16,H16) -> 15862720 | K16: =MEDIAN(D16,,E16,F16,G16,H16) -> 17165174 | L16: =GEOMEAN(D16,E16,F16,G16,H16) -> 17918908 | M16: =HARMEAN(D16,E16,F16,G16,H16) -> 16743278 | N16: =MIN(K16:M16) -> 16743278 | O16: =+((MIN(K16:M16)*3)+SMALL(K16:M16,2)+SMALL(K16:M16,3))/5 -> 17062783 | P16: =ROUND((O16*C16),0) -> 17062783 | R16: =ROUND((+P16/155)*30,0) -> 3302474 | S16: =ROUND((+R16*3%),0) -> 99074 | T16: =ROUND((+R16+S16),0) -> 3401548 | U16: =ROUNDUP((+T16*12),0) -> 40818576 | W16: =(+U16/360)*30 -> 3401548 | X16: =ROUND((+W16*3%),0) -> 102046 | Y16: =ROUND((+W16+X16),0) -> 3503594 | Z16: =ROUND((+Y16*12),0) -> 42043128
A17: 2. OTROS COSTOS DIRECTOS ASOCIADOS A LA OPERACIÓN | W17: =(+U17/360)*30 -> 0
A18: 2.1. | B18: Movilización para realización de las visitas a los Colegios Distritales, Sedes Administrativas de la Secretaría de Educación del Distrito -SED y Empresas ejecutoras del contrato de vigilancia ( ANEXO TÉCNICO Numeral 5) | C18: 1 | D18: 140000000 | E18: 82056000 | F18: 125941200 | G18: 31020000 | H18: =108372917*5.2%+108372917 -> 1.1400831e+08 | J18: =AVERAGE(D18,,E18,F18,G18,H18) -> 82170918 | K18: =MEDIAN(D18,,E18,F18,G18,H18) -> 98032154 | L18: =GEOMEAN(D18,E18,F18,G18,H18) -> 87457468 | M18: =HARMEAN(D18,E18,F18,G18,H18) -> 73229573 | N18: =MIN(K18:M18) -> 73229573 | O18: =+((MIN(K18:M18)*3)+SMALL(K18:M18,2)+SMALL(K18:M18,3))/5 -> 81035668 | P18: =ROUND((O18*C18),0) -> 81035668 | R18: =ROUND((+P18/155)*30,0) -> 15684323 | S18: =ROUND((+R18*3%),0) -> 470530 | T18: =ROUND((+R18+S18),0) -> 16154853 | U18: =ROUNDUP((+T18*12),0) -> 193858236 | W18: =(+U18/360)*30 -> 16154853 | X18: =ROUND((+W18*3%),0) -> 484646 | Y18: =ROUND((+W18+X18),0) -> 16639499 | Z18: =ROUND((+Y18*12),0) -> 199673988
A19: 2.2. | B19: Asignar al personal mínimo requerido equipos de comunicación idóneos durante la ejecución el contrato (ver ANEXO TÉCNICO Numerales 8,9,10 y 13.) | C19: 1 | D19: 50000000 | E19: 112248400 | F19: 25850000 | G19: 186120000 | H19: =36109065*5.2%+36109065 -> 37986736 | J19: =AVERAGE(D19,,E19,F19,G19,H19) -> 68700856 | K19: =MEDIAN(D19,,E19,F19,G19,H19) -> 43993368 | L19: =GEOMEAN(D19,E19,F19,G19,H19) -> 63417212 | M19: =HARMEAN(D19,E19,F19,G19,H19) -> 50356834 | N19: =MIN(K19:M19) -> 43993368 | O19: =+((MIN(K19:M19)*3)+SMALL(K19:M19,2)+SMALL(K19:M19,3))/5 -> 49150830 | P19: =ROUND((O19*C19),0) -> 49150830 | R19: =ROUND((+P19/155)*30,0) -> 9513064 | S19: =ROUND((+R19*3%),0) -> 285392 | T19: =ROUND((+R19+S19),0) -> 9798456 | U19: =ROUNDUP((+T19*12),0) -> 117581472 | W19: =(+U19/360)*30 -> 9798456 | X19: =ROUND((+W19*3%),0) -> 293954 | Y19: =ROUND((+W19+X19),0) -> 10092410 | Z19: =ROUND((+Y19*12),0) -> 121108920
A20: 3. GASTOS ADMINISTRATIVOS | W20: =(+U20/360)*30 -> 0
A21: 3 | B21: Gastos Administrativos | C21: 1 | D21: 107070950 | E21: 500000000 | F21: 184819745 | G21: 51700000 | H21: =103281457*5.2%+103281457 -> 1.0865209e+08 | J21: =AVERAGE(D21,,E21,F21,G21,H21) -> 1.5870713e+08 | K21: =MEDIAN(D21,,E21,F21,G21,H21) -> 1.0786152e+08 | L21: =GEOMEAN(D21,E21,F21,G21,H21) -> 1.409236e+08 | M21: =HARMEAN(D21,E21,F21,G21,H21) -> 1.1038423e+08 | N21: =MIN(K21:M21) -> 1.0786152e+08 | O21: =+((MIN(K21:M21)*3)+SMALL(K21:M21,2)+SMALL(K21:M21,3))/5 -> 1.1497848e+08 | P21: =ROUND((O21*C21),0) -> 114978478 | R21: =ROUND((+P21/155)*30,0) -> 22253899 | S21: =ROUND((+R21*3%),0) -> 667617 | T21: =ROUND((+R21+S21),0) -> 22921516 | U21: =ROUNDUP((+T21*12),0) -> 275058192 | W21: =(+U21/360)*30 -> 22921516 | X21: =ROUND((+W21*3%),0) -> 687645 | Y21: =ROUND((+W21+X21),0) -> 23609161 | Z21: =ROUND((+Y21*12),0) -> 283309932
P22: =ROUND((SUM(P8:P21)),0) -> 1181736368 | R22: =SUM(R8:R21) -> 228723168 | S22: =SUM(S7:S21) -> 6861695 | T22: =SUM(T7:T21) -> 235584863 | U22: =SUM(U8:U21) -> 2827018356 | W22: =SUM(W8:W21) -> 235584863 | X22: =SUM(X8:X21) -> 7067545 | Y22: =SUM(Y8:Y21) -> 242652408 | Z22: =SUM(Z8:Z21) -> 2911828896
A24: RESUMEN 2025 | O24: ESTIMACIÓN DEL PRESUPUESTO MEDIANTE METODOLOGÍA PERT 2025 | T24: ESTIMACIÓN DEL PRESUPUESTO MEDIANTE METODOLOGÍA PERT 2026 | Y24: ESTIMACIÓN DEL PRESUPUESTO MEDIANTE METODOLOGÍA PERT 2027 | AA24: ESTIMACIÓN DEL PRESUPUESTO MEDIANTE METODOLOGÍA PERT 2027
A25: SUBTOTAL COSTO DIRECTOS (Sumatoria N°1 y 2) | D25: =SUM(D8:D19) -> 1070709500 | E25: =SUM(E8:E19) -> 1024815132 | F25: =SUM(F8:F19) -> 1848197450 | G25: =SUM(G8:G19) -> 1185033563 | H25: =SUM(H8:H19) -> 1.1344885e+09 | P25: =SUM(P8:P19) -> 1066757890 | U25: =+U8+U9+U10+U11+U12+U13+U14+U15+U16+U18+U19 -> 2551960164 | Z25: =+Z8+Z9+Z10+Z11+Z12+Z13+Z14+Z15+Z16+Z18+Z19 -> 2628518964 | AA25: =+P29+U29+Z29 -> 8235494509
A26: GASTOS ADMINISTRATIVOS (N° 3) | D26: =+D21 -> 107070950 | E26: =+E21 -> 500000000 | F26: =+F21 -> 184819745 | G26: =+G21 -> 51700000 | H26: =+H21 -> 1.0865209e+08 | P26: =+P21 -> 114978478 | U26: =+U21 -> 275058192 | Z26: =+Z21 -> 283309932
A27: SUBTOTAL COTIZACIÓN | D27: =SUM(D25:D26) -> 1177780450 | E27: =SUM(E25:E26) -> 1524815132 | F27: =SUM(F25:F26) -> 2033017195 | G27: =SUM(G25:G26) -> 1236733563 | H27: =SUM(H25:H26) -> 1.2431406e+09 | P27: =SUM(P25:P26) -> 1181736368 | U27: =SUM(U25:U26) -> 2827018356 | Z27: =SUM(Z25:Z26) -> 2911828896
A28: IVA | D28: =ROUNDUP((+D27*19%),0) -> 223778286 | E28: =ROUNDUP((+E27*19%),0) -> 289714876 | F28: =ROUNDUP((+F27*19%),0) -> 386273268 | G28: =ROUNDUP((+G27*19%),0) -> 234979377 | H28: =ROUNDUP((+H27*19%),0) -> 236196707 | P28: =ROUNDUP((+P27*19%),0) -> 224529910 | U28: =ROUNDUP((+U27*19%),0) -> 537133488 | Z28: =ROUNDUP((+Z27*19%),0) -> 553247491
A29: TOTAL COTIZACIÓN | D29: =+D27+D28 -> 1401558736 | E29: =+E27+E28 -> 1814530008 | F29: =+F27+F28 -> 2419290463 | G29: =+G27+G28 -> 1471712940 | H29: =+H27+H28 -> 1.4793373e+09 | K29: 5 dias | L29: =+N31/35*5 -> 38882939 | M29: 5 meses 5 dias | N29: 2025 | O29: =+O27+O28 -> 0 | P29: =+P27+P28 -> 1406266278 | U29: =SUM(U27:U28) -> 3364151844 | Z29: =SUM(Z27:Z28) -> 3465076387
K31: 5 meses | L31: =(+N31/35)*30 -> 2.3329763e+08 | M31: vr. Mes 2025 | N31: =+P29/155*30 -> 2.7218057e+08 | O31: vr. 5 meses 5 dias2025 | P31: =ROUND((+N31/30*155),0) -> 1406266278 | R31: 1386161735 | S31: VF APROBADAS
M32: incremento 3% | N32: =ROUND((+N31*3%),0) -> 8165417 | R32: =+R31-P31 -> -20104543 | S32: DIFERENCIA
M33: vr. Mes 2026 | N33: =+U29/12 -> 280345987 | O33: vr. 12 meses | P33: =+U29 -> 3364151844 | R33: 3316056552 | S33: VF APROBADAS
M34: incremento 3% | N34: =ROUND((+N33*3%),0) -> 8410380 | R34: =+R33-P33 -> -48095292 | S34: DIFERENCIA
M35: vr. Mes 2027 | N35: =+Z29 -> 3465076387 | O35: vr. 12 meses | P35: =+Z29 -> 3465076387 | R35: 3415538196 | S35: VF APROBADAS
R36: =+R35-P35 -> -49538191 | S36: DIFERENCIA
M37: VALOR TOTAL CONTRATO DESDE 25/07/2025 HASTA 31/12/2027 | P37: =+P31+P33+P35 -> 8235494509 | R37: =+R31+R33+R35 -> 8117756483 | S37: VF APROBADAS
R38: =+R37-P37 -> -117738026 | S38: DIFERENCIA
N44: 2024
M45: 5 meses 14 dias | N45: vr. 14 dias | O45: vr. Mes | P45: valor cto
M46: actual | N46: =(+P46/164)*14 -> 1.1541073e+08 | O46: =+P46/164*30 -> 2.4730871e+08 | P46: 1.3519543e+09

Sheet 3 (3)
Q3: =5/30 -> 0.16666667 | R3: =Q3+5 -> 5.1666667 | S3: =R3*30 -> 155 | T3: DÍAS
A4: DOCUMENTO DE VALIDACIÓN DE PRECIOS DE REFERENCIA | J4: VALORES TOTALES
A5: CONSOLIDADO DE COTIZACIONES | D5: 1. JFS CONSULTORES SAS 25/04/2025 | E5: 3. VCO S.A.S 25/04/2025 | F5: 5. OLI CONSULTING 24/04/2025 | G5: 6. No. SED-CM-A-DSA-063-2024 ALIANZA INTEGRAL DE PROYECTOS SAS + INDEXACIÓN 5,20% 2024 | I5: PROMEDIO | J5: MEDIANA | K5: MEDIA GEOMETRICA | L5: MEDIA ARMONICA | N5: ESTIMACIÓN DEL PRESUPUESTO MEDIANTE METODOLOGÍA PERT 2025 5 meses 5 dias | Q5: ESTIMACIÓN DEL PRESUPUESTO MEDIANTE METODOLOGÍA PERT 2026 (12 meses) | V5: ESTIMACIÓN DEL PRESUPUESTO MEDIANTE METODOLOGÍA PERT 2027 (12 meses)
A6: N° | B6: Descripción Personal Requerido (Ver Anexo Técnico Numeral 13 y 14) | C6: Personal Requerido | D6: VALOR total | E6: VALOR total | F6: VALOR total | G6: VALOR Total | I6: VALOR TOTAL INCUIDO IVA | J6: VALOR TOTAL INCUIDO IVA | K6: VALOR TOTAL INCUIDO IVA | L6: VALOR TOTAL INCUIDO IVA | M6: MENOR | N6: VALOR UNITARIO INCUIDO IVA | O6: VALOR TOTAL INCUIDO IVA | Q6: vr. Mes | R6: incremento 3% | S6: Vr. Mes con incremento | T6: VALOR TOTAL INCUIDO IVA * 12 meses | V6: vr. Mes | W6: incremento 3% | X6: Vr. Mes con incremento | Y6: VALOR TOTAL INCUIDO IVA * 12 meses
A7: 1. COSTOS DIRECTOS DE RECURSO HUMANO MÍNIMO REQUERIDO
A8: 1.1. | B8: DIRECTOR DE INTERVENTORIA | C8: 1 | D8: 89958000 | E8: 67721716 | F8: 76177365 | G8: =67891554.5*5.2%+67891554.5 -> 71421915 | I8: =AVERAGE(D8,E8,F8,G8) -> 76319749 | J8: =MEDIAN(D8,E8,F8,G8) -> 73799640 | K8: =GEOMEAN(D8,E8,F8,G8) -> 75876326 | L8: =HARMEAN(D8,E8,F8,G8) -> 75455789 | M8: =MIN(J8:L8) -> 73799640 | N8: =+((MIN(J8:L8)*3)+SMALL(J8:L8,2)+SMALL(J8:L8,3))/5 -> 74546207 | O8: =ROUND((N8*C8),0) -> 74546207 | Q8: =ROUND((+O8/155)*30,0) -> 14428298 | R8: =ROUND((+Q8*3%),0) -> 432849 | S8: =ROUND((+Q8+R8),0) -> 14861147 | T8: =ROUNDUP((+S8*12),0) -> 178333764 | V8: =(+T8/360)*30 -> 14861147 | W8: =ROUND((+V8*3%),0) -> 445834 | X8: =ROUND((+V8+W8),0) -> 15306981 | Y8: =ROUND((+X8*12),0) -> 183683772
A9: 1.2. | B9: COORDINADOR ADMINISTRATIVO Y FINANCIERO | C9: 1 | D9: 44462000 | E9: 56434764 | F9: 48112020 | G9: =59250053.5*5.2%+59250053.5 -> 62331056 | I9: =AVERAGE(D9,E9,F9,G9) -> 52834960 | J9: =MEDIAN(D9,E9,F9,G9) -> 52273392 | K9: =GEOMEAN(D9,E9,F9,G9) -> 52374929 | L9: =HARMEAN(D9,E9,F9,G9) -> 51921832 | M9: =MIN(J9:L9) -> 51921832 | N9: =+((MIN(J9:L9)*3)+SMALL(J9:L9,2)+SMALL(J9:L9,3))/5 -> 52082763 | O9: =ROUND((N9*C9),0) -> 52082763 | Q9: =ROUND((+O9/155)*30,0) -> 10080535 | R9: =ROUND((+Q9*3%),0) -> 302416 | S9: =ROUND((+Q9+R9),0) -> 10382951 | T9: =ROUNDUP((+S9*12),0) -> 124595412 | V9: =(+T9/360)*30 -> 10382951 | W9: =ROUND((+V9*3%),0) -> 311489 | X9: =ROUND((+V9+W9),0) -> 10694440 | Y9: =ROUND((+X9*12),0) -> 128333280
A10: 1.3. | B10: COORDINADOR OPERATIVO | C10: 1 | D10: 54285000 | E10: 52672446 | F10: 48112020 | G10: =57981847*5.2%+57981847 -> 60996903 | I10: =AVERAGE(D10,E10,F10,G10) -> 54016592 | J10: =MEDIAN(D10,E10,F10,G10) -> 53478723 | K10: =GEOMEAN(D10,E10,F10,G10) -> 53821547 | L10: =HARMEAN(D10,E10,F10,G10) -> 53629615 | M10: =MIN(J10:L10) -> 53478723 | N10: =+((MIN(J10:L10)*3)+SMALL(J10:L10,2)+SMALL(J10:L10,3))/5 -> 53577466 | O10: =ROUND((N10*C10),0) -> 53577466 | Q10: =ROUND((+O10/155)*30,0) -> 10369832 | R10: =ROUND((+Q10*3%),0) -> 311095 | S10: =ROUND((+Q10+R10),0) -> 10680927 | T10: =ROUNDUP((+S10*12),0) -> 128171124 | V10: =(+T10/360)*30 -> 10680927 | W10: =ROUND((+V10*3%),0) -> 320428 | X10: =ROUND((+V10+W10),0) -> 11001355 | Y10: =ROUND((+X10*12),0) -> 132016260
A11: 1.4. | B11: COORDINADOR TÉCNICO | C11: 1 | D11: 37224000 | E11: 52672446 | F11: 48112020 | G11: =57981847*5.2%+57981847 -> 60996903 | I11: =AVERAGE(D11,E11,F11,G11) -> 49751342 | J11: =MEDIAN(D11,E11,F11,G11) -> 50392233 | K11: =GEOMEAN(D11,E11,F11,G11) -> 48976977 | L11: =HARMEAN(D11,E11,F11,G11) -> 48176084 | M11: =MIN(J11:L11) -> 48176084 | N11: =+((MIN(J11:L11)*3)+SMALL(J11:L11,2)+SMALL(J11:L11,3))/5 -> 48779493 | O11: =ROUND((N11*C11),0) -> 48779493 | Q11: =ROUND((+O11/155)*30,0) -> 9441192 | R11: =ROUND((+Q11*3%),0) -> 283236 | S11: =ROUND((+Q11+R11),0) -> 9724428 | T11: =ROUNDUP((+S11*12),0) -> 116693136 | V11: =(+T11/360)*30 -> 9724428 | W11: =ROUND((+V11*3%),0) -> 291733 | X11: =ROUND((+V11+W11),0) -> 10016161 | Y11: =ROUND((+X11*12),0) -> 120193932
A12: 1.5. | B12: ANALISTA DE SEGURIDAD | C12: 1 | D12: 44462000 | E12: 33860858 | F12: 40093350 | G12: =45456713.5*5.2%+45456713.5 -> 47820463 | I12: =AVERAGE(D12,E12,F12,G12) -> 41559168 | J12: =MEDIAN(D12,E12,F12,G12) -> 42277675 | K12: =GEOMEAN(D12,E12,F12,G12) -> 41218603 | L12: =HARMEAN(D12,E12,F12,G12) -> 40867585 | M12: =MIN(J12:L12) -> 40867585 | N12: =+((MIN(J12:L12)*3)+SMALL(J12:L12,2)+SMALL(J12:L12,3))/5 -> 41219807 | O12: =ROUND((N12*C12),0) -> 41219807 | Q12: =ROUND((+O12/155)*30,0) -> 7978027 | R12: =ROUND((+Q12*3%),0) -> 239341 | S12: =ROUND((+Q12+R12),0) -> 8217368 | T12: =ROUNDUP((+S12*12),0) -> 98608416 | V12: =(+T12/360)*30 -> 8217368 | W12: =ROUND((+V12*3%),0) -> 246521 | X12: =ROUND((+V12+W12),0) -> 8463889 | Y12: =ROUND((+X12*12),0) -> 101566668
A13: 1.6. | B13: ABOGADO | C13: 0.5 | D13: 22231000 | E13: 20692747 | F13: 12028005 | G13: =38077677*5.2%+38077677 -> 40057716 | I13: =AVERAGE(D13,E13,F13,G13) -> 23752367 | J13: =MEDIAN(D13,E13,F13,G13) -> 21461874 | K13: =GEOMEAN(D13,E13,F13,G13) -> 21697727 | L13: =HARMEAN(D13,E13,F13,G13) -> 19859826 | M13: =MIN(J13:L13) -> 19859826 | N13: =+((MIN(J13:L13)*3)+SMALL(J13:L13,2)+SMALL(J13:L13,3))/5 -> 20547816 | O13: =ROUND((N13*C13),0) -> 10273908 | Q13: =ROUND((+O13/155)*30,0) -> 1988498 | R13: =ROUND((+Q13*3%),0) -> 59655 | S13: =ROUND((+Q13+R13),0) -> 2048153 | T13: =ROUNDUP((+S13*12),0) -> 24577836 | V13: =(+T13/360)*30 -> 2048153 | W13: =ROUND((+V13*3%),0) -> 61445 | X13: =ROUND((+V13+W13),0) -> 2109598 | Y13: =ROUND((+X13*12),0) -> 25315176
A14: 1.7. | B14: SUPERVISORES OPERATIVOS (13) | C14: 1 | D14: 295724000 | E14: 256004839 | F14: 338788808 | G14: =291617612*5.2%+291617612 -> 3.0678173e+08 | I14: =AVERAGE(D14,E14,F14,G14) -> 2.9932484e+08 | J14: =MEDIAN(D14,E14,F14,G14) -> 3.0125286e+08 | K14: =GEOMEAN(D14,E14,F14,G14) -> 2.9783335e+08 | L14: =HARMEAN(D14,E14,F14,G14) -> 2.9631725e+08 | M14: =MIN(J14:L14) -> 2.9631725e+08 | N14: =+((MIN(J14:L14)*3)+SMALL(J14:L14,2)+SMALL(J14:L14,3))/5 -> 2.9760759e+08 | O14: =ROUND((N14*C14),0) -> 297607590 | Q14: =ROUND((+O14/155)*30,0) -> 57601469 | R14: =ROUND((+Q14*3%),0) -> 1728044 | S14: =ROUND((+Q14+R14),0) -> 59329513 | T14: =ROUNDUP((+S14*12),0) -> 711954156 | V14: =(+T14/360)*30 -> 59329513 | W14: =ROUND((+V14*3%),0) -> 1779885 | X14: =ROUND((+V14+W14),0) -> 61109398 | Y14: =ROUND((+X14*12),0) -> 733312776
A15: 1.8. | B15: SUPERVISORES TÉCNICOS(13) | C15: 1 | D15: 282282000 | E15: 264114693 | F15: 342437302 | G15: =296377438.5*5.2%+296377438.5 -> 3.1178907e+08 | I15: =AVERAGE(D15,E15,F15,G15) -> 3.0015577e+08 | J15: =MEDIAN(D15,E15,F15,G15) -> 2.9703553e+08 | K15: =GEOMEAN(D15,E15,F15,G15) -> 2.9869601e+08 | L15: =HARMEAN(D15,E15,F15,G15) -> 2.9725787e+08 | M15: =MIN(J15:L15) -> 2.9703553e+08 | N15: =+((MIN(J15:L15)*3)+SMALL(J15:L15,2)+SMALL(J15:L15,3))/5 -> 2.974121e+08 | O15: =ROUND((N15*C15),0) -> 297412097 | Q15: =ROUND((+O15/155)*30,0) -> 57563632 | R15: =ROUND((+Q15*3%),0) -> 1726909 | S15: =ROUND((+Q15+R15),0) -> 59290541 | T15: =ROUNDUP((+S15*12),0) -> 711486492 | V15: =(+T15/360)*30 -> 59290541 | W15: =ROUND((+V15*3%),0) -> 1778716 | X15: =ROUND((+V15+W15),0) -> 61069257 | Y15: =ROUND((+X15*12),0) -> 732831084
A16: 1.9. | B16: ANALISTA DE DATOS | C16: 1 | D16: 10081500 | E16: 26336223 | F16: 14032673 | G16: =19294368.5*5.2%+19294368.5 -> 20297676 | I16: =AVERAGE(D16,E16,F16,G16) -> 17687018 | J16: =MEDIAN(D16,E16,F16,G16) -> 17165174 | K16: =GEOMEAN(D16,E16,F16,G16) -> 16583124 | L16: =HARMEAN(D16,E16,F16,G16) -> 15522461 | M16: =MIN(J16:L16) -> 15522461 | N16: =+((MIN(J16:L16)*3)+SMALL(J16:L16,2)+SMALL(J16:L16,3))/5 -> 16063136 | O16: =ROUND((N16*C16),0) -> 16063136 | Q16: =ROUND((+O16/155)*30,0) -> 3108994 | R16: =ROUND((+Q16*3%),0) -> 93270 | S16: =ROUND((+Q16+R16),0) -> 3202264 | T16: =ROUNDUP((+S16*12),0) -> 38427168 | V16: =(+T16/360)*30 -> 3202264 | W16: =ROUND((+V16*3%),0) -> 96068 | X16: =ROUND((+V16+W16),0) -> 3298332 | Y16: =ROUND((+X16*12),0) -> 39579984
A17: 2. OTROS COSTOS DIRECTOS ASOCIADOS A LA OPERACIÓN | V17: =(+T17/360)*30 -> 0
A18: 2.1. | B18: Movilización para realización de las visitas a los Colegios Distritales, Sedes Administrativas de la Secretaría de Educación del Distrito -SED y Empresas ejecutoras del contrato de vigilancia ( ANEXO TÉCNICO Numeral 5) | C18: 1 | D18: 140000000 | E18: 82056000 | F18: 31020000 | G18: =108372917*5.2%+108372917 -> 1.1400831e+08 | I18: =AVERAGE(D18,E18,F18,G18) -> 91771077 | J18: =MEDIAN(D18,E18,F18,G18) -> 98032154 | K18: =GEOMEAN(D18,E18,F18,G18) -> 79836993 | L18: =HARMEAN(D18,E18,F18,G18) -> 66292981 | M18: =MIN(J18:L18) -> 66292981 | N18: =+((MIN(J18:L18)*3)+SMALL(J18:L18,2)+SMALL(J18:L18,3))/5 -> 75349618 | O18: =ROUND((N18*C18),0) -> 75349618 | Q18: =ROUND((+O18/155)*30,0) -> 14583797 | R18: =ROUND((+Q18*3%),0) -> 437514 | S18: =ROUND((+Q18+R18),0) -> 15021311 | T18: =ROUNDUP((+S18*12),0) -> 180255732 | V18: =(+T18/360)*30 -> 15021311 | W18: =ROUND((+V18*3%),0) -> 450639 | X18: =ROUND((+V18+W18),0) -> 15471950 | Y18: =ROUND((+X18*12),0) -> 185663400
A19: 2.2. | B19: Asignar al personal mínimo requerido equipos de comunicación idóneos durante la ejecución el contrato (ver ANEXO TÉCNICO Numerales 8,9,10 y 13.) | C19: 1 | D19: 50000000 | E19: 112248400 | F19: 186120000 | G19: =36109065*5.2%+36109065 -> 37986736 | I19: =AVERAGE(D19,E19,F19,G19) -> 96588784 | J19: =MEDIAN(D19,E19,F19,G19) -> 81124200 | K19: =GEOMEAN(D19,E19,F19,G19) -> 79367700 | L19: =HARMEAN(D19,E19,F19,G19) -> 65999338 | M19: =MIN(J19:L19) -> 65999338 | N19: =+((MIN(J19:L19)*3)+SMALL(J19:L19,2)+SMALL(J19:L19,3))/5 -> 71697983 | O19: =ROUND((N19*C19),0) -> 71697983 | Q19: =ROUND((+O19/155)*30,0) -> 13877029 | R19: =ROUND((+Q19*3%),0) -> 416311 | S19: =ROUND((+Q19+R19),0) -> 14293340 | T19: =ROUNDUP((+S19*12),0) -> 171520080 | V19: =(+T19/360)*30 -> 14293340 | W19: =ROUND((+V19*3%),0) -> 428800 | X19: =ROUND((+V19+W19),0) -> 14722140 | Y19: =ROUND((+X19*12),0) -> 176665680
A20: 3. GASTOS ADMINISTRATIVOS | V20: =(+T20/360)*30 -> 0
A21: 3 | B21: Gastos Administrativos | C21: 1 | D21: 107070950 | E21: 500000000 | F21: 51700000 | G21: =103281457*5.2%+103281457 -> 1.0865209e+08 | I21: =AVERAGE(D21,E21,F21,G21) -> 1.9185576e+08 | J21: =MEDIAN(D21,E21,F21,G21) -> 1.0786152e+08 | K21: =GEOMEAN(D21,E21,F21,G21) -> 1.316869e+08 | L21: =HARMEAN(D21,E21,F21,G21) -> 1.002867e+08 | M21: =MIN(J21:L21) -> 1.002867e+08 | N21: =+((MIN(J21:L21)*3)+SMALL(J21:L21,2)+SMALL(J21:L21,3))/5 -> 1.080817e+08 | O21: =ROUND((N21*C21),0) -> 108081702 | Q21: =ROUND((+O21/155)*30,0) -> 20919039 | R21: =ROUND((+Q21*3%),0) -> 627571 | S21: =ROUND((+Q21+R21),0) -> 21546610 | T21: =ROUNDUP((+S21*12),0) -> 258559320 | V21: =(+T21/360)*30 -> 21546610 | W21: =ROUND((+V21*3%),0) -> 646398 | X21: =ROUND((+V21+W21),0) -> 22193008 | Y21: =ROUND((+X21*12),0) -> 266316096
O22: =ROUND((SUM(O8:O21)),0) -> 1146691770 | Q22: =SUM(Q8:Q21) -> 221940342 | R22: =SUM(R7:R21) -> 6658211 | S22: =SUM(S7:S21) -> 228598553 | T22: =SUM(T8:T21) -> 2743182636 | V22: =SUM(V8:V21) -> 228598553 | W22: =SUM(W8:W21) -> 6857956 | X22: =SUM(X8:X21) -> 235456509 | Y22: =SUM(Y8:Y21) -> 2825478108
A24: RESUMEN 2025 | N24: ESTIMACIÓN DEL PRESUPUESTO MEDIANTE METODOLOGÍA PERT 2025 | S24: ESTIMACIÓN DEL PRESUPUESTO MEDIANTE METODOLOGÍA PERT 2026 | X24: ESTIMACIÓN DEL PRESUPUESTO MEDIANTE METODOLOGÍA PERT 2027 | Z24: ESTIMACIÓN DEL PRESUPUESTO MEDIANTE METODOLOGÍA PERT 2027
A25: SUBTOTAL COSTO DIRECTOS (Sumatoria N°1 y 2) | D25: =SUM(D8:D19) -> 1070709500 | E25: =SUM(E8:E19) -> 1024815132 | F25: =SUM(F8:F19) -> 1185033563 | G25: =SUM(G8:G19) -> 1.1344885e+09 | O25: =SUM(O8:O19) -> 1038610068 | T25: =+T8+T9+T10+T11+T12+T13+T14+T15+T16+T18+T19 -> 2484623316 | Y25: =+Y8+Y9+Y10+Y11+Y12+Y13+Y14+Y15+Y16+Y18+Y19 -> 2559162012 | Z25: =+O29+T29+Y29 -> 7991269493
A26: GASTOS ADMINISTRATIVOS (N° 3) | D26: =+D21 -> 107070950 | E26: =+E21 -> 500000000 | F26: =+F21 -> 51700000 | G26: =+G21 -> 1.0865209e+08 | O26: =+O21 -> 108081702 | T26: =+T21 -> 258559320 | Y26: =+Y21 -> 266316096
A27: SUBTOTAL COTIZACIÓN | D27: =SUM(D25:D26) -> 1177780450 | E27: =SUM(E25:E26) -> 1524815132 | F27: =SUM(F25:F26) -> 1236733563 | G27: =SUM(G25:G26) -> 1.2431406e+09 | O27: =SUM(O25:O26) -> 1146691770 | T27: =SUM(T25:T26) -> 2743182636 | Y27: =SUM(Y25:Y26) -> 2825478108
A28: IVA | D28: =ROUNDUP((+D27*19%),0) -> 223778286 | E28: =ROUNDUP((+E27*19%),0) -> 289714876 | F28: =ROUNDUP((+F27*19%),0) -> 234979377 | G28: =ROUNDUP((+G27*19%),0) -> 236196707 | O28: =ROUNDUP((+O27*19%),0) -> 217871437 | T28: =ROUNDUP((+T27*19%),0) -> 521204701 | Y28: =ROUNDUP((+Y27*19%),0) -> 536840841
A29: TOTAL COTIZACIÓN | D29: =+D27+D28 -> 1401558736 | E29: =+E27+E28 -> 1814530008 | F29: =+F27+F28 -> 1471712940 | G29: =+G27+G28 -> 1.4793373e+09 | J29: 5 dias | K29: =+M31/35*5 -> 37729858 | L29: 5 meses 5 dias | M29: 2025 | N29: =+N27+N28 -> 0 | O29: =+O27+O28 -> 1364563207 | T29: =SUM(T27:T28) -> 3264387337 | Y29: =SUM(Y27:Y28) -> 3362318949
J31: 5 meses | K31: =(+M31/35)*30 -> 2.2637915e+08 | L31: vr. Mes 2025 | M31: =+O29/155*30 -> 2.6410901e+08 | N31: vr. 5 meses 5 dias2025 | O31: =ROUND((+M31/30*155),0) -> 1364563207 | Q31: 1386161735 | R31: VF APROBADAS
L32: incremento 3% | M32: =ROUND((+M31*3%),0) -> 7923270 | Q32: =+Q31-O31 -> 21598528 | R32: DIFERENCIA
L33: vr. Mes 2026 | M33: =+T29/12 -> 2.7203228e+08 | N33: vr. 12 meses | O33: =+T29 -> 3264387337 | Q33: 3316056552 | R33: VF APROBADAS
L34: incremento 3% | M34: =ROUND((+M33*3%),0) -> 8160968 | Q34: =+Q33-O33 -> 51669215 | R34: DIFERENCIA
L35: vr. Mes 2027 | M35: =+Y29 -> 3362318949 | N35: vr. 12 meses | O35: =+Y29 -> 3362318949 | Q35: 3415538196 | R35: VF APROBADAS
Q36: =+Q35-O35 -> 53219247 | R36: DIFERENCIA
L37: VALOR TOTAL CONTRATO DESDE 25/07/2025 HASTA 31/12/2027 | O37: =+O31+O33+O35 -> 7991269493 | Q37: =+Q31+Q33+Q35 -> 8117756483 | R37: VF APROBADAS
Q38: =+Q37-O37 -> 126486990 | R38: DIFERENCIA
M44: 2024
L45: 5 meses 14 dias | M45: vr. 14 dias | N45: vr. Mes | O45: valor cto
L46: actual | M46: =(+O46/164)*14 -> 1.1541073e+08 | N46: =+O46/164*30 -> 2.4730871e+08 | O46: 1.3519543e+09
